Workbook
Name Decision: #REF!
Name Valoracion: #REF!
Name VALORACIÓN: #REF!

Sheet ITEMS
C3: FORMULARIO 1
C4: LISTADO DE ÍTEMS Y PRECIOS UNITARIOS OFICIALES
C6: IDU-SAMC-DTAF-003-2026
C7: PRESTAR EL SERVICIO DE MANTENIMIENTO PREVENTIVO Y CORRECTIVO, INCLUIDAS AUTOPARTES Y MANO DE OBRA, PARA EL PARQUE AUTOMOTOR DEL INSTITUTO DE DESARROLLO URBANO.
D11: VALOR OFICIAL
C12: ÍTEM | E12: ELEMENTOS Y/O SERVICIO | F12: MEDIDA DE UNIDAD | G12: CANTIDAD | H12: SUZUKI GRAND VITARA (2009) | I12: SUZUKI GRAND VITARA SUZUKI (2017) | J12: TOYOTA FORTUNER (2018) | K12: CAMION FORD F350 (1994) | L12: VAN RENAULT MASTER (2018) | M12: FORD ESCAPE HIBRIDA (2024)
H13: TRANSMISION: MECANICA TRACCION: 4X4 COMBUSTIBLE: GASOLINA | I13: TRANSMISION: MECANICA TRACCION: 4X4 COMBUSTIBLE: GASOLINA | J13: TRANSMISION: AUTOMATICA TRACCION: 4X2 COMBUSTIBLE: GASOLINA | K13: TRANSMISION: MECANICA TRACCION: 4X2 COMBUSTIBLE: GASOLINA | L13: TRANSMISION: MECANICA TRACCION: 4X2 COMBUSTIBLE: DIESEL | M13: TRANSMISION: AUTOMATICA TRACCION: 4X2 COMBUSTIBLE: GASOLINA
H14: CANTIDAD DE VEHICULOS: 20 | I14: CANTIDAD DE VEHICULOS: 15 | J14: CANTIDAD DE VEHICULOS: 1 | K14: CANTIDAD DE VEHICULOS: 1 | L14: CANTIDAD DE VEHICULOS: 1 | M14: CANTIDAD DE VEHICULOS: 6
H15: VALOR SIN IVA | I15: VALOR SIN IVA | J15: VALOR SIN IVA | K15: VALOR SIN IVA | L15: VALOR SIN IVA | M15: VALOR SIN IVA
C16: 1 | D16: MANO DE OBRA | E16: ABRAZADERA BARRA ESTABILIZADORA | F16: SERVICIO | G16: 1 | H16: 26250 | I16: 26250 | J16: 26250 | K16: 26250 | L16: 26250 | M16: 26250
C17: 2 | D17: REPUESTOS | E17: ABRAZADERA BARRA ESTABILIZADORA | F17: UNIDAD | G17: 1 | H17: 27225 | I17: 31639 | J17: 32050 | K17: 32050 | L17: 32050 | M17: 32050
C18: 3 | D18: MANO DE OBRA | E18: ABRAZADERAS RADIADOR | F18: SERVICIO | G18: 1 | H18: 24967 | I18: 24967 | J18: 26250 | K18: 26250 | L18: 26250 | M18: 26250
C19: 4 | D19: REPUESTOS | E19: ABRAZADERAS RADIADOR | F19: UNIDAD | G19: 1 | H19: 32050 | I19: 32050 | J19: 32050 | K19: 32050 | L19: 32050 | M19: 32050
C20: 5 | D20: MANO DE OBRA | E20: ACEITE COMPRESOR | F20: SERVICIO | G20: 1 | H20: 183750 | I20: 183750 | J20: 183750 | K20: 183750 | L20: 183750 | M20: 183750
C21: 6 | D21: REPUESTOS | E21: ACEITE COMPRESOR | F21: CUARTO | G21: 1 | H21: 110250 | I21: 110250 | J21: 95985 | K21: 110250 | L21: 110250 | M21: 110250
C22: 7 | D22: MANO DE OBRA | E22: ACEITE HIDRAULICO | F22: SERVICIO | G22: 1 | H22: 46100 | I22: 46100 | J22: 46750 | K22: 46750 | L22: 46750 | M22: 46750
C23: 8 | D23: REPUESTOS | E23: ACEITE HIDRAULICO | F23: CUARTO | G23: 1 | H23: 27411 | I23: 27411 | J23: 29400 | K23: 29400 | L23: 29400 | M23: 29400
C24: 9 | D24: MANO DE OBRA | E24: ACEITE MOTOR | F24: SERVICIO | G24: 1 | H24: 24967 | I24: 24967 | J24: 26250 | K24: 26250 | L24: 26250 | M24: 26250
C25: 10 | D25: REPUESTOS | E25: ACEITE MOTOR (EXCENTO IVA) | F25: CUARTO | G25: 1 | H25: 42103 | I25: 42103 | J25: 68250 | K25: 46750 | L25: 68250 | M25: 53533
C26: 11 | D26: MANO DE OBRA | E26: ACEITE MOTOR SINTETICO | F26: SERVICIO | G26: 1 | H26: 24967 | I26: 24967 | J26: 26250 | K26: 26250 | L26: 26250 | M26: 26250
C27: 12 | D27: REPUESTOS | E27: ACEITE MOTOR SINTETICO (EXCENTO IVA) | F27: CUARTO | G27: 1 | H27: 53495 | I27: 53495 | J27: 76709 | K27: 43018 | L27: 43414 | M27: 53533
... C892: 877 | D892: MANO DE OBRA | E892: Pintura por metro cuadrado ( Si la pieza mide mas o menos, se cobra proporcional al area trabajada) | F892: SERVICIO | G892: 1 | H892: 157500 | I892: 157500 | J892: 157500 | K892: 157500 | L892: 157500 | M892: 157500
C893: 878 | D893: REPUESTOS | E893: Pintura por metro cuadrado ( Si la pieza mide mas o menos, se cobra proporcional al area trabajada) | F893: 1 | G893: 1 | H893: 105000 | I893: 105000 | J893: 105000 | K893: 105000 | L893: 105000 | M893: 105000
C894: 879 | D894: MANO DE OBRA | E894: PISTON FRENO | F894: SERVICIO | G894: 1 | H894: 197168 | I894: 197168 | J894: 183750 | K894: 183750 | L894: 183750 | M894: 183750
C895: 880 | D895: REPUESTOS | E895: PISTON FRENO | F895: JUEGO | G895: 1 | H895: 684600 | I895: 684600 | J895: 496889 | K895: 472500 | L895: 367500 | M895: 367500
C896: 881 | D896: MANO DE OBRA | E896: PITO | F896: SERVICIO | G896: 1 | H896: 106067 | I896: 106067 | J896: 91900 | K896: 91900 | L896: 91900 | M896: 91900
C897: 882 | D897: REPUESTOS | E897: PITO | F897: UNIDAD | G897: 1 | H897: 367500 | I897: 422100 | J897: 167159 | K897: 210000 | L897: 189000 | M897: 304500
C898: 883 | D898: MANO DE OBRA | E898: PLACA PORTA DIODOS | F898: SERVICIO | G898: 1 | H898: 182234 | I898: 182234 | J898: 183750 | K898: 183750 | L898: 183750 | M898: 183750
C899: 884 | D899: REPUESTOS | E899: PLACA PORTA DIODOS | F899: UNIDAD | G899: 1 | H899: 196344 | I899: 222861 | J899: 385350 | K899: 336000 | L899: 367500 | M899: 189000
C900: 885 | D900: MANO DE OBRA | E900: PLANETARIOS | F900: SERVICIO | G900: 1 | H900: 669203 | I900: 669203 | J900: 735000 | K900: 735000 | L900: 735000 | M900: 735000
C901: 886 | D901: REPUESTOS | E901: PLANETARIOS | F901: UNIDAD | G901: 1 | H901: 637124 | I901: 696745 | J901: 1619276 | K901: 1365000 | L901: 1417500 | M901: 0
C902: 887 | D902: MANO DE OBRA | E902: PLUMILLA LIMPIA BRISA TRASERA | F902: SERVICIO | G902: 1 | H902: 26250 | I902: 26250 | J902: 26250 | K902: 26250 | L902: 26250 | M902: 26250
C903: 888 | D903: REPUESTOS | E903: PLUMILLA LIMPIA BRISA TRASERA | F903: UNIDAD | G903: 1 | H903: 268800 | I903: 268800 | J903: 68250 | K903: 47250 | L903: 84000 | M903: 94500
C904: 889 | D904: MANO DE OBRA | E904: PLUMILLAS | F904: SERVICIO | G904: 1 | H904: 24967 | I904: 24967 | J904: 26250 | K904: 26250 | L904: 26250 | M904: 26250
C905: 890 | D905: REPUESTOS | E905: PLUMILLAS | F905: JUEGO | G905: 1 | H905: 126000 | I905: 126000 | J905: 136500 | K905: 96029 | L905: 83428 | M905: 94500
... C914: 899 | D914: MANO DE OBRA | E914: Polichada por metro cuadrado ( Si la pieza mide mas o menos, se cobra proporcional al area trabajada) | F914: SERVICIO | G914: 1 | H914: 183750 | I914: 183750 | J914: 183750 | K914: 183750 | L914: 183750 | M914: 183750
C915: 900 | D915: REPUESTOS | E915: Polichada por metro cuadrado ( Si la pieza mide mas o menos, se cobra proporcional al area trabajada) | F915: 1 | G915: 1 | H915: 22050 | I915: 22050 | J915: 22050 | K915: 22050 | L915: 22050 | M915: 22050
C916: 901 | D916: MANO DE OBRA | E916: PORTA ESCOBILLAS | F916: SERVICIO | G916: 1 | H916: 243501 | I916: 243501 | J916: 275650 | K916: 275650 | L916: 275650 | M916: 275650
C917: 902 | D917: REPUESTOS | E917: PORTA ESCOBILLAS | F917: UNIDAD | G917: 1 | H917: 131250 | I917: 113682 | J917: 317100 | K917: 294000 | L917: 315000 | M917: 168000
C918: 903 | D918: MANO DE OBRA | E918: PORTA FUSIBLE | F918: SERVICIO | G918: 1 | H918: 91134 | I918: 91134 | J918: 91900 | K918: 91900 | L918: 91900 | M918: 91900
C919: 904 | D919: REPUESTOS | E919: PORTA FUSIBLE | F919: UNIDAD | G919: 1 | H919: 268800 | I919: 268800 | J919: 110743 | K919: 126000 | L919: 105000 | M919: 294000
C920: 905 | D920: MANO DE OBRA | E920: PRE FILTROS INYECTORES | F920: SERVICIO | G920: 1 | H920: 275650 | I920: 275650 | J920: 275650 | K920: 275650 | L920: 275650 | M920: 275650
C921: 906 | D921: REPUESTOS | E921: PRE FILTROS INYECTORES | F921: JUEGO | G921: 1 | H921: 103426 | I921: 93998 | J921: 336951 | K921: 336000 | L921: 367500 | M921: 210000
C922: 907 | D922: MANO DE OBRA | E922: PRUEBA DE AISLAMIENTO ALTA TENSION | F922: SERVICIO | G922: 1 | H922: 0 | I922: 0 | J922: 0 | K922: 0 | L922: 0 | M922: 367500
C923: 908 | D923: MANO DE OBRA | E923: PUERTO DE CARGA HIBRIDO | F923: SERVICIO | G923: 1 | H923: 0 | I923: 0 | J923: 0 | K923: 0 | L923: 0 | M923: 367500
C924: 909 | D924: REPUESTOS | E924: PUERTO DE CARGA HIBRIDO | F924: UNIDAD | G924: 1 | H924: 0 | I924: 0 | J924: 0 | K924: 0 | L924: 0 | M924: 3675000
C925: 910 | D925: MANO DE OBRA | E925: PUNTA CENTRO | F925: SERVICIO | G925: 1 | H925: 243501 | I925: 243501 | J925: 275650 | K925: 275650 | L925: 275650 | M925: 275650
C926: 911 | D926: REPUESTOS | E926: PUNTA CENTRO | F926: UNIDAD | G926: 1 | H926: 501900 | I926: 501900 | J926: 357000 | K926: 336000 | L926: 367500 | M926: 0
C927: 912 | D927: MANO DE OBRA | E927: PUNTA EJE LADO CAJA | F927: SERVICIO | G927: 1 | H927: 273368 | I927: 273368 | J927: 276609 | K927: 275650 | L927: 275650 | M927: 275650
... C1346: 1331 | D1346: REPUESTOS | E1346: YUGO DESLIZANTE BARRA CARDAN | F1346: UNIDAD | G1346: 1 | H1346: 0 | I1346: 0 | J1346: 0 | K1346: 472500 | L1346: 472500 | M1346: 4410000

Sheet Formulario 1 PROPUESTA
C3: FORMULARIO 1
C4: PRESUPUESTO OFICIAL
C5: IDU-SAMC-DTAF-003-2026
C6: PRESTAR EL SERVICIO DE MANTENIMIENTO PREVENTIVO Y CORRECTIVO, INCLUIDAS AUTOPARTES Y MANO DE OBRA, PARA EL PARQUE AUTOMOTOR DEL INSTITUTO DE DESARROLLO URBANO.
J9: VALOR OFERTADO
C10: ÍTEM | D10: DESCRIPCIÓN | J10: PORCENTAJE DE DESCUENTO OFERTADO SOBRE LOS VALORES UNITARIOS DEL PRESUPUESTO | L10: PORCENTAJE DE DESCUENTO CORREGIDO | M10: VERIFICACIÓN
C11: 1 | D11: PORCENTAJE DE DESCUENTO OFRECIDO PARA CADA ÍTEM | L11: =ROUND(J11,4) -> 0 | M11: =IF(OR(L11<=0,L11>=1),"ERROR","OK") -> ERROR
C13: VALOR DEL MULTIPLICADOR PARA EL PRECIO UNITARIO PRESUPUESTADO ANTES DE IVA - (VALOR BASE PARA LA CALIFICACIÓN DE LA PROPUESTA): | L13: =1-L11 -> 1 | M13: =IF(OR(L13<=0,L13>=1,COUNTIF(M11:M11,"ERROR")>0),"ERROR","OK") -> ERROR
D16: TARIFARIO OFERTADO DE CONFORMIDAD CON EL PORCENTAJE DE DESCUENTO
C17: ÍTEM | E17: ELEMENTOS Y/O SERVICIO | F17: MEDIDA DE UNIDAD | G17: CANTIDAD | H17: SUZUKI GRAND VITARA (2009) | I17: SUZUKI GRAND VITARA SUZUKI (2017) | J17: TOYOTA FORTUNER (2018) | K17: CAMION FORD F350 (1994) | L17: VAN RENAULT MASTER (2018) | M17: FORD ESCAPE HIBRIDA (2024)
H18: TRANSMISION: MECANICA TRACCION: 4X4 COMBUSTIBLE: GASOLINA | I18: TRANSMISION: MECANICA TRACCION: 4X4 COMBUSTIBLE: GASOLINA | J18: TRANSMISION: AUTOMATICA TRACCION: 4X2 COMBUSTIBLE: GASOLINA | K18: TRANSMISION: MECANICA TRACCION: 4X2 COMBUSTIBLE: GASOLINA | L18: TRANSMISION: MECANICA TRACCION: 4X2 COMBUSTIBLE: DIESEL | M18: TRANSMISION: AUTOMATICA TRACCION: 4X2 COMBUSTIBLE: GASOLINA
H19: CANTIDAD DE VEHICULOS: 20 | I19: CANTIDAD DE VEHICULOS: 15 | J19: CANTIDAD DE VEHICULOS: 1 | K19: CANTIDAD DE VEHICULOS: 1 | L19: CANTIDAD DE VEHICULOS: 1 | M19: CANTIDAD DE VEHICULOS: 6
H20: VALOR SIN IVA | I20: VALOR SIN IVA | J20: VALOR SIN IVA | K20: VALOR SIN IVA | L20: VALOR SIN IVA | M20: VALOR SIN IVA
C21: 1 | D21: MANO DE OBRA | E21: ABRAZADERA BARRA ESTABILIZADORA | F21: SERVICIO | G21: 1 | H21: =+ROUND(ITEMS!H16*'Formulario 1 PROPUESTA'!$L$13,0) -> 26250 | I21: =+ROUND(ITEMS!I16*'Formulario 1 PROPUESTA'!$L$13,0) -> 26250 | J21: =+ROUND(ITEMS!J16*'Formulario 1 PROPUESTA'!$L$13,0) -> 26250 | K21: =+ROUND(ITEMS!K16*'Formulario 1 PROPUESTA'!$L$13,0) -> 26250 | L21: =+ROUND(ITEMS!L16*'Formulario 1 PROPUESTA'!$L$13,0) -> 26250 | M21: =+ROUND(ITEMS!M16*'Formulario 1 PROPUESTA'!$L$13,0) -> 26250
C22: 2 | D22: REPUESTOS | E22: ABRAZADERA BARRA ESTABILIZADORA | F22: UNIDAD | G22: 1 | H22: =+ROUND(ITEMS!H17*'Formulario 1 PROPUESTA'!$L$13,0) -> 27225 | I22: =+ROUND(ITEMS!I17*'Formulario 1 PROPUESTA'!$L$13,0) -> 31639 | J22: =+ROUND(ITEMS!J17*'Formulario 1 PROPUESTA'!$L$13,0) -> 32050 | K22: =+ROUND(ITEMS!K17*'Formulario 1 PROPUESTA'!$L$13,0) -> 32050 | L22: =+ROUND(ITEMS!L17*'Formulario 1 PROPUESTA'!$L$13,0) -> 32050 | M22: =+ROUND(ITEMS!M17*'Formulario 1 PROPUESTA'!$L$13,0) -> 32050
C23: 3 | D23: MANO DE OBRA | E23: ABRAZADERAS RADIADOR | F23: SERVICIO | G23: 1 | H23: =+ROUND(ITEMS!H18*'Formulario 1 PROPUESTA'!$L$13,0) -> 24967 | I23: =+ROUND(ITEMS!I18*'Formulario 1 PROPUESTA'!$L$13,0) -> 24967 | J23: =+ROUND(ITEMS!J18*'Formulario 1 PROPUESTA'!$L$13,0) -> 26250 | K23: =+ROUND(ITEMS!K18*'Formulario 1 PROPUESTA'!$L$13,0) -> 26250 | L23: =+ROUND(ITEMS!L18*'Formulario 1 PROPUESTA'!$L$13,0) -> 26250 | M23: =+ROUND(ITEMS!M18*'Formulario 1 PROPUESTA'!$L$13,0) -> 26250
C24: 4 | D24: REPUESTOS | E24: ABRAZADERAS RADIADOR | F24: UNIDAD | G24: 1 | H24: =+ROUND(ITEMS!H19*'Formulario 1 PROPUESTA'!$L$13,0) -> 32050 | I24: =+ROUND(ITEMS!I19*'Formulario 1 PROPUESTA'!$L$13,0) -> 32050 | J24: =+ROUND(ITEMS!J19*'Formulario 1 PROPUESTA'!$L$13,0) -> 32050 | K24: =+ROUND(ITEMS!K19*'Formulario 1 PROPUESTA'!$L$13,0) -> 32050 | L24: =+ROUND(ITEMS!L19*'Formulario 1 PROPUESTA'!$L$13,0) -> 32050 | M24: =+ROUND(ITEMS!M19*'Formulario 1 PROPUESTA'!$L$13,0) -> 32050
C25: 5 | D25: MANO DE OBRA | E25: ACEITE COMPRESOR | F25: SERVICIO | G25: 1 | H25: =+ROUND(ITEMS!H20*'Formulario 1 PROPUESTA'!$L$13,0) -> 183750 | I25: =+ROUND(ITEMS!I20*'Formulario 1 PROPUESTA'!$L$13,0) -> 183750 | J25: =+ROUND(ITEMS!J20*'Formulario 1 PROPUESTA'!$L$13,0) -> 183750 | K25: =+ROUND(ITEMS!K20*'Formulario 1 PROPUESTA'!$L$13,0) -> 183750 | L25: =+ROUND(ITEMS!L20*'Formulario 1 PROPUESTA'!$L$13,0) -> 183750 | M25: =+ROUND(ITEMS!M20*'Formulario 1 PROPUESTA'!$L$13,0) -> 183750
C26: 6 | D26: REPUESTOS | E26: ACEITE COMPRESOR | F26: CUARTO | G26: 1 | H26: =+ROUND(ITEMS!H21*'Formulario 1 PROPUESTA'!$L$13,0) -> 110250 | I26: =+ROUND(ITEMS!I21*'Formulario 1 PROPUESTA'!$L$13,0) -> 110250 | J26: =+ROUND(ITEMS!J21*'Formulario 1 PROPUESTA'!$L$13,0) -> 95985 | K26: =+ROUND(ITEMS!K21*'Formulario 1 PROPUESTA'!$L$13,0) -> 110250 | L26: =+ROUND(ITEMS!L21*'Formulario 1 PROPUESTA'!$L$13,0) -> 110250 | M26: =+ROUND(ITEMS!M21*'Formulario 1 PROPUESTA'!$L$13,0) -> 110250
C27: 7 | D27: MANO DE OBRA | E27: ACEITE HIDRAULICO | F27: SERVICIO | G27: 1 | H27: =+ROUND(ITEMS!H22*'Formulario 1 PROPUESTA'!$L$13,0) -> 46100 | I27: =+ROUND(ITEMS!I22*'Formulario 1 PROPUESTA'!$L$13,0) -> 46100 | J27: =+ROUND(ITEMS!J22*'Formulario 1 PROPUESTA'!$L$13,0) -> 46750 | K27: =+ROUND(ITEMS!K22*'Formulario 1 PROPUESTA'!$L$13,0) -> 46750 | L27: =+ROUND(ITEMS!L22*'Formulario 1 PROPUESTA'!$L$13,0) -> 46750 | M27: =+ROUND(ITEMS!M22*'Formulario 1 PROPUESTA'!$L$13,0) -> 46750
C28: 8 | D28: REPUESTOS | E28: ACEITE HIDRAULICO | F28: CUARTO | G28: 1 | H28: =+ROUND(ITEMS!H23*'Formulario 1 PROPUESTA'!$L$13,0) -> 27411 | I28: =+ROUND(ITEMS!I23*'Formulario 1 PROPUESTA'!$L$13,0) -> 27411 | J28: =+ROUND(ITEMS!J23*'Formulario 1 PROPUESTA'!$L$13,0) -> 29400 | K28: =+ROUND(ITEMS!K23*'Formulario 1 PROPUESTA'!$L$13,0) -> 29400 | L28: =+ROUND(ITEMS!L23*'Formulario 1 PROPUESTA'!$L$13,0) -> 29400 | M28: =+ROUND(ITEMS!M23*'Formulario 1 PROPUESTA'!$L$13,0) -> 29400
C29: 9 | D29: MANO DE OBRA | E29: ACEITE MOTOR | F29: SERVICIO | G29: 1 | H29: =+ROUND(ITEMS!H24*'Formulario 1 PROPUESTA'!$L$13,0) -> 24967 | I29: =+ROUND(ITEMS!I24*'Formulario 1 PROPUESTA'!$L$13,0) -> 24967 | J29: =+ROUND(ITEMS!J24*'Formulario 1 PROPUESTA'!$L$13,0) -> 26250 | K29: =+ROUND(ITEMS!K24*'Formulario 1 PROPUESTA'!$L$13,0) -> 26250 | L29: =+ROUND(ITEMS!L24*'Formulario 1 PROPUESTA'!$L$13,0) -> 26250 | M29: =+ROUND(ITEMS!M24*'Formulario 1 PROPUESTA'!$L$13,0) -> 26250
C30: 10 | D30: REPUESTOS | E30: ACEITE MOTOR (EXCENTO IVA) | F30: CUARTO | G30: 1 | H30: =+ROUND(ITEMS!H25*'Formulario 1 PROPUESTA'!$L$13,0) -> 42103 | I30: =+ROUND(ITEMS!I25*'Formulario 1 PROPUESTA'!$L$13,0) -> 42103 | J30: =+ROUND(ITEMS!J25*'Formulario 1 PROPUESTA'!$L$13,0) -> 68250 | K30: =+ROUND(ITEMS!K25*'Formulario 1 PROPUESTA'!$L$13,0) -> 46750 | L30: =+ROUND(ITEMS!L25*'Formulario 1 PROPUESTA'!$L$13,0) -> 68250 | M30: =+ROUND(ITEMS!M25*'Formulario 1 PROPUESTA'!$L$13,0) -> 53533
C31: 11 | D31: MANO DE OBRA | E31: ACEITE MOTOR SINTETICO | F31: SERVICIO | G31: 1 | H31: =+ROUND(ITEMS!H26*'Formulario 1 PROPUESTA'!$L$13,0) -> 24967 | I31: =+ROUND(ITEMS!I26*'Formulario 1 PROPUESTA'!$L$13,0) -> 24967 | J31: =+ROUND(ITEMS!J26*'Formulario 1 PROPUESTA'!$L$13,0) -> 26250 | K31: =+ROUND(ITEMS!K26*'Formulario 1 PROPUESTA'!$L$13,0) -> 26250 | L31: =+ROUND(ITEMS!L26*'Formulario 1 PROPUESTA'!$L$13,0) -> 26250 | M31: =+ROUND(ITEMS!M26*'Formulario 1 PROPUESTA'!$L$13,0) -> 26250
C32: 12 | D32: REPUESTOS | E32: ACEITE MOTOR SINTETICO (EXCENTO IVA) | F32: CUARTO | G32: 1 | H32: =+ROUND(ITEMS!H27*'Formulario 1 PROPUESTA'!$L$13,0) -> 53495 | I32: =+ROUND(ITEMS!I27*'Formulario 1 PROPUESTA'!$L$13,0) -> 53495 | J32: =+ROUND(ITEMS!J27*'Formulario 1 PROPUESTA'!$L$13,0) -> 76709 | K32: =+ROUND(ITEMS!K27*'Formulario 1 PROPUESTA'!$L$13,0) -> 43018 | L32: =+ROUND(ITEMS!L27*'Formulario 1 PROPUESTA'!$L$13,0) -> 43414 | M32: =+ROUND(ITEMS!M27*'Formulario 1 PROPUESTA'!$L$13,0) -> 53533
... C897: 877 | D897: MANO DE OBRA | E897: Pintura por metro cuadrado ( Si la pieza mide mas o menos, se cobra proporcional al area trabajada) | F897: SERVICIO | G897: 1 | H897: =+ROUND(ITEMS!H892*'Formulario 1 PROPUESTA'!$L$13,0) -> 157500 | I897: =+ROUND(ITEMS!I892*'Formulario 1 PROPUESTA'!$L$13,0) -> 157500 | J897: =+ROUND(ITEMS!J892*'Formulario 1 PROPUESTA'!$L$13,0) -> 157500 | K897: =+ROUND(ITEMS!K892*'Formulario 1 PROPUESTA'!$L$13,0) -> 157500 | L897: =+ROUND(ITEMS!L892*'Formulario 1 PROPUESTA'!$L$13,0) -> 157500 | M897: =+ROUND(ITEMS!M892*'Formulario 1 PROPUESTA'!$L$13,0) -> 157500
C898: 878 | D898: REPUESTOS | E898: Pintura por metro cuadrado ( Si la pieza mide mas o menos, se cobra proporcional al area trabajada) | F898: 1 | G898: 1 | H898: =+ROUND(ITEMS!H893*'Formulario 1 PROPUESTA'!$L$13,0) -> 105000 | I898: =+ROUND(ITEMS!I893*'Formulario 1 PROPUESTA'!$L$13,0) -> 105000 | J898: =+ROUND(ITEMS!J893*'Formulario 1 PROPUESTA'!$L$13,0) -> 105000 | K898: =+ROUND(ITEMS!K893*'Formulario 1 PROPUESTA'!$L$13,0) -> 105000 | L898: =+ROUND(ITEMS!L893*'Formulario 1 PROPUESTA'!$L$13,0) -> 105000 | M898: =+ROUND(ITEMS!M893*'Formulario 1 PROPUESTA'!$L$13,0) -> 105000
C899: 879 | D899: MANO DE OBRA | E899: PISTON FRENO | F899: SERVICIO | G899: 1 | H899: =+ROUND(ITEMS!H894*'Formulario 1 PROPUESTA'!$L$13,0) -> 197168 | I899: =+ROUND(ITEMS!I894*'Formulario 1 PROPUESTA'!$L$13,0) -> 197168 | J899: =+ROUND(ITEMS!J894*'Formulario 1 PROPUESTA'!$L$13,0) -> 183750 | K899: =+ROUND(ITEMS!K894*'Formulario 1 PROPUESTA'!$L$13,0) -> 183750 | L899: =+ROUND(ITEMS!L894*'Formulario 1 PROPUESTA'!$L$13,0) -> 183750 | M899: =+ROUND(ITEMS!M894*'Formulario 1 PROPUESTA'!$L$13,0) -> 183750
C900: 880 | D900: REPUESTOS | E900: PISTON FRENO | F900: JUEGO | G900: 1 | H900: =+ROUND(ITEMS!H895*'Formulario 1 PROPUESTA'!$L$13,0) -> 684600 | I900: =+ROUND(ITEMS!I895*'Formulario 1 PROPUESTA'!$L$13,0) -> 684600 | J900: =+ROUND(ITEMS!J895*'Formulario 1 PROPUESTA'!$L$13,0) -> 496889 | K900: =+ROUND(ITEMS!K895*'Formulario 1 PROPUESTA'!$L$13,0) -> 472500 | L900: =+ROUND(ITEMS!L895*'Formulario 1 PROPUESTA'!$L$13,0) -> 367500 | M900: =+ROUND(ITEMS!M895*'Formulario 1 PROPUESTA'!$L$13,0) -> 367500
C901: 881 | D901: MANO DE OBRA | E901: PITO | F901: SERVICIO | G901: 1 | H901: =+ROUND(ITEMS!H896*'Formulario 1 PROPUESTA'!$L$13,0) -> 106067 | I901: =+ROUND(ITEMS!I896*'Formulario 1 PROPUESTA'!$L$13,0) -> 106067 | J901: =+ROUND(ITEMS!J896*'Formulario 1 PROPUESTA'!$L$13,0) -> 91900 | K901: =+ROUND(ITEMS!K896*'Formulario 1 PROPUESTA'!$L$13,0) -> 91900 | L901: =+ROUND(ITEMS!L896*'Formulario 1 PROPUESTA'!$L$13,0) -> 91900 | M901: =+ROUND(ITEMS!M896*'Formulario 1 PROPUESTA'!$L$13,0) -> 91900
C902: 882 | D902: REPUESTOS | E902: PITO | F902: UNIDAD | G902: 1 | H902: =+ROUND(ITEMS!H897*'Formulario 1 PROPUESTA'!$L$13,0) -> 367500 | I902: =+ROUND(ITEMS!I897*'Formulario 1 PROPUESTA'!$L$13,0) -> 422100 | J902: =+ROUND(ITEMS!J897*'Formulario 1 PROPUESTA'!$L$13,0) -> 167159 | K902: =+ROUND(ITEMS!K897*'Formulario 1 PROPUESTA'!$L$13,0) -> 210000 | L902: =+ROUND(ITEMS!L897*'Formulario 1 PROPUESTA'!$L$13,0) -> 189000 | M902: =+ROUND(ITEMS!M897*'Formulario 1 PROPUESTA'!$L$13,0) -> 304500
C903: 883 | D903: MANO DE OBRA | E903: PLACA PORTA DIODOS | F903: SERVICIO | G903: 1 | H903: =+ROUND(ITEMS!H898*'Formulario 1 PROPUESTA'!$L$13,0) -> 182234 | I903: =+ROUND(ITEMS!I898*'Formulario 1 PROPUESTA'!$L$13,0) -> 182234 | J903: =+ROUND(ITEMS!J898*'Formulario 1 PROPUESTA'!$L$13,0) -> 183750 | K903: =+ROUND(ITEMS!K898*'Formulario 1 PROPUESTA'!$L$13,0) -> 183750 | L903: =+ROUND(ITEMS!L898*'Formulario 1 PROPUESTA'!$L$13,0) -> 183750 | M903: =+ROUND(ITEMS!M898*'Formulario 1 PROPUESTA'!$L$13,0) -> 183750
C904: 884 | D904: REPUESTOS | E904: PLACA PORTA DIODOS | F904: UNIDAD | G904: 1 | H904: =+ROUND(ITEMS!H899*'Formulario 1 PROPUESTA'!$L$13,0) -> 196344 | I904: =+ROUND(ITEMS!I899*'Formulario 1 PROPUESTA'!$L$13,0) -> 222861 | J904: =+ROUND(ITEMS!J899*'Formulario 1 PROPUESTA'!$L$13,0) -> 385350 | K904: =+ROUND(ITEMS!K899*'Formulario 1 PROPUESTA'!$L$13,0) -> 336000 | L904: =+ROUND(ITEMS!L899*'Formulario 1 PROPUESTA'!$L$13,0) -> 367500 | M904: =+ROUND(ITEMS!M899*'Formulario 1 PROPUESTA'!$L$13,0) -> 189000
C905: 885 | D905: MANO DE OBRA | E905: PLANETARIOS | F905: SERVICIO | G905: 1 | H905: =+ROUND(ITEMS!H900*'Formulario 1 PROPUESTA'!$L$13,0) -> 669203 | I905: =+ROUND(ITEMS!I900*'Formulario 1 PROPUESTA'!$L$13,0) -> 669203 | J905: =+ROUND(ITEMS!J900*'Formulario 1 PROPUESTA'!$L$13,0) -> 735000 | K905: =+ROUND(ITEMS!K900*'Formulario 1 PROPUESTA'!$L$13,0) -> 735000 | L905: =+ROUND(ITEMS!L900*'Formulario 1 PROPUESTA'!$L$13,0) -> 735000 | M905: =+ROUND(ITEMS!M900*'Formulario 1 PROPUESTA'!$L$13,0) -> 735000
C906: 886 | D906: REPUESTOS | E906: PLANETARIOS | F906: UNIDAD | G906: 1 | H906: =+ROUND(ITEMS!H901*'Formulario 1 PROPUESTA'!$L$13,0) -> 637124 | I906: =+ROUND(ITEMS!I901*'Formulario 1 PROPUESTA'!$L$13,0) -> 696745 | J906: =+ROUND(ITEMS!J901*'Formulario 1 PROPUESTA'!$L$13,0) -> 1619276 | K906: =+ROUND(ITEMS!K901*'Formulario 1 PROPUESTA'!$L$13,0) -> 1365000 | L906: =+ROUND(ITEMS!L901*'Formulario 1 PROPUESTA'!$L$13,0) -> 1417500 | M906: =+ROUND(ITEMS!M901*'Formulario 1 PROPUESTA'!$L$13,0) -> 0
C907: 887 | D907: MANO DE OBRA | E907: PLUMILLA LIMPIA BRISA TRASERA | F907: SERVICIO | G907: 1 | H907: =+ROUND(ITEMS!H902*'Formulario 1 PROPUESTA'!$L$13,0) -> 26250 | I907: =+ROUND(ITEMS!I902*'Formulario 1 PROPUESTA'!$L$13,0) -> 26250 | J907: =+ROUND(ITEMS!J902*'Formulario 1 PROPUESTA'!$L$13,0) -> 26250 | K907: =+ROUND(ITEMS!K902*'Formulario 1 PROPUESTA'!$L$13,0) -> 26250 | L907: =+ROUND(ITEMS!L902*'Formulario 1 PROPUESTA'!$L$13,0) -> 26250 | M907: =+ROUND(ITEMS!M902*'Formulario 1 PROPUESTA'!$L$13,0) -> 26250
C908: 888 | D908: REPUESTOS | E908: PLUMILLA LIMPIA BRISA TRASERA | F908: UNIDAD | G908: 1 | H908: =+ROUND(ITEMS!H903*'Formulario 1 PROPUESTA'!$L$13,0) -> 268800 | I908: =+ROUND(ITEMS!I903*'Formulario 1 PROPUESTA'!$L$13,0) -> 268800 | J908: =+ROUND(ITEMS!J903*'Formulario 1 PROPUESTA'!$L$13,0) -> 68250 | K908: =+ROUND(ITEMS!K903*'Formulario 1 PROPUESTA'!$L$13,0) -> 47250 | L908: =+ROUND(ITEMS!L903*'Formulario 1 PROPUESTA'!$L$13,0) -> 84000 | M908: =+ROUND(ITEMS!M903*'Formulario 1 PROPUESTA'!$L$13,0) -> 94500
C909: 889 | D909: MANO DE OBRA | E909: PLUMILLAS | F909: SERVICIO | G909: 1 | H909: =+ROUND(ITEMS!H904*'Formulario 1 PROPUESTA'!$L$13,0) -> 24967 | I909: =+ROUND(ITEMS!I904*'Formulario 1 PROPUESTA'!$L$13,0) -> 24967 | J909: =+ROUND(ITEMS!J904*'Formulario 1 PROPUESTA'!$L$13,0) -> 26250 | K909: =+ROUND(ITEMS!K904*'Formulario 1 PROPUESTA'!$L$13,0) -> 26250 | L909: =+ROUND(ITEMS!L904*'Formulario 1 PROPUESTA'!$L$13,0) -> 26250 | M909: =+ROUND(ITEMS!M904*'Formulario 1 PROPUESTA'!$L$13,0) -> 26250
C910: 890 | D910: REPUESTOS | E910: PLUMILLAS | F910: JUEGO | G910: 1 | H910: =+ROUND(ITEMS!H905*'Formulario 1 PROPUESTA'!$L$13,0) -> 126000 | I910: =+ROUND(ITEMS!I905*'Formulario 1 PROPUESTA'!$L$13,0) -> 126000 | J910: =+ROUND(ITEMS!J905*'Formulario 1 PROPUESTA'!$L$13,0) -> 136500 | K910: =+ROUND(ITEMS!K905*'Formulario 1 PROPUESTA'!$L$13,0) -> 96029 | L910: =+ROUND(ITEMS!L905*'Formulario 1 PROPUESTA'!$L$13,0) -> 83428 | M910: =+ROUND(ITEMS!M905*'Formulario 1 PROPUESTA'!$L$13,0) -> 94500
... C919: 899 | D919: MANO DE OBRA | E919: Polichada por metro cuadrado ( Si la pieza mide mas o menos, se cobra proporcional al area trabajada) | F919: SERVICIO | G919: 1 | H919: =+ROUND(ITEMS!H914*'Formulario 1 PROPUESTA'!$L$13,0) -> 183750 | I919: =+ROUND(ITEMS!I914*'Formulario 1 PROPUESTA'!$L$13,0) -> 183750 | J919: =+ROUND(ITEMS!J914*'Formulario 1 PROPUESTA'!$L$13,0) -> 183750 | K919: =+ROUND(ITEMS!K914*'Formulario 1 PROPUESTA'!$L$13,0) -> 183750 | L919: =+ROUND(ITEMS!L914*'Formulario 1 PROPUESTA'!$L$13,0) -> 183750 | M919: =+ROUND(ITEMS!M914*'Formulario 1 PROPUESTA'!$L$13,0) -> 183750
C920: 900 | D920: REPUESTOS | E920: Polichada por metro cuadrado ( Si la pieza mide mas o menos, se cobra proporcional al area trabajada) | F920: 1 | G920: 1 | H920: =+ROUND(ITEMS!H915*'Formulario 1 PROPUESTA'!$L$13,0) -> 22050 | I920: =+ROUND(ITEMS!I915*'Formulario 1 PROPUESTA'!$L$13,0) -> 22050 | J920: =+ROUND(ITEMS!J915*'Formulario 1 PROPUESTA'!$L$13,0) -> 22050 | K920: =+ROUND(ITEMS!K915*'Formulario 1 PROPUESTA'!$L$13,0) -> 22050 | L920: =+ROUND(ITEMS!L915*'Formulario 1 PROPUESTA'!$L$13,0) -> 22050 | M920: =+ROUND(ITEMS!M915*'Formulario 1 PROPUESTA'!$L$13,0) -> 22050
C921: 901 | D921: MANO DE OBRA | E921: PORTA ESCOBILLAS | F921: SERVICIO | G921: 1 | H921: =+ROUND(ITEMS!H916*'Formulario 1 PROPUESTA'!$L$13,0) -> 243501 | I921: =+ROUND(ITEMS!I916*'Formulario 1 PROPUESTA'!$L$13,0) -> 243501 | J921: =+ROUND(ITEMS!J916*'Formulario 1 PROPUESTA'!$L$13,0) -> 275650 | K921: =+ROUND(ITEMS!K916*'Formulario 1 PROPUESTA'!$L$13,0) -> 275650 | L921: =+ROUND(ITEMS!L916*'Formulario 1 PROPUESTA'!$L$13,0) -> 275650 | M921: =+ROUND(ITEMS!M916*'Formulario 1 PROPUESTA'!$L$13,0) -> 275650
C922: 902 | D922: REPUESTOS | E922: PORTA ESCOBILLAS | F922: UNIDAD | G922: 1 | H922: =+ROUND(ITEMS!H917*'Formulario 1 PROPUESTA'!$L$13,0) -> 131250 | I922: =+ROUND(ITEMS!I917*'Formulario 1 PROPUESTA'!$L$13,0) -> 113682 | J922: =+ROUND(ITEMS!J917*'Formulario 1 PROPUESTA'!$L$13,0) -> 317100 | K922: =+ROUND(ITEMS!K917*'Formulario 1 PROPUESTA'!$L$13,0) -> 294000 | L922: =+ROUND(ITEMS!L917*'Formulario 1 PROPUESTA'!$L$13,0) -> 315000 | M922: =+ROUND(ITEMS!M917*'Formulario 1 PROPUESTA'!$L$13,0) -> 168000
C923: 903 | D923: MANO DE OBRA | E923: PORTA FUSIBLE | F923: SERVICIO | G923: 1 | H923: =+ROUND(ITEMS!H918*'Formulario 1 PROPUESTA'!$L$13,0) -> 91134 | I923: =+ROUND(ITEMS!I918*'Formulario 1 PROPUESTA'!$L$13,0) -> 91134 | J923: =+ROUND(ITEMS!J918*'Formulario 1 PROPUESTA'!$L$13,0) -> 91900 | K923: =+ROUND(ITEMS!K918*'Formulario 1 PROPUESTA'!$L$13,0) -> 91900 | L923: =+ROUND(ITEMS!L918*'Formulario 1 PROPUESTA'!$L$13,0) -> 91900 | M923: =+ROUND(ITEMS!M918*'Formulario 1 PROPUESTA'!$L$13,0) -> 91900
C924: 904 | D924: REPUESTOS | E924: PORTA FUSIBLE | F924: UNIDAD | G924: 1 | H924: =+ROUND(ITEMS!H919*'Formulario 1 PROPUESTA'!$L$13,0) -> 268800 | I924: =+ROUND(ITEMS!I919*'Formulario 1 PROPUESTA'!$L$13,0) -> 268800 | J924: =+ROUND(ITEMS!J919*'Formulario 1 PROPUESTA'!$L$13,0) -> 110743 | K924: =+ROUND(ITEMS!K919*'Formulario 1 PROPUESTA'!$L$13,0) -> 126000 | L924: =+ROUND(ITEMS!L919*'Formulario 1 PROPUESTA'!$L$13,0) -> 105000 | M924: =+ROUND(ITEMS!M919*'Formulario 1 PROPUESTA'!$L$13,0) -> 294000
C925: 905 | D925: MANO DE OBRA | E925: PRE FILTROS INYECTORES | F925: SERVICIO | G925: 1 | H925: =+ROUND(ITEMS!H920*'Formulario 1 PROPUESTA'!$L$13,0) -> 275650 | I925: =+ROUND(ITEMS!I920*'Formulario 1 PROPUESTA'!$L$13,0) -> 275650 | J925: =+ROUND(ITEMS!J920*'Formulario 1 PROPUESTA'!$L$13,0) -> 275650 | K925: =+ROUND(ITEMS!K920*'Formulario 1 PROPUESTA'!$L$13,0) -> 275650 | L925: =+ROUND(ITEMS!L920*'Formulario 1 PROPUESTA'!$L$13,0) -> 275650 | M925: =+ROUND(ITEMS!M920*'Formulario 1 PROPUESTA'!$L$13,0) -> 275650
C926: 906 | D926: REPUESTOS | E926: PRE FILTROS INYECTORES | F926: JUEGO | G926: 1 | H926: =+ROUND(ITEMS!H921*'Formulario 1 PROPUESTA'!$L$13,0) -> 103426 | I926: =+ROUND(ITEMS!I921*'Formulario 1 PROPUESTA'!$L$13,0) -> 93998 | J926: =+ROUND(ITEMS!J921*'Formulario 1 PROPUESTA'!$L$13,0) -> 336951 | K926: =+ROUND(ITEMS!K921*'Formulario 1 PROPUESTA'!$L$13,0) -> 336000 | L926: =+ROUND(ITEMS!L921*'Formulario 1 PROPUESTA'!$L$13,0) -> 367500 | M926: =+ROUND(ITEMS!M921*'Formulario 1 PROPUESTA'!$L$13,0) -> 210000
C927: 907 | D927: MANO DE OBRA | E927: PRUEBA DE AISLAMIENTO ALTA TENSION | F927: SERVICIO | G927: 1 | H927: =+ROUND(ITEMS!H922*'Formulario 1 PROPUESTA'!$L$13,0) -> 0 | I927: =+ROUND(ITEMS!I922*'Formulario 1 PROPUESTA'!$L$13,0) -> 0 | J927: =+ROUND(ITEMS!J922*'Formulario 1 PROPUESTA'!$L$13,0) -> 0 | K927: =+ROUND(ITEMS!K922*'Formulario 1 PROPUESTA'!$L$13,0) -> 0 | L927: =+ROUND(ITEMS!L922*'Formulario 1 PROPUESTA'!$L$13,0) -> 0 | M927: =+ROUND(ITEMS!M922*'Formulario 1 PROPUESTA'!$L$13,0) -> 367500
C928: 908 | D928: MANO DE OBRA | E928: PUERTO DE CARGA HIBRIDO | F928: SERVICIO | G928: 1 | H928: =+ROUND(ITEMS!H923*'Formulario 1 PROPUESTA'!$L$13,0) -> 0 | I928: =+ROUND(ITEMS!I923*'Formulario 1 PROPUESTA'!$L$13,0) -> 0 | J928: =+ROUND(ITEMS!J923*'Formulario 1 PROPUESTA'!$L$13,0) -> 0 | K928: =+ROUND(ITEMS!K923*'Formulario 1 PROPUESTA'!$L$13,0) -> 0 | L928: =+ROUND(ITEMS!L923*'Formulario 1 PROPUESTA'!$L$13,0) -> 0 | M928: =+ROUND(ITEMS!M923*'Formulario 1 PROPUESTA'!$L$13,0) -> 367500
C929: 909 | D929: REPUESTOS | E929: PUERTO DE CARGA HIBRIDO | F929: UNIDAD | G929: 1 | H929: =+ROUND(ITEMS!H924*'Formulario 1 PROPUESTA'!$L$13,0) -> 0 | I929: =+ROUND(ITEMS!I924*'Formulario 1 PROPUESTA'!$L$13,0) -> 0 | J929: =+ROUND(ITEMS!J924*'Formulario 1 PROPUESTA'!$L$13,0) -> 0 | K929: =+ROUND(ITEMS!K924*'Formulario 1 PROPUESTA'!$L$13,0) -> 0 | L929: =+ROUND(ITEMS!L924*'Formulario 1 PROPUESTA'!$L$13,0) -> 0 | M929: =+ROUND(ITEMS!M924*'Formulario 1 PROPUESTA'!$L$13,0) -> 3675000
C930: 910 | D930: MANO DE OBRA | E930: PUNTA CENTRO | F930: SERVICIO | G930: 1 | H930: =+ROUND(ITEMS!H925*'Formulario 1 PROPUESTA'!$L$13,0) -> 243501 | I930: =+ROUND(ITEMS!I925*'Formulario 1 PROPUESTA'!$L$13,0) -> 243501 | J930: =+ROUND(ITEMS!J925*'Formulario 1 PROPUESTA'!$L$13,0) -> 275650 | K930: =+ROUND(ITEMS!K925*'Formulario 1 PROPUESTA'!$L$13,0) -> 275650 | L930: =+ROUND(ITEMS!L925*'Formulario 1 PROPUESTA'!$L$13,0) -> 275650 | M930: =+ROUND(ITEMS!M925*'Formulario 1 PROPUESTA'!$L$13,0) -> 275650
C931: 911 | D931: REPUESTOS | E931: PUNTA CENTRO | F931: UNIDAD | G931: 1 | H931: =+ROUND(ITEMS!H926*'Formulario 1 PROPUESTA'!$L$13,0) -> 501900 | I931: =+ROUND(ITEMS!I926*'Formulario 1 PROPUESTA'!$L$13,0) -> 501900 | J931: =+ROUND(ITEMS!J926*'Formulario 1 PROPUESTA'!$L$13,0) -> 357000 | K931: =+ROUND(ITEMS!K926*'Formulario 1 PROPUESTA'!$L$13,0) -> 336000 | L931: =+ROUND(ITEMS!L926*'Formulario 1 PROPUESTA'!$L$13,0) -> 367500 | M931: =+ROUND(ITEMS!M926*'Formulario 1 PROPUESTA'!$L$13,0) -> 0
C932: 912 | D932: MANO DE OBRA | E932: PUNTA EJE LADO CAJA | F932: SERVICIO | G932: 1 | H932: =+ROUND(ITEMS!H927*'Formulario 1 PROPUESTA'!$L$13,0) -> 273368 | I932: =+ROUND(ITEMS!I927*'Formulario 1 PROPUESTA'!$L$13,0) -> 273368 | J932: =+ROUND(ITEMS!J927*'Formulario 1 PROPUESTA'!$L$13,0) -> 276609 | K932: =+ROUND(ITEMS!K927*'Formulario 1 PROPUESTA'!$L$13,0) -> 275650 | L932: =+ROUND(ITEMS!L927*'Formulario 1 PROPUESTA'!$L$13,0) -> 275650 | M932: =+ROUND(ITEMS!M927*'Formulario 1 PROPUESTA'!$L$13,0) -> 275650
... C1351: 1331 | D1351: REPUESTOS | E1351: YUGO DESLIZANTE BARRA CARDAN | F1351: UNIDAD | G1351: 1 | H1351: =+ROUND(ITEMS!H1346*'Formulario 1 PROPUESTA'!$L$13,0) -> 0 | I1351: =+ROUND(ITEMS!I1346*'Formulario 1 PROPUESTA'!$L$13,0) -> 0 | J1351: =+ROUND(ITEMS!J1346*'Formulario 1 PROPUESTA'!$L$13,0) -> 0 | K1351: =+ROUND(ITEMS!K1346*'Formulario 1 PROPUESTA'!$L$13,0) -> 472500 | L1351: =+ROUND(ITEMS!L1346*'Formulario 1 PROPUESTA'!$L$13,0) -> 472500 | M1351: =+ROUND(ITEMS!M1346*'Formulario 1 PROPUESTA'!$L$13,0) -> 4410000
C1355: El valor del presupuesto oficial del presente proceso de contratación es hasta por la suma de: DOSCIENTOS SETENTA Y NUEVE MILLONES TRESCIENTOS OCHENTA MIL NOVECIENTOS DOCE PESOS M/CTE ($279.380.912,00), incluidos el IVA y los demás impuestos, tasas, contribuciones, costos directos e indirectos aplicables, correspondiente a 159,56 SMMLV de 2026. El valor antes de IVA asciende a DOSCIENTOS TREINTA Y OCHO MILLONES CUATROCIENTOS CUARENTA Y OCHO MIL OCHOCIENTOS VEINTITRES PESOS M/CTE ($238.448.823,00). El valor correspondiente al IVA y demás conceptos asciende a CUARENTA MILLONES NOVECIENTOS TREINTA Y DOS MIL OCHENTA Y NUEVE PESOS M/CTE ($40.932.089,00). Nota 1: Los aceites y lubricantes para motores, al ser derivados del petróleo, están gravados con el IVA y les resulta aplicable el tratamiento previsto en el artículo 444 del Estatuto Tributario, razón por la cual no se estima un valor adicional por este concepto en la presente desagregación presupuestal. Nota 2: El valor del contrato corresponderá al presupuesto oficial asignado, es decir, a la suma de DOSCIENTOS SETENTA Y NUEVE MILLONES TRESCIENTOS OCHENTA MIL NOVECIENTOS DOCE PESOS M/CTE ($279.380.912,00), equivalente a 159,56 SMMLV de 2026, incluidos el IVA y los demás impuestos, tasas, contribuciones, costos directos e indirectos aplicables. Nota 3: Para efectos de evaluación económica, se tendrá en cuenta únicamente el PORCENTAJE DE DESCUENTO que aplicará para todos los 1.331 ítems. El porcentaje de descuento aplicable a todos los ítems podrá expresarse con hasta dos (2) cifras decimales. Para efectos de la evaluación económica, únicamente se tendrán en cuenta las dos primeras cifras decimales. No obstante, el proponente deberá presentar oferta por la totalidad de los ítems que componen el tarifario, aplicando el mismo porcentaje de descuento a cada uno de ellos. Nota 4: Se aclara que el valor de los ítems establecidos en el anexo Estudio del Mercado, es solo un indicativo de la suma de todo el catálogo de bienes y servicios estimados, teniendo en cuenta que su ejecución es a monto agotable, sin obligar a que la Entidad deba solicitar todos los ítems descritos, sino que se solicitarán de acuerdo con las necesidades de la Entidad, por lo que los ítems se cancelarán, de acuerdo con lo ofertado por el proponente adjudicatario y por lo realmente ejecutado. Nota 5: Por tratarse de un contrato a precios unitarios fijos y a monto agotable, no habrá lugar a ajustar el valor del contrato por cambio de vigencia. Nota 6: El proceso se adjudicará por el valor del presupuesto oficial el cual se ejecutará tomando en cuenta los ítems del tarifario de conformidad con los valores ofertados por el proponente adjudicatario. Nota 7: El proceso se adjudicará de acuerdo a las reglas de pliego modelo IDU de selección abreviada de menor cuantía. Nota 8: El contratista debe tener en cuenta los impuestos y gravámenes que le aplican al contrato que se genere a partir del presente proceso de contratación. • Retención en la fuente tarifa del 3.5% sobre el valor facturado antes de IVA si se genera este impuesto. • Retención en el IVA facturado (en los casos que aplique) del 15%. • Retención ICA tarifa 9.66 por mil, aplicado sobre el valor antes de IVA. • Estampillas Distritales: Universidad Distrital al 1.1%, Pro-Cultura al 0.5% y Pro Mayores al 2%. Nota 9: Es necesario aclarar que los descuentos aquí relacionados son de carácter general, pudiendo variar según las características fiscales del contratista y/o la normatividad vigente. Nota 10: El valor del contrato, producto del presente proceso de selección, no será objeto de ajustes por cambio de moneda o vigencia, en el evento que así sucediera, estos deberán ser asumidos por el contratista quien deberá contemplarlos en su propuesta económica.
K1357: FIRMA DEL PROPONENTE O SU REPRESENTANTE LEGAL
K1359: NOMBRE DEL PROPONENTE

Sheet ESTUDIO DE MERCADO (2)
B1: FORMATO
B2: CONSTANCIA DE ESTUDIOS DE MERCADO
B3: CÓDIGO | E3: PROCESO | P3: VERSIÓN
B4: FO-DP-183 | E4: Diseño de Proyectos | P4: 1
B5: Fecha de elaboración | F5: 46239
B7: Teniendo en cuenta el artículo 2.1.1. Numeral 4 del Decreto 734 de 2012, se efectuó la consulta de precios de mercado para :
B8: Objeto: | E8: PRESTAR EL SERVICIO DE MANTENIMIENTO PREVENTIVO Y CORRECTIVO, INCLUIDAS AUTOPARTES Y MANO DE OBRA, PARA EL PARQUE AUTOMOTOR DEL INSTITUTO DE DESARROLLO URBANO.
B9: Para tal efecto se le dio a conocer al mercado, las especificaciones técnicas de lo requerido para el presente proceso, y se hizo la consulta por medio de
B11: MEDIO | K11: MARQUE CON UNA (X)
B12: Telefónicamente
B13: Correo Electrónico | K13: X
B14: Personalmente
B15: Comunicación Escrita
B16: Como se detalla a continuación , la consulta para la realización del Estudio de Mercado del proceso en mención, se observa que lo cotizado corresponde al objeto a contratar en todos sus componentes y que a su vez se ajusta a las condiciones y/o especificaciones contenidas en los estudios previos:
B18: EMPRESAS COTIZANTES | G18: Precios históricos de las órdenes de compra | S18: COTIZACION No 1 CA MOTORES TALLER AUTOMOTRIZ SAS | AE18: COTIZACION No 2 DERBY TALLER AUTOMOTRIZ SAS | AQ18: PROMEDIO | BD18: MEDIA ARMONICA | BJ18: PROMEDIO | BP18: PROMEDIO CON DESVIACION ESTANDAR
A19: ÍTEM | C19: ELEMENTOS Y/O SERVICIO | E19: MEDIDA DE UNIDAD | F19: CANTIDAD | G19: ORDEN DE COMPRA - 139881 - 2024 SUZUKI GRAND VITARA (2009) | I19: ORDEN DE COMPRA - 139881 - 2024 SUZUKI GRAND VITARA SUZUKI (2017) | K19: ORDEN DE COMPRA - 151874 - 2025 TOYOTA FORTUNER (2018) | M19: ORDEN DE COMPRA -151875 - 2025 CAMION FORD F350 (1994) | O19: ORDEN DE COMPRA -151876 - 2025 VAN RENAULT MASTER (2018) | Q19: FORD ESCAPE HIBRIDA (2024) | S19: SUZUKI GRAND VITARA (2009) | U19: SUZUKI GRAND VITARA SUZUKI (2017) | W19: TOYOTA FORTUNER (2018) | Y19: CAMION FORD F350 (1994) | AA19: VAN RENAULT MASTER (2018) | AC19: FORD ESCAPE HIBRIDA (2024) | AE19: SUZUKI GRAND VITARA (2009) | AG19: SUZUKI GRAND VITARA SUZUKI (2017) | AI19: TOYOTA FORTUNER (2018) | AK19: CAMION FORD F350 (1994) | AM19: VAN RENAULT MASTER (2018) | AO19: FORD ESCAPE HIBRIDA (2024) | AQ19: SUZUKI GRAND VITARA (2009) | AS19: SUZUKI GRAND VITARA SUZUKI (2017) | AU19: TOYOTA FORTUNER (2018) | AW19: CAMION FORD F350 (1994) | AY19: VAN RENAULT MASTER (2018) | BA19: FORD ESCAPE HIBRIDA (2024) | BD19: SUZUKI GRAND VITARA (2009) | BE19: SUZUKI GRAND VITARA SUZUKI (2017) | BF19: TOYOTA FORTUNER (2018) | BG19: CAMION FORD F350 (1994) | BH19: VAN RENAULT MASTER (2018) | BI19: FORD ESCAPE HIBRIDA (2024) | BJ19: SUZUKI GRAND VITARA (2009) | BK19: SUZUKI GRAND VITARA SUZUKI (2017) | BL19: TOYOTA FORTUNER (2018) | BM19: CAMION FORD F350 (1994) | BN19: VAN RENAULT MASTER (2018) | BO19: FORD ESCAPE HIBRIDA (2024) | BP19: SUZUKI GRAND VITARA (2009) | BQ19: SUZUKI GRAND VITARA SUZUKI (2017) | BR19: TOYOTA FORTUNER (2018) | BS19: CAMION FORD F350 (1994) | BT19: VAN RENAULT MASTER (2018) | BU19: FORD ESCAPE HIBRIDA (2024)
G20: TRANSMISION: MECANICA TRACCION: 4X4 COMBUSTIBLE: GASOLINA | I20: TRANSMISION: MECANICA TRACCION: 4X4 COMBUSTIBLE: GASOLINA | K20: TRANSMISION: AUTOMATICA TRACCION: 4X2 COMBUSTIBLE: GASOLINA | M20: TRANSMISION: MECANICA TRACCION: 4X2 COMBUSTIBLE: GASOLINA | O20: TRANSMISION: MECANICA TRACCION: 4X2 COMBUSTIBLE: DIESEL | Q20: TRANSMISION: AUTOMATICA TRACCION: 4X2 COMBUSTIBLE: GASOLINA | S20: TRANSMISION: MECANICA TRACCION: 4X4 COMBUSTIBLE: GASOLINA | U20: TRANSMISION: MECANICA TRACCION: 4X4 COMBUSTIBLE: GASOLINA | W20: TRANSMISION: AUTOMATICA TRACCION: 4X2 COMBUSTIBLE: GASOLINA | Y20: TRANSMISION: MECANICA TRACCION: 4X2 COMBUSTIBLE: GASOLINA | AA20: TRANSMISION: MECANICA TRACCION: 4X2 COMBUSTIBLE: DIESEL | AC20: TRANSMISION: AUTOMATICA TRACCION: 4X2 COMBUSTIBLE: GASOLINA | AE20: TRANSMISION: MECANICA TRACCION: 4X4 COMBUSTIBLE: GASOLINA | AG20: TRANSMISION: MECANICA TRACCION: 4X4 COMBUSTIBLE: GASOLINA | AI20: TRANSMISION: AUTOMATICA TRACCION: 4X2 COMBUSTIBLE: GASOLINA | AK20: TRANSMISION: MECANICA TRACCION: 4X2 COMBUSTIBLE: GASOLINA | AM20: TRANSMISION: MECANICA TRACCION: 4X2 COMBUSTIBLE: DIESEL | AO20: TRANSMISION: AUTOMATICA TRACCION: 4X2 COMBUSTIBLE: GASOLINA | AQ20: TRANSMISION: MECANICA TRACCION: 4X4 COMBUSTIBLE: GASOLINA | AS20: TRANSMISION: MECANICA TRACCION: 4X4 COMBUSTIBLE: GASOLINA | AU20: TRANSMISION: AUTOMATICA TRACCION: 4X2 COMBUSTIBLE: GASOLINA | AW20: TRANSMISION: MECANICA TRACCION: 4X2 COMBUSTIBLE: GASOLINA | AY20: TRANSMISION: MECANICA TRACCION: 4X2 COMBUSTIBLE: DIESEL | BA20: TRANSMISION: AUTOMATICA TRACCION: 4X2 COMBUSTIBLE: GASOLINA | BD20: TRANSMISION: MECANICA TRACCION: 4X4 COMBUSTIBLE: GASOLINA | BE20: TRANSMISION: MECANICA TRACCION: 4X4 COMBUSTIBLE: GASOLINA | BF20: TRANSMISION: AUTOMATICA TRACCION: 4X2 COMBUSTIBLE: GASOLINA | BG20: TRANSMISION: MECANICA TRACCION: 4X2 COMBUSTIBLE: GASOLINA | BH20: TRANSMISION: MECANICA TRACCION: 4X2 COMBUSTIBLE: DIESEL | BI20: TRANSMISION: AUTOMATICA TRACCION: 4X2 COMBUSTIBLE: GASOLINA | BJ20: TRANSMISION: MECANICA TRACCION: 4X4 COMBUSTIBLE: GASOLINA | BK20: TRANSMISION: MECANICA TRACCION: 4X4 COMBUSTIBLE: GASOLINA | BL20: TRANSMISION: AUTOMATICA TRACCION: 4X2 COMBUSTIBLE: GASOLINA | BM20: TRANSMISION: MECANICA TRACCION: 4X2 COMBUSTIBLE: GASOLINA | BN20: TRANSMISION: MECANICA TRACCION: 4X2 COMBUSTIBLE: DIESEL | BO20: TRANSMISION: AUTOMATICA TRACCION: 4X2 COMBUSTIBLE: GASOLINA | BP20: TRANSMISION: MECANICA TRACCION: 4X4 COMBUSTIBLE: GASOLINA | BQ20: TRANSMISION: MECANICA TRACCION: 4X4 COMBUSTIBLE: GASOLINA | BR20: TRANSMISION: AUTOMATICA TRACCION: 4X2 COMBUSTIBLE: GASOLINA | BS20: TRANSMISION: MECANICA TRACCION: 4X2 COMBUSTIBLE: GASOLINA | BT20: TRANSMISION: MECANICA TRACCION: 4X2 COMBUSTIBLE: DIESEL | BU20: TRANSMISION: AUTOMATICA TRACCION: 4X2 COMBUSTIBLE: GASOLINA
G21: CANTIDAD DE VEHICULOS: 20 | I21: CANTIDAD DE VEHICULOS: 15 | K21: CANTIDAD DE VEHICULOS: 1 | M21: CANTIDAD DE VEHICULOS: 1 | O21: CANTIDAD DE VEHICULOS: 1 | Q21: CANTIDAD DE VEHICULOS: 6 | S21: CANTIDAD DE VEHICULOS: 20 | U21: CANTIDAD DE VEHICULOS: 15 | W21: CANTIDAD DE VEHICULOS: 1 | Y21: CANTIDAD DE VEHICULOS: 1 | AA21: CANTIDAD DE VEHICULOS: 1 | AC21: CANTIDAD DE VEHICULOS: 6 | AE21: CANTIDAD DE VEHICULOS: 20 | AG21: CANTIDAD DE VEHICULOS: 15 | AI21: CANTIDAD DE VEHICULOS: 1 | AK21: CANTIDAD DE VEHICULOS: 1 | AM21: CANTIDAD DE VEHICULOS: 1 | AO21: CANTIDAD DE VEHICULOS: 6 | AQ21: CANTIDAD DE VEHICULOS: 20 | AS21: CANTIDAD DE VEHICULOS: 15 | AU21: CANTIDAD DE VEHICULOS: 1 | AW21: CANTIDAD DE VEHICULOS: 1 | AY21: CANTIDAD DE VEHICULOS: 1 | BA21: CANTIDAD DE VEHICULOS: 6 | BD21: CANTIDAD DE VEHICULOS: 20 | BE21: CANTIDAD DE VEHICULOS: 15 | BF21: CANTIDAD DE VEHICULOS: 1 | BG21: CANTIDAD DE VEHICULOS: 1 | BH21: CANTIDAD DE VEHICULOS: 1 | BI21: CANTIDAD DE VEHICULOS: 6 | BJ21: CANTIDAD DE VEHICULOS: 20 | BK21: CANTIDAD DE VEHICULOS: 15 | BL21: CANTIDAD DE VEHICULOS: 1 | BM21: CANTIDAD DE VEHICULOS: 1 | BN21: CANTIDAD DE VEHICULOS: 1 | BO21: CANTIDAD DE VEHICULOS: 6 | BP21: CANTIDAD DE VEHICULOS: 20 | BQ21: CANTIDAD DE VEHICULOS: 15 | BR21: CANTIDAD DE VEHICULOS: 1 | BS21: CANTIDAD DE VEHICULOS: 1 | BT21: CANTIDAD DE VEHICULOS: 1 | BU21: CANTIDAD DE VEHICULOS: 6
G22: VALOR SIN IVA | H22: VALOR CON IVA | I22: VALOR SIN IVA | J22: VALOR CON IVA | K22: VALOR SIN IVA | L22: VALOR CON IVA | M22: VALOR SIN IVA | N22: VALOR CON IVA | O22: VALOR SIN IVA | P22: VALOR CON IVA | Q22: VALOR SIN IVA | R22: VALOR CON IVA | S22: VALOR SIN IVA | T22: VALOR CON IVA | U22: VALOR SIN IVA | V22: VALOR CON IVA | W22: VALOR SIN IVA | X22: VALOR CON IVA | Y22: VALOR SIN IVA | Z22: VALOR CON IVA | AA22: VALOR SIN IVA | AB22: VALOR CON IVA | AC22: VALOR SIN IVA | AD22: VALOR CON IVA | AE22: VALOR SIN IVA | AF22: VALOR CON IVA | AG22: VALOR SIN IVA | AH22: VALOR CON IVA | AI22: VALOR SIN IVA | AJ22: VALOR CON IVA | AK22: VALOR SIN IVA | AL22: VALOR CON IVA | AM22: VALOR SIN IVA | AN22: VALOR CON IVA | AO22: VALOR SIN IVA | AP22: VALOR CON IVA | AQ22: VALOR SIN IVA | AR22: VALOR CON IVA | AS22: VALOR SIN IVA | AT22: VALOR CON IVA | AU22: VALOR SIN IVA | AV22: VALOR CON IVA | AW22: VALOR SIN IVA | AX22: VALOR CON IVA | AY22: VALOR SIN IVA | AZ22: VALOR CON IVA | BA22: VALOR SIN IVA | BB22: VALOR CON IVA | BD22: VALOR SIN IVA | BE22: VALOR SIN IVA | BF22: VALOR SIN IVA | BG22: VALOR SIN IVA | BH22: VALOR SIN IVA | BI22: VALOR SIN IVA | BJ22: VALOR SIN IVA | BK22: VALOR SIN IVA | BL22: VALOR SIN IVA | BM22: VALOR SIN IVA | BN22: VALOR SIN IVA | BO22: VALOR SIN IVA | BP22: VALOR SIN IVA | BQ22: VALOR SIN IVA | BR22: VALOR SIN IVA | BS22: VALOR SIN IVA | BT22: VALOR SIN IVA | BU22: VALOR SIN IVA
A23: 1 | B23: MANO DE OBRA | C23: ABRAZADERA BARRA ESTABILIZADORA | D23: =B23&"|"&C23 -> MANO DE OBRA|ABRAZADERA BARRA ESTABILIZADORA | E23: SERVICIO | F23: 1 | G23: 89601.513 | H23: =G23*1.19 -> 106625.8 | I23: 89601.513 | J23: =I23*1.19 -> 106625.8 | K23: 0.91392 | L23: =K23*1.19 -> 1.0875648 | M23: 14.6336 | N23: =M23*1.19 -> 17.413984 | O23: 10.88 | P23: =O23*1.19 -> 12.9472 | R23: =Q23*1.19 -> 0 | S23: 25000 | T23: =S23*1.19 -> 29750 | U23: 25000 | V23: =U23*1.19 -> 29750 | W23: 25000 | X23: =W23*1.19 -> 29750 | Y23: 25000 | Z23: =Y23*1.19 -> 29750 | AA23: 25000 | AB23: =AA23*1.19 -> 29750 | AC23: 25000 | AD23: =AC23*1.19 -> 29750 | AE23: 27500 | AF23: =AE23*1.19 -> 32725 | AG23: 27500 | AH23: =AG23*1.19 -> 32725 | AI23: 27500 | AJ23: =AI23*1.19 -> 32725 | AK23: 27500 | AL23: =AK23*1.19 -> 32725 | AM23: 27500 | AN23: =AM23*1.19 -> 32725 | AO23: 27500 | AP23: =AO23*1.19 -> 32725 | AQ23: =AVERAGE(G23,S23,AE23) -> 47367.171 | AR23: =AQ23*1.19 -> 56366.934 | AS23: =AVERAGE(I23,U23,AG23) -> 47367.171 | AT23: =AS23*1.19 -> 56366.934 | AU23: =AVERAGE(K23,W23,AI23) -> 17500.305 | AV23: =AU23*1.19 -> 20825.363 | AW23: =AVERAGE(M23,Y23,AK23) -> 17504.878 | AX23: =AW23*1.19 -> 20830.805 | AY23: =AVERAGE(O23,AA23,AM23) -> 17503.627 | AZ23: =AY23*1.19 -> 20829.316 | BA23: =AVERAGE(AC23,AO23) -> 26250 | BB23: =BA23*1.19 -> 31237.5 | BD23: =IFERROR(ROUND(HARMEAN(G23,S23,AE23),0),0) -> 34276 | BE23: =IFERROR(ROUND(HARMEAN(I23,U23,AG23),0),0) -> 34276 | BF23: =IFERROR(ROUND(HARMEAN(K23,W23,AI23),0),0) -> 3 | BG23: =IFERROR(ROUND(HARMEAN(M23,Y23,AK23),0),0) -> 44 | BH23: =IFERROR(ROUND(HARMEAN(O23,AA23,AM23),0),0) -> 33 | BI23: =IFERROR(ROUND(HARMEAN(Q23,AC23,AO23),0),0) -> 26190 | BJ23: =IFERROR(ROUND(AVERAGE(G23,S23,AE23),0),0) -> 47367 | BK23: =IFERROR(ROUND(AVERAGE(I23,U23,AG23),0),0) -> 47367 | BL23: =IFERROR(ROUND(AVERAGE(K23,W23,AI23),0),0) -> 17500 | BM23: =IFERROR(ROUND(AVERAGE(M23,Y23,AK23),0),0) -> 17505 | BN23: =IFERROR(ROUND(AVERAGE(O23,AA23,AM23),0),0) -> 17504 | BO23: =IFERROR(ROUND(AVERAGE(Q23,AC23,AO23),0),0) -> 26250 | BP23: =IFERROR(ROUND(IF(ABS(G23-AVERAGE(S23,AE23))/AVERAGE(S23,AE23)>50%,AVERAGE(S23,AE23),IF(ABS(S23-AVERAGE(G23,AE23))/AVERAGE(G23,AE23)>50%,AVERAGE(G23,AE23),IF(ABS(AE23-AVERAGE(G23,S23))/AVERAGE(G23,S23)>50%,AVERAGE(G23,S23),AVERAGE(G23,S23,AE23)))),0),0) -> 26250 | BQ23: =IFERROR(ROUND(IF(ABS(I23-AVERAGE(U23,AG23))/AVERAGE(U23,AG23)>50%,AVERAGE(U23,AG23),IF(ABS(U23-AVERAGE(I23,AG23))/AVERAGE(I23,AG23)>50%,AVERAGE(I23,AG23),IF(ABS(AG23-AVERAGE(I23,U23))/AVERAGE(I23,U23)>50%,AVERAGE(I23,U23),AVERAGE(I23,U23,AG23)))),0),0) -> 26250 | BR23: =IFERROR(ROUND(IF(ABS(K23-AVERAGE(W23,AI23))/AVERAGE(W23,AI23)>50%,AVERAGE(W23,AI23),IF(ABS(W23-AVERAGE(K23,AI23))/AVERAGE(K23,AI23)>50%,AVERAGE(K23,AI23),IF(ABS(AI23-AVERAGE(K23,W23))/AVERAGE(K23,W23)>50%,AVERAGE(K23,W23),AVERAGE(K23,W23,AI23)))),0),0) -> 26250 | BS23: =IFERROR(ROUND(IF(ABS(M23-AVERAGE(Y23,AK23))/AVERAGE(Y23,AK23)>50%,AVERAGE(Y23,AK23),IF(ABS(Y23-AVERAGE(M23,AK23))/AVERAGE(M23,AK23)>50%,AVERAGE(M23,AK23),IF(ABS(AK23-AVERAGE(M23,Y23))/AVERAGE(M23,Y23)>50%,AVERAGE(M23,Y23),AVERAGE(M23,Y23,AK23)))),0),0) -> 26250 | BT23: =IFERROR(ROUND(IF(ABS(O23-AVERAGE(AA23,AM23))/AVERAGE(AA23,AM23)>50%,AVERAGE(AA23,AM23),IF(ABS(AA23-AVERAGE(O23,AM23))/AVERAGE(O23,AM23)>50%,AVERAGE(O23,AM23),IF(ABS(AM23-AVERAGE(O23,AA23))/AVERAGE(O23,AA23)>50%,AVERAGE(O23,AA23),AVERAGE(O23,AA23,AM23)))),0),0) -> 26250 | BU23: =IFERROR(ROUND(IF(ABS(Q23-AVERAGE(AC23,AO23))/AVERAGE(AC23,AO23)>50%,AVERAGE(AC23,AO23),IF(ABS(AC23-AVERAGE(Q23,AO23))/AVERAGE(Q23,AO23)>50%,AVERAGE(Q23,AO23),IF(ABS(AO23-AVERAGE(Q23,AC23))/AVERAGE(Q23,AC23)>50%,AVERAGE(Q23,AC23),AVERAGE(Q23,AC23,AO23)))),0),0) -> 26250 | BV23: =SUM(BP23:BU23) -> 157500
A24: 2 | B24: REPUESTOS | C24: ABRAZADERA BARRA ESTABILIZADORA | D24: =B24&"|"&C24 -> REPUESTOS|ABRAZADERA BARRA ESTABILIZADORA | E24: UNIDAD | F24: 1 | G24: 17575.014 | H24: =G24*1.19 -> 20914.266 | I24: 30815.694 | J24: =I24*1.19 -> 36670.676 | K24: 0.91392 | L24: =K24*1.19 -> 1.0875648 | M24: 16.46144 | N24: =M24*1.19 -> 19.589114 | O24: 14.144 | P24: =O24*1.19 -> 16.83136 | R24: =Q24*1.19 -> 0 | S24: 30500 | T24: =S24*1.19 -> 36295 | U24: 30500 | V24: =U24*1.19 -> 36295 | W24: 30500 | X24: =W24*1.19 -> 36295 | Y24: 30500 | Z24: =Y24*1.19 -> 36295 | AA24: 30500 | AB24: =AA24*1.19 -> 36295 | AC24: 30500 | AD24: =AC24*1.19 -> 36295 | AE24: 33600 | AF24: =AE24*1.19 -> 39984 | AG24: 33600 | AH24: =AG24*1.19 -> 39984 | AI24: 33600 | AJ24: =AI24*1.19 -> 39984 | AK24: 33600 | AL24: =AK24*1.19 -> 39984 | AM24: 33600 | AN24: =AM24*1.19 -> 39984 | AO24: 33600 | AP24: =AO24*1.19 -> 39984 | AQ24: =AVERAGE(G24,S24,AE24) -> 27225.005 | AR24: =AQ24*1.19 -> 32397.755 | AS24: =AVERAGE(I24,U24,AG24) -> 31638.565 | AT24: =AS24*1.19 -> 37649.892 | AU24: =AVERAGE(K24,W24,AI24) -> 21366.971 | AV24: =AU24*1.19 -> 25426.696 | AW24: =AVERAGE(M24,Y24,AK24) -> 21372.154 | AX24: =AW24*1.19 -> 25432.863 | AY24: =AVERAGE(O24,AA24,AM24) -> 21371.381 | AZ24: =AY24*1.19 -> 25431.944 | BA24: =AVERAGE(AC24,AO24) -> 32050 | BB24: =BA24*1.19 -> 38139.5 | BD24: =IFERROR(ROUND(HARMEAN(G24,S24,AE24),0),0) -> 25116 | BE24: =IFERROR(ROUND(HARMEAN(I24,U24,AG24),0),0) -> 31579 | BF24: =IFERROR(ROUND(HARMEAN(K24,W24,AI24),0),0) -> 3 | BG24: =IFERROR(ROUND(HARMEAN(M24,Y24,AK24),0),0) -> 49 | BH24: =IFERROR(ROUND(HARMEAN(O24,AA24,AM24),0),0) -> 42 | BI24: =IFERROR(ROUND(HARMEAN(Q24,AC24,AO24),0),0) -> 31975 | BJ24: =IFERROR(ROUND(AVERAGE(G24,S24,AE24),0),0) -> 27225 | BK24: =IFERROR(ROUND(AVERAGE(I24,U24,AG24),0),0) -> 31639 | BL24: =IFERROR(ROUND(AVERAGE(K24,W24,AI24),0),0) -> 21367 | BM24: =IFERROR(ROUND(AVERAGE(M24,Y24,AK24),0),0) -> 21372 | BN24: =IFERROR(ROUND(AVERAGE(O24,AA24,AM24),0),0) -> 21371 | BO24: =IFERROR(ROUND(AVERAGE(Q24,AC24,AO24),0),0) -> 32050 | BP24: =IFERROR(ROUND(IF(ABS(G24-AVERAGE(S24,AE24))/AVERAGE(S24,AE24)>50%,AVERAGE(S24,AE24),IF(ABS(S24-AVERAGE(G24,AE24))/AVERAGE(G24,AE24)>50%,AVERAGE(G24,AE24),IF(ABS(AE24-AVERAGE(G24,S24))/AVERAGE(G24,S24)>50%,AVERAGE(G24,S24),AVERAGE(G24,S24,AE24)))),0),0) -> 27225 | BQ24: =IFERROR(ROUND(IF(ABS(I24-AVERAGE(U24,AG24))/AVERAGE(U24,AG24)>50%,AVERAGE(U24,AG24),IF(ABS(U24-AVERAGE(I24,AG24))/AVERAGE(I24,AG24)>50%,AVERAGE(I24,AG24),IF(ABS(AG24-AVERAGE(I24,U24))/AVERAGE(I24,U24)>50%,AVERAGE(I24,U24),AVERAGE(I24,U24,AG24)))),0),0) -> 31639 | BR24: =IFERROR(ROUND(IF(ABS(K24-AVERAGE(W24,AI24))/AVERAGE(W24,AI24)>50%,AVERAGE(W24,AI24),IF(ABS(W24-AVERAGE(K24,AI24))/AVERAGE(K24,AI24)>50%,AVERAGE(K24,AI24),IF(ABS(AI24-AVERAGE(K24,W24))/AVERAGE(K24,W24)>50%,AVERAGE(K24,W24),AVERAGE(K24,W24,AI24)))),0),0) -> 32050 | BS24: =IFERROR(ROUND(IF(ABS(M24-AVERAGE(Y24,AK24))/AVERAGE(Y24,AK24)>50%,AVERAGE(Y24,AK24),IF(ABS(Y24-AVERAGE(M24,AK24))/AVERAGE(M24,AK24)>50%,AVERAGE(M24,AK24),IF(ABS(AK24-AVERAGE(M24,Y24))/AVERAGE(M24,Y24)>50%,AVERAGE(M24,Y24),AVERAGE(M24,Y24,AK24)))),0),0) -> 32050 | BT24: =IFERROR(ROUND(IF(ABS(O24-AVERAGE(AA24,AM24))/AVERAGE(AA24,AM24)>50%,AVERAGE(AA24,AM24),IF(ABS(AA24-AVERAGE(O24,AM24))/AVERAGE(O24,AM24)>50%,AVERAGE(O24,AM24),IF(ABS(AM24-AVERAGE(O24,AA24))/AVERAGE(O24,AA24)>50%,AVERAGE(O24,AA24),AVERAGE(O24,AA24,AM24)))),0),0) -> 32050 | BU24: =IFERROR(ROUND(IF(ABS(Q24-AVERAGE(AC24,AO24))/AVERAGE(AC24,AO24)>50%,AVERAGE(AC24,AO24),IF(ABS(AC24-AVERAGE(Q24,AO24))/AVERAGE(Q24,AO24)>50%,AVERAGE(Q24,AO24),IF(ABS(AO24-AVERAGE(Q24,AC24))/AVERAGE(Q24,AC24)>50%,AVERAGE(Q24,AC24),AVERAGE(Q24,AC24,AO24)))),0),0) -> 32050 | BV24: =SUM(BP24:BU24) -> 187064
A25: 3 | B25: MANO DE OBRA | C25: ABRAZADERAS RADIADOR | D25: =B25&"|"&C25 -> MANO DE OBRA|ABRAZADERAS RADIADOR | E25: SERVICIO | F25: 1 | G25: 22400.144 | H25: =G25*1.19 -> 26656.172 | I25: 22400.144 | J25: =I25*1.19 -> 26656.172 | K25: 0.91392 | L25: =K25*1.19 -> 1.0875648 | M25: 14.6336 | N25: =M25*1.19 -> 17.413984 | O25: 10.88 | P25: =O25*1.19 -> 12.9472 | R25: =Q25*1.19 -> 0 | S25: 25000 | T25: =S25*1.19 -> 29750 | U25: 25000 | V25: =U25*1.19 -> 29750 | W25: 25000 | X25: =W25*1.19 -> 29750 | Y25: 25000 | Z25: =Y25*1.19 -> 29750 | AA25: 25000 | AB25: =AA25*1.19 -> 29750 | AC25: 25000 | AD25: =AC25*1.19 -> 29750 | AE25: 27500 | AF25: =AE25*1.19 -> 32725 | AG25: 27500 | AH25: =AG25*1.19 -> 32725 | AI25: 27500 | AJ25: =AI25*1.19 -> 32725 | AK25: 27500 | AL25: =AK25*1.19 -> 32725 | AM25: 27500 | AN25: =AM25*1.19 -> 32725 | AO25: 27500 | AP25: =AO25*1.19 -> 32725 | AQ25: =AVERAGE(G25,S25,AE25) -> 24966.715 | AR25: =AQ25*1.19 -> 29710.391 | AS25: =AVERAGE(I25,U25,AG25) -> 24966.715 | AT25: =AS25*1.19 -> 29710.391 | AU25: =AVERAGE(K25,W25,AI25) -> 17500.305 | AV25: =AU25*1.19 -> 20825.363 | AW25: =AVERAGE(M25,Y25,AK25) -> 17504.878 | AX25: =AW25*1.19 -> 20830.805 | AY25: =AVERAGE(O25,AA25,AM25) -> 17503.627 | AZ25: =AY25*1.19 -> 20829.316 | BA25: =AVERAGE(AC25,AO25) -> 26250 | BB25: =BA25*1.19 -> 31237.5 | BD25: =IFERROR(ROUND(HARMEAN(G25,S25,AE25),0),0) -> 24792 | BE25: =IFERROR(ROUND(HARMEAN(I25,U25,AG25),0),0) -> 24792 | BF25: =IFERROR(ROUND(HARMEAN(K25,W25,AI25),0),0) -> 3 | BG25: =IFERROR(ROUND(HARMEAN(M25,Y25,AK25),0),0) -> 44 | BH25: =IFERROR(ROUND(HARMEAN(O25,AA25,AM25),0),0) -> 33 | BI25: =IFERROR(ROUND(HARMEAN(Q25,AC25,AO25),0),0) -> 26190 | BJ25: =IFERROR(ROUND(AVERAGE(G25,S25,AE25),0),0) -> 24967 | BK25: =IFERROR(ROUND(AVERAGE(I25,U25,AG25),0),0) -> 24967 | BL25: =IFERROR(ROUND(AVERAGE(K25,W25,AI25),0),0) -> 17500 | BM25: =IFERROR(ROUND(AVERAGE(M25,Y25,AK25),0),0) -> 17505 | BN25: =IFERROR(ROUND(AVERAGE(O25,AA25,AM25),0),0) -> 17504 | BO25: =IFERROR(ROUND(AVERAGE(Q25,AC25,AO25),0),0) -> 26250 | BP25: =IFERROR(ROUND(IF(ABS(G25-AVERAGE(S25,AE25))/AVERAGE(S25,AE25)>50%,AVERAGE(S25,AE25),IF(ABS(S25-AVERAGE(G25,AE25))/AVERAGE(G25,AE25)>50%,AVERAGE(G25,AE25),IF(ABS(AE25-AVERAGE(G25,S25))/AVERAGE(G25,S25)>50%,AVERAGE(G25,S25),AVERAGE(G25,S25,AE25)))),0),0) -> 24967 | BQ25: =IFERROR(ROUND(IF(ABS(I25-AVERAGE(U25,AG25))/AVERAGE(U25,AG25)>50%,AVERAGE(U25,AG25),IF(ABS(U25-AVERAGE(I25,AG25))/AVERAGE(I25,AG25)>50%,AVERAGE(I25,AG25),IF(ABS(AG25-AVERAGE(I25,U25))/AVERAGE(I25,U25)>50%,AVERAGE(I25,U25),AVERAGE(I25,U25,AG25)))),0),0) -> 24967 | BR25: =IFERROR(ROUND(IF(ABS(K25-AVERAGE(W25,AI25))/AVERAGE(W25,AI25)>50%,AVERAGE(W25,AI25),IF(ABS(W25-AVERAGE(K25,AI25))/AVERAGE(K25,AI25)>50%,AVERAGE(K25,AI25),IF(ABS(AI25-AVERAGE(K25,W25))/AVERAGE(K25,W25)>50%,AVERAGE(K25,W25),AVERAGE(K25,W25,AI25)))),0),0) -> 26250 | BS25: =IFERROR(ROUND(IF(ABS(M25-AVERAGE(Y25,AK25))/AVERAGE(Y25,AK25)>50%,AVERAGE(Y25,AK25),IF(ABS(Y25-AVERAGE(M25,AK25))/AVERAGE(M25,AK25)>50%,AVERAGE(M25,AK25),IF(ABS(AK25-AVERAGE(M25,Y25))/AVERAGE(M25,Y25)>50%,AVERAGE(M25,Y25),AVERAGE(M25,Y25,AK25)))),0),0) -> 26250 | BT25: =IFERROR(ROUND(IF(ABS(O25-AVERAGE(AA25,AM25))/AVERAGE(AA25,AM25)>50%,AVERAGE(AA25,AM25),IF(ABS(AA25-AVERAGE(O25,AM25))/AVERAGE(O25,AM25)>50%,AVERAGE(O25,AM25),IF(ABS(AM25-AVERAGE(O25,AA25))/AVERAGE(O25,AA25)>50%,AVERAGE(O25,AA25),AVERAGE(O25,AA25,AM25)))),0),0) -> 26250 | BU25: =IFERROR(ROUND(IF(ABS(Q25-AVERAGE(AC25,AO25))/AVERAGE(AC25,AO25)>50%,AVERAGE(AC25,AO25),IF(ABS(AC25-AVERAGE(Q25,AO25))/AVERAGE(Q25,AO25)>50%,AVERAGE(Q25,AO25),IF(ABS(AO25-AVERAGE(Q25,AC25))/AVERAGE(Q25,AC25)>50%,AVERAGE(Q25,AC25),AVERAGE(Q25,AC25,AO25)))),0),0) -> 26250 | BV25: =SUM(BP25:BU25) -> 154934
A26: 4 | B26: REPUESTOS | C26: ABRAZADERAS RADIADOR | D26: =B26&"|"&C26 -> REPUESTOS|ABRAZADERAS RADIADOR | E26: UNIDAD | F26: 1 | G26: 11716.68 | H26: =G26*1.19 -> 13942.849 | I26: 11716.68 | J26: =I26*1.19 -> 13942.849 | K26: 0.91392 | L26: =K26*1.19 -> 1.0875648 | M26: 18.28928 | N26: =M26*1.19 -> 21.764243 | O26: 14.144 | P26: =O26*1.19 -> 16.83136 | R26: =Q26*1.19 -> 0 | S26: 30500 | T26: =S26*1.19 -> 36295 | U26: 30500 | V26: =U26*1.19 -> 36295 | W26: 30500 | X26: =W26*1.19 -> 36295 | Y26: 30500 | Z26: =Y26*1.19 -> 36295 | AA26: 30500 | AB26: =AA26*1.19 -> 36295 | AC26: 30500 | AD26: =AC26*1.19 -> 36295 | AE26: 33600 | AF26: =AE26*1.19 -> 39984 | AG26: 33600 | AH26: =AG26*1.19 -> 39984 | AI26: 33600 | AJ26: =AI26*1.19 -> 39984 | AK26: 33600 | AL26: =AK26*1.19 -> 39984 | AM26: 33600 | AN26: =AM26*1.19 -> 39984 | AO26: 33600 | AP26: =AO26*1.19 -> 39984 | AQ26: =AVERAGE(G26,S26,AE26) -> 25272.227 | AR26: =AQ26*1.19 -> 30073.95 | AS26: =AVERAGE(I26,U26,AG26) -> 25272.227 | AT26: =AS26*1.19 -> 30073.95 | AU26: =AVERAGE(K26,W26,AI26) -> 21366.971 | AV26: =AU26*1.19 -> 25426.696 | AW26: =AVERAGE(M26,Y26,AK26) -> 21372.763 | AX26: =AW26*1.19 -> 25433.588 | AY26: =AVERAGE(O26,AA26,AM26) -> 21371.381 | AZ26: =AY26*1.19 -> 25431.944 | BA26: =AVERAGE(AC26,AO26) -> 32050 | BB26: =BA26*1.19 -> 38139.5 | BD26: =IFERROR(ROUND(HARMEAN(G26,S26,AE26),0),0) -> 20284 | BE26: =IFERROR(ROUND(HARMEAN(I26,U26,AG26),0),0) -> 20284 | BF26: =IFERROR(ROUND(HARMEAN(K26,W26,AI26),0),0) -> 3 | BG26: =IFERROR(ROUND(HARMEAN(M26,Y26,AK26),0),0) -> 55 | BH26: =IFERROR(ROUND(HARMEAN(O26,AA26,AM26),0),0) -> 42 | BI26: =IFERROR(ROUND(HARMEAN(Q26,AC26,AO26),0),0) -> 31975 | BJ26: =IFERROR(ROUND(AVERAGE(G26,S26,AE26),0),0) -> 25272 | BK26: =IFERROR(ROUND(AVERAGE(I26,U26,AG26),0),0) -> 25272 | BL26: =IFERROR(ROUND(AVERAGE(K26,W26,AI26),0),0) -> 21367 | BM26: =IFERROR(ROUND(AVERAGE(M26,Y26,AK26),0),0) -> 21373 | BN26: =IFERROR(ROUND(AVERAGE(O26,AA26,AM26),0),0) -> 21371 | BO26: =IFERROR(ROUND(AVERAGE(Q26,AC26,AO26),0),0) -> 32050 | BP26: =IFERROR(ROUND(IF(ABS(G26-AVERAGE(S26,AE26))/AVERAGE(S26,AE26)>50%,AVERAGE(S26,AE26),IF(ABS(S26-AVERAGE(G26,AE26))/AVERAGE(G26,AE26)>50%,AVERAGE(G26,AE26),IF(ABS(AE26-AVERAGE(G26,S26))/AVERAGE(G26,S26)>50%,AVERAGE(G26,S26),AVERAGE(G26,S26,AE26)))),0),0) -> 32050 | BQ26: =IFERROR(ROUND(IF(ABS(I26-AVERAGE(U26,AG26))/AVERAGE(U26,AG26)>50%,AVERAGE(U26,AG26),IF(ABS(U26-AVERAGE(I26,AG26))/AVERAGE(I26,AG26)>50%,AVERAGE(I26,AG26),IF(ABS(AG26-AVERAGE(I26,U26))/AVERAGE(I26,U26)>50%,AVERAGE(I26,U26),AVERAGE(I26,U26,AG26)))),0),0) -> 32050 | BR26: =IFERROR(ROUND(IF(ABS(K26-AVERAGE(W26,AI26))/AVERAGE(W26,AI26)>50%,AVERAGE(W26,AI26),IF(ABS(W26-AVERAGE(K26,AI26))/AVERAGE(K26,AI26)>50%,AVERAGE(K26,AI26),IF(ABS(AI26-AVERAGE(K26,W26))/AVERAGE(K26,W26)>50%,AVERAGE(K26,W26),AVERAGE(K26,W26,AI26)))),0),0) -> 32050 | BS26: =IFERROR(ROUND(IF(ABS(M26-AVERAGE(Y26,AK26))/AVERAGE(Y26,AK26)>50%,AVERAGE(Y26,AK26),IF(ABS(Y26-AVERAGE(M26,AK26))/AVERAGE(M26,AK26)>50%,AVERAGE(M26,AK26),IF(ABS(AK26-AVERAGE(M26,Y26))/AVERAGE(M26,Y26)>50%,AVERAGE(M26,Y26),AVERAGE(M26,Y26,AK26)))),0),0) -> 32050 | BT26: =IFERROR(ROUND(IF(ABS(O26-AVERAGE(AA26,AM26))/AVERAGE(AA26,AM26)>50%,AVERAGE(AA26,AM26),IF(ABS(AA26-AVERAGE(O26,AM26))/AVERAGE(O26,AM26)>50%,AVERAGE(O26,AM26),IF(ABS(AM26-AVERAGE(O26,AA26))/AVERAGE(O26,AA26)>50%,AVERAGE(O26,AA26),AVERAGE(O26,AA26,AM26)))),0),0) -> 32050 | BU26: =IFERROR(ROUND(IF(ABS(Q26-AVERAGE(AC26,AO26))/AVERAGE(AC26,AO26)>50%,AVERAGE(AC26,AO26),IF(ABS(AC26-AVERAGE(Q26,AO26))/AVERAGE(Q26,AO26)>50%,AVERAGE(Q26,AO26),IF(ABS(AO26-AVERAGE(Q26,AC26))/AVERAGE(Q26,AC26)>50%,AVERAGE(Q26,AC26),AVERAGE(Q26,AC26,AO26)))),0),0) -> 32050 | BV26: =SUM(BP26:BU26) -> 192300
A27: 5 | B27: MANO DE OBRA | C27: ACEITE COMPRESOR | D27: =B27&"|"&C27 -> MANO DE OBRA|ACEITE COMPRESOR | E27: SERVICIO | F27: 1 | G27: 44800.3 | H27: =G27*1.19 -> 53312.357 | I27: 44800.3 | J27: =I27*1.19 -> 53312.357 | K27: 0.91392 | L27: =K27*1.19 -> 1.0875648 | M27: 14.6336 | N27: =M27*1.19 -> 17.413984 | O27: 10.88 | P27: =O27*1.19 -> 12.9472 | R27: =Q27*1.19 -> 0 | S27: 175000 | T27: =S27*1.19 -> 208250 | U27: 175000 | V27: =U27*1.19 -> 208250 | W27: 175000 | X27: =W27*1.19 -> 208250 | Y27: 175000 | Z27: =Y27*1.19 -> 208250 | AA27: 175000 | AB27: =AA27*1.19 -> 208250 | AC27: 175000 | AD27: =AC27*1.19 -> 208250 | AE27: 192500 | AF27: =AE27*1.19 -> 229075 | AG27: 192500 | AH27: =AG27*1.19 -> 229075 | AI27: 192500 | AJ27: =AI27*1.19 -> 229075 | AK27: 192500 | AL27: =AK27*1.19 -> 229075 | AM27: 192500 | AN27: =AM27*1.19 -> 229075 | AO27: 192500 | AP27: =AO27*1.19 -> 229075 | AQ27: =AVERAGE(G27,S27,AE27) -> 137433.43 | AR27: =AQ27*1.19 -> 163545.79 | AS27: =AVERAGE(I27,U27,AG27) -> 137433.43 | AT27: =AS27*1.19 -> 163545.79 | AU27: =AVERAGE(K27,W27,AI27) -> 122500.3 | AV27: =AU27*1.19 -> 145775.36 | AW27: =AVERAGE(M27,Y27,AK27) -> 122504.88 | AX27: =AW27*1.19 -> 145780.8 | AY27: =AVERAGE(O27,AA27,AM27) -> 122503.63 | AZ27: =AY27*1.19 -> 145779.32 | BA27: =AVERAGE(AC27,AO27) -> 183750 | BB27: =BA27*1.19 -> 218662.5 | BD27: =IFERROR(ROUND(HARMEAN(G27,S27,AE27),0),0) -> 90279 | BE27: =IFERROR(ROUND(HARMEAN(I27,U27,AG27),0),0) -> 90279 | BF27: =IFERROR(ROUND(HARMEAN(K27,W27,AI27),0),0) -> 3 | BG27: =IFERROR(ROUND(HARMEAN(M27,Y27,AK27),0),0) -> 44 | BH27: =IFERROR(ROUND(HARMEAN(O27,AA27,AM27),0),0) -> 33 | BI27: =IFERROR(ROUND(HARMEAN(Q27,AC27,AO27),0),0) -> 183333 | BJ27: =IFERROR(ROUND(AVERAGE(G27,S27,AE27),0),0) -> 137433 | BK27: =IFERROR(ROUND(AVERAGE(I27,U27,AG27),0),0) -> 137433 | BL27: =IFERROR(ROUND(AVERAGE(K27,W27,AI27),0),0) -> 122500 | BM27: =IFERROR(ROUND(AVERAGE(M27,Y27,AK27),0),0) -> 122505 | BN27: =IFERROR(ROUND(AVERAGE(O27,AA27,AM27),0),0) -> 122504 | BO27: =IFERROR(ROUND(AVERAGE(Q27,AC27,AO27),0),0) -> 183750 | BP27: =IFERROR(ROUND(IF(ABS(G27-AVERAGE(S27,AE27))/AVERAGE(S27,AE27)>50%,AVERAGE(S27,AE27),IF(ABS(S27-AVERAGE(G27,AE27))/AVERAGE(G27,AE27)>50%,AVERAGE(G27,AE27),IF(ABS(AE27-AVERAGE(G27,S27))/AVERAGE(G27,S27)>50%,AVERAGE(G27,S27),AVERAGE(G27,S27,AE27)))),0),0) -> 183750 | BQ27: =IFERROR(ROUND(IF(ABS(I27-AVERAGE(U27,AG27))/AVERAGE(U27,AG27)>50%,AVERAGE(U27,AG27),IF(ABS(U27-AVERAGE(I27,AG27))/AVERAGE(I27,AG27)>50%,AVERAGE(I27,AG27),IF(ABS(AG27-AVERAGE(I27,U27))/AVERAGE(I27,U27)>50%,AVERAGE(I27,U27),AVERAGE(I27,U27,AG27)))),0),0) -> 183750 | BR27: =IFERROR(ROUND(IF(ABS(K27-AVERAGE(W27,AI27))/AVERAGE(W27,AI27)>50%,AVERAGE(W27,AI27),IF(ABS(W27-AVERAGE(K27,AI27))/AVERAGE(K27,AI27)>50%,AVERAGE(K27,AI27),IF(ABS(AI27-AVERAGE(K27,W27))/AVERAGE(K27,W27)>50%,AVERAGE(K27,W27),AVERAGE(K27,W27,AI27)))),0),0) -> 183750 | BS27: =IFERROR(ROUND(IF(ABS(M27-AVERAGE(Y27,AK27))/AVERAGE(Y27,AK27)>50%,AVERAGE(Y27,AK27),IF(ABS(Y27-AVERAGE(M27,AK27))/AVERAGE(M27,AK27)>50%,AVERAGE(M27,AK27),IF(ABS(AK27-AVERAGE(M27,Y27))/AVERAGE(M27,Y27)>50%,AVERAGE(M27,Y27),AVERAGE(M27,Y27,AK27)))),0),0) -> 183750 | BT27: =IFERROR(ROUND(IF(ABS(O27-AVERAGE(AA27,AM27))/AVERAGE(AA27,AM27)>50%,AVERAGE(AA27,AM27),IF(ABS(AA27-AVERAGE(O27,AM27))/AVERAGE(O27,AM27)>50%,AVERAGE(O27,AM27),IF(ABS(AM27-AVERAGE(O27,AA27))/AVERAGE(O27,AA27)>50%,AVERAGE(O27,AA27),AVERAGE(O27,AA27,AM27)))),0),0) -> 183750 | BU27: =IFERROR(ROUND(IF(ABS(Q27-AVERAGE(AC27,AO27))/AVERAGE(AC27,AO27)>50%,AVERAGE(AC27,AO27),IF(ABS(AC27-AVERAGE(Q27,AO27))/AVERAGE(Q27,AO27)>50%,AVERAGE(Q27,AO27),IF(ABS(AO27-AVERAGE(Q27,AC27))/AVERAGE(Q27,AC27)>50%,AVERAGE(Q27,AC27),AVERAGE(Q27,AC27,AO27)))),0),0) -> 183750 | BV27: =SUM(BP27:BU27) -> 1102500
A28: 6 | B28: REPUESTOS | C28: ACEITE COMPRESOR | D28: =B28&"|"&C28 -> REPUESTOS|ACEITE COMPRESOR | E28: CUARTO | F28: 1 | G28: 23434.273 | H28: =G28*1.19 -> 27886.785 | I28: 23434.273 | J28: =I28*1.19 -> 27886.785 | K28: 67456 | L28: =K28*1.19 -> 80272.64 | M28: 18.28928 | N28: =M28*1.19 -> 21.764243 | O28: 14.144 | P28: =O28*1.19 -> 16.83136 | R28: =Q28*1.19 -> 0 | S28: 105000 | T28: =S28*1.19 -> 124950 | U28: 105000 | V28: =U28*1.19 -> 124950 | W28: 105000 | X28: =W28*1.19 -> 124950 | Y28: 105000 | Z28: =Y28*1.19 -> 124950 | AA28: 105000 | AB28: =AA28*1.19 -> 124950 | AC28: 105000 | AD28: =AC28*1.19 -> 124950 | AE28: 115500 | AF28: =AE28*1.19 -> 137445 | AG28: 115500 | AH28: =AG28*1.19 -> 137445 | AI28: 115500 | AJ28: =AI28*1.19 -> 137445 | AK28: 115500 | AL28: =AK28*1.19 -> 137445 | AM28: 115500 | AN28: =AM28*1.19 -> 137445 | AO28: 115500 | AP28: =AO28*1.19 -> 137445 | AQ28: =AVERAGE(G28,S28,AE28) -> 81311.424 | AR28: =AQ28*1.19 -> 96760.595 | AS28: =AVERAGE(I28,U28,AG28) -> 81311.424 | AT28: =AS28*1.19 -> 96760.595 | AU28: =AVERAGE(K28,W28,AI28) -> 95985.333 | AV28: =AU28*1.19 -> 114222.55 | AW28: =AVERAGE(M28,Y28,AK28) -> 73506.096 | AX28: =AW28*1.19 -> 87472.255 | AY28: =AVERAGE(O28,AA28,AM28) -> 73504.715 | AZ28: =AY28*1.19 -> 87470.61 | BA28: =AVERAGE(AC28,AO28) -> 110250 | BB28: =BA28*1.19 -> 131197.5 | BD28: =IFERROR(ROUND(HARMEAN(G28,S28,AE28),0),0) -> 49298 | BE28: =IFERROR(ROUND(HARMEAN(I28,U28,AG28),0),0) -> 49298 | BF28: =IFERROR(ROUND(HARMEAN(K28,W28,AI28),0),0) -> 90892 | BG28: =IFERROR(ROUND(HARMEAN(M28,Y28,AK28),0),0) -> 55 | BH28: =IFERROR(ROUND(HARMEAN(O28,AA28,AM28),0),0) -> 42 | BI28: =IFERROR(ROUND(HARMEAN(Q28,AC28,AO28),0),0) -> 110000 | BJ28: =IFERROR(ROUND(AVERAGE(G28,S28,AE28),0),0) -> 81311 | BK28: =IFERROR(ROUND(AVERAGE(I28,U28,AG28),0),0) -> 81311 | BL28: =IFERROR(ROUND(AVERAGE(K28,W28,AI28),0),0) -> 95985 | BM28: =IFERROR(ROUND(AVERAGE(M28,Y28,AK28),0),0) -> 73506 | BN28: =IFERROR(ROUND(AVERAGE(O28,AA28,AM28),0),0) -> 73505 | BO28: =IFERROR(ROUND(AVERAGE(Q28,AC28,AO28),0),0) -> 110250 | BP28: =IFERROR(ROUND(IF(ABS(G28-AVERAGE(S28,AE28))/AVERAGE(S28,AE28)>50%,AVERAGE(S28,AE28),IF(ABS(S28-AVERAGE(G28,AE28))/AVERAGE(G28,AE28)>50%,AVERAGE(G28,AE28),IF(ABS(AE28-AVERAGE(G28,S28))/AVERAGE(G28,S28)>50%,AVERAGE(G28,S28),AVERAGE(G28,S28,AE28)))),0),0) -> 110250 | BQ28: =IFERROR(ROUND(IF(ABS(I28-AVERAGE(U28,AG28))/AVERAGE(U28,AG28)>50%,AVERAGE(U28,AG28),IF(ABS(U28-AVERAGE(I28,AG28))/AVERAGE(I28,AG28)>50%,AVERAGE(I28,AG28),IF(ABS(AG28-AVERAGE(I28,U28))/AVERAGE(I28,U28)>50%,AVERAGE(I28,U28),AVERAGE(I28,U28,AG28)))),0),0) -> 110250 | BR28: =IFERROR(ROUND(IF(ABS(K28-AVERAGE(W28,AI28))/AVERAGE(W28,AI28)>50%,AVERAGE(W28,AI28),IF(ABS(W28-AVERAGE(K28,AI28))/AVERAGE(K28,AI28)>50%,AVERAGE(K28,AI28),IF(ABS(AI28-AVERAGE(K28,W28))/AVERAGE(K28,W28)>50%,AVERAGE(K28,W28),AVERAGE(K28,W28,AI28)))),0),0) -> 95985 | BS28: =IFERROR(ROUND(IF(ABS(M28-AVERAGE(Y28,AK28))/AVERAGE(Y28,AK28)>50%,AVERAGE(Y28,AK28),IF(ABS(Y28-AVERAGE(M28,AK28))/AVERAGE(M28,AK28)>50%,AVERAGE(M28,AK28),IF(ABS(AK28-AVERAGE(M28,Y28))/AVERAGE(M28,Y28)>50%,AVERAGE(M28,Y28),AVERAGE(M28,Y28,AK28)))),0),0) -> 110250 | BT28: =IFERROR(ROUND(IF(ABS(O28-AVERAGE(AA28,AM28))/AVERAGE(AA28,AM28)>50%,AVERAGE(AA28,AM28),IF(ABS(AA28-AVERAGE(O28,AM28))/AVERAGE(O28,AM28)>50%,AVERAGE(O28,AM28),IF(ABS(AM28-AVERAGE(O28,AA28))/AVERAGE(O28,AA28)>50%,AVERAGE(O28,AA28),AVERAGE(O28,AA28,AM28)))),0),0) -> 110250 | BU28: =IFERROR(ROUND(IF(ABS(Q28-AVERAGE(AC28,AO28))/AVERAGE(AC28,AO28)>50%,AVERAGE(AC28,AO28),IF(ABS(AC28-AVERAGE(Q28,AO28))/AVERAGE(Q28,AO28)>50%,AVERAGE(Q28,AO28),IF(ABS(AO28-AVERAGE(Q28,AC28))/AVERAGE(Q28,AC28)>50%,AVERAGE(Q28,AC28),AVERAGE(Q28,AC28,AO28)))),0),0) -> 110250 | BV28: =SUM(BP28:BU28) -> 647235
A29: 7 | B29: MANO DE OBRA | C29: ACEITE HIDRAULICO | D29: =B29&"|"&C29 -> MANO DE OBRA|ACEITE HIDRAULICO | E29: SERVICIO | F29: 1 | G29: 44800.3 | H29: =G29*1.19 -> 53312.357 | I29: 44800.3 | J29: =I29*1.19 -> 53312.357 | K29: 0.91392 | L29: =K29*1.19 -> 1.0875648 | M29: 22403.661 | N29: =M29*1.19 -> 26660.356 | O29: 11353.28 | P29: =O29*1.19 -> 13510.403 | R29: =Q29*1.19 -> 0 | S29: 44500 | T29: =S29*1.19 -> 52955 | U29: 44500 | V29: =U29*1.19 -> 52955 | W29: 44500 | X29: =W29*1.19 -> 52955 | Y29: 44500 | Z29: =Y29*1.19 -> 52955 | AA29: 44500 | AB29: =AA29*1.19 -> 52955 | AC29: 44500 | AD29: =AC29*1.19 -> 52955 | AE29: 49000 | AF29: =AE29*1.19 -> 58310 | AG29: 49000 | AH29: =AG29*1.19 -> 58310 | AI29: 49000 | AJ29: =AI29*1.19 -> 58310 | AK29: 49000 | AL29: =AK29*1.19 -> 58310 | AM29: 49000 | AN29: =AM29*1.19 -> 58310 | AO29: 49000 | AP29: =AO29*1.19 -> 58310 | AQ29: =AVERAGE(G29,S29,AE29) -> 46100.1 | AR29: =AQ29*1.19 -> 54859.119 | AS29: =AVERAGE(I29,U29,AG29) -> 46100.1 | AT29: =AS29*1.19 -> 54859.119 | AU29: =AVERAGE(K29,W29,AI29) -> 31166.971 | AV29: =AU29*1.19 -> 37088.696 | AW29: =AVERAGE(M29,Y29,AK29) -> 38634.554 | AX29: =AW29*1.19 -> 45975.119 | AY29: =AVERAGE(O29,AA29,AM29) -> 34951.093 | AZ29: =AY29*1.19 -> 41591.801 | BA29: =AVERAGE(AC29,AO29) -> 46750 | BB29: =BA29*1.19 -> 55632.5 | BD29: =IFERROR(ROUND(HARMEAN(G29,S29,AE29),0),0) -> 46011 | BE29: =IFERROR(ROUND(HARMEAN(I29,U29,AG29),0),0) -> 46011 | BF29: =IFERROR(ROUND(HARMEAN(K29,W29,AI29),0),0) -> 3 | BG29: =IFERROR(ROUND(HARMEAN(M29,Y29,AK29),0),0) -> 34280 | BH29: =IFERROR(ROUND(HARMEAN(O29,AA29,AM29),0),0) -> 22908 | BI29: =IFERROR(ROUND(HARMEAN(Q29,AC29,AO29),0),0) -> 46642 | BJ29: =IFERROR(ROUND(AVERAGE(G29,S29,AE29),0),0) -> 46100 | BK29: =IFERROR(ROUND(AVERAGE(I29,U29,AG29),0),0) -> 46100 | BL29: =IFERROR(ROUND(AVERAGE(K29,W29,AI29),0),0) -> 31167 | BM29: =IFERROR(ROUND(AVERAGE(M29,Y29,AK29),0),0) -> 38635 | BN29: =IFERROR(ROUND(AVERAGE(O29,AA29,AM29),0),0) -> 34951 | BO29: =IFERROR(ROUND(AVERAGE(Q29,AC29,AO29),0),0) -> 46750 | BP29: =IFERROR(ROUND(IF(ABS(G29-AVERAGE(S29,AE29))/AVERAGE(S29,AE29)>50%,AVERAGE(S29,AE29),IF(ABS(S29-AVERAGE(G29,AE29))/AVERAGE(G29,AE29)>50%,AVERAGE(G29,AE29),IF(ABS(AE29-AVERAGE(G29,S29))/AVERAGE(G29,S29)>50%,AVERAGE(G29,S29),AVERAGE(G29,S29,AE29)))),0),0) -> 46100 | BQ29: =IFERROR(ROUND(IF(ABS(I29-AVERAGE(U29,AG29))/AVERAGE(U29,AG29)>50%,AVERAGE(U29,AG29),IF(ABS(U29-AVERAGE(I29,AG29))/AVERAGE(I29,AG29)>50%,AVERAGE(I29,AG29),IF(ABS(AG29-AVERAGE(I29,U29))/AVERAGE(I29,U29)>50%,AVERAGE(I29,U29),AVERAGE(I29,U29,AG29)))),0),0) -> 46100 | BR29: =IFERROR(ROUND(IF(ABS(K29-AVERAGE(W29,AI29))/AVERAGE(W29,AI29)>50%,AVERAGE(W29,AI29),IF(ABS(W29-AVERAGE(K29,AI29))/AVERAGE(K29,AI29)>50%,AVERAGE(K29,AI29),IF(ABS(AI29-AVERAGE(K29,W29))/AVERAGE(K29,W29)>50%,AVERAGE(K29,W29),AVERAGE(K29,W29,AI29)))),0),0) -> 46750 | BS29: =IFERROR(ROUND(IF(ABS(M29-AVERAGE(Y29,AK29))/AVERAGE(Y29,AK29)>50%,AVERAGE(Y29,AK29),IF(ABS(Y29-AVERAGE(M29,AK29))/AVERAGE(M29,AK29)>50%,AVERAGE(M29,AK29),IF(ABS(AK29-AVERAGE(M29,Y29))/AVERAGE(M29,Y29)>50%,AVERAGE(M29,Y29),AVERAGE(M29,Y29,AK29)))),0),0) -> 46750 | BT29: =IFERROR(ROUND(IF(ABS(O29-AVERAGE(AA29,AM29))/AVERAGE(AA29,AM29)>50%,AVERAGE(AA29,AM29),IF(ABS(AA29-AVERAGE(O29,AM29))/AVERAGE(O29,AM29)>50%,AVERAGE(O29,AM29),IF(ABS(AM29-AVERAGE(O29,AA29))/AVERAGE(O29,AA29)>50%,AVERAGE(O29,AA29),AVERAGE(O29,AA29,AM29)))),0),0) -> 46750 | BU29: =IFERROR(ROUND(IF(ABS(Q29-AVERAGE(AC29,AO29))/AVERAGE(AC29,AO29)>50%,AVERAGE(AC29,AO29),IF(ABS(AC29-AVERAGE(Q29,AO29))/AVERAGE(Q29,AO29)>50%,AVERAGE(Q29,AO29),IF(ABS(AO29-AVERAGE(Q29,AC29))/AVERAGE(Q29,AC29)>50%,AVERAGE(Q29,AC29),AVERAGE(Q29,AC29,AO29)))),0),0) -> 46750 | BV29: =SUM(BP29:BU29) -> 279200
A30: 8 | B30: REPUESTOS | C30: ACEITE HIDRAULICO | D30: =B30&"|"&C30 -> REPUESTOS|ACEITE HIDRAULICO | E30: CUARTO | F30: 1 | G30: 23434.273 | H30: =G30*1.19 -> 27886.785 | I30: 23434.273 | J30: =I30*1.19 -> 27886.785 | K30: 58316.8 | L30: =K30*1.19 -> 69396.992 | M30: 12142.624 | N30: =M30*1.19 -> 14449.723 | O30: 6216.832 | P30: =O30*1.19 -> 7398.0301 | R30: =Q30*1.19 -> 0 | S30: 28000 | T30: =S30*1.19 -> 33320 | U30: 28000 | V30: =U30*1.19 -> 33320 | W30: 28000 | X30: =W30*1.19 -> 33320 | Y30: 28000 | Z30: =Y30*1.19 -> 33320 | AA30: 28000 | AB30: =AA30*1.19 -> 33320 | AC30: 28000 | AD30: =AC30*1.19 -> 33320 | AE30: 30800 | AF30: =AE30*1.19 -> 36652 | AG30: 30800 | AH30: =AG30*1.19 -> 36652 | AI30: 30800 | AJ30: =AI30*1.19 -> 36652 | AK30: 30800 | AL30: =AK30*1.19 -> 36652 | AM30: 30800 | AN30: =AM30*1.19 -> 36652 | AO30: 30800 | AP30: =AO30*1.19 -> 36652 | AQ30: =AVERAGE(G30,S30,AE30) -> 27411.424 | AR30: =AQ30*1.19 -> 32619.595 | AS30: =AVERAGE(I30,U30,AG30) -> 27411.424 | AT30: =AS30*1.19 -> 32619.595 | AU30: =AVERAGE(K30,W30,AI30) -> 39038.933 | AV30: =AU30*1.19 -> 46456.331 | AW30: =AVERAGE(M30,Y30,AK30) -> 23647.541 | AX30: =AW30*1.19 -> 28140.574 | AY30: =AVERAGE(O30,AA30,AM30) -> 21672.277 | AZ30: =AY30*1.19 -> 25790.01 | BA30: =AVERAGE(AC30,AO30) -> 29400 | BB30: =BA30*1.19 -> 34986 | BD30: =IFERROR(ROUND(HARMEAN(G30,S30,AE30),0),0) -> 27063 | BE30: =IFERROR(ROUND(HARMEAN(I30,U30,AG30),0),0) -> 27063 | BF30: =IFERROR(ROUND(HARMEAN(K30,W30,AI30),0),0) -> 35158 | BG30: =IFERROR(ROUND(HARMEAN(M30,Y30,AK30),0),0) -> 19929 | BH30: =IFERROR(ROUND(HARMEAN(O30,AA30,AM30),0),0) -> 13098 | BI30: =IFERROR(ROUND(HARMEAN(Q30,AC30,AO30),0),0) -> 29333 | BJ30: =IFERROR(ROUND(AVERAGE(G30,S30,AE30),0),0) -> 27411 | BK30: =IFERROR(ROUND(AVERAGE(I30,U30,AG30),0),0) -> 27411 | BL30: =IFERROR(ROUND(AVERAGE(K30,W30,AI30),0),0) -> 39039 | BM30: =IFERROR(ROUND(AVERAGE(M30,Y30,AK30),0),0) -> 23648 | BN30: =IFERROR(ROUND(AVERAGE(O30,AA30,AM30),0),0) -> 21672 | BO30: =IFERROR(ROUND(AVERAGE(Q30,AC30,AO30),0),0) -> 29400 | BP30: =IFERROR(ROUND(IF(ABS(G30-AVERAGE(S30,AE30))/AVERAGE(S30,AE30)>50%,AVERAGE(S30,AE30),IF(ABS(S30-AVERAGE(G30,AE30))/AVERAGE(G30,AE30)>50%,AVERAGE(G30,AE30),IF(ABS(AE30-AVERAGE(G30,S30))/AVERAGE(G30,S30)>50%,AVERAGE(G30,S30),AVERAGE(G30,S30,AE30)))),0),0) -> 27411 | BQ30: =IFERROR(ROUND(IF(ABS(I30-AVERAGE(U30,AG30))/AVERAGE(U30,AG30)>50%,AVERAGE(U30,AG30),IF(ABS(U30-AVERAGE(I30,AG30))/AVERAGE(I30,AG30)>50%,AVERAGE(I30,AG30),IF(ABS(AG30-AVERAGE(I30,U30))/AVERAGE(I30,U30)>50%,AVERAGE(I30,U30),AVERAGE(I30,U30,AG30)))),0),0) -> 27411 | BR30: =IFERROR(ROUND(IF(ABS(K30-AVERAGE(W30,AI30))/AVERAGE(W30,AI30)>50%,AVERAGE(W30,AI30),IF(ABS(W30-AVERAGE(K30,AI30))/AVERAGE(K30,AI30)>50%,AVERAGE(K30,AI30),IF(ABS(AI30-AVERAGE(K30,W30))/AVERAGE(K30,W30)>50%,AVERAGE(K30,W30),AVERAGE(K30,W30,AI30)))),0),0) -> 29400 | BS30: =IFERROR(ROUND(IF(ABS(M30-AVERAGE(Y30,AK30))/AVERAGE(Y30,AK30)>50%,AVERAGE(Y30,AK30),IF(ABS(Y30-AVERAGE(M30,AK30))/AVERAGE(M30,AK30)>50%,AVERAGE(M30,AK30),IF(ABS(AK30-AVERAGE(M30,Y30))/AVERAGE(M30,Y30)>50%,AVERAGE(M30,Y30),AVERAGE(M30,Y30,AK30)))),0),0) -> 29400 | BT30: =IFERROR(ROUND(IF(ABS(O30-AVERAGE(AA30,AM30))/AVERAGE(AA30,AM30)>50%,AVERAGE(AA30,AM30),IF(ABS(AA30-AVERAGE(O30,AM30))/AVERAGE(O30,AM30)>50%,AVERAGE(O30,AM30),IF(ABS(AM30-AVERAGE(O30,AA30))/AVERAGE(O30,AA30)>50%,AVERAGE(O30,AA30),AVERAGE(O30,AA30,AM30)))),0),0) -> 29400 | BU30: =IFERROR(ROUND(IF(ABS(Q30-AVERAGE(AC30,AO30))/AVERAGE(AC30,AO30)>50%,AVERAGE(AC30,AO30),IF(ABS(AC30-AVERAGE(Q30,AO30))/AVERAGE(Q30,AO30)>50%,AVERAGE(Q30,AO30),IF(ABS(AO30-AVERAGE(Q30,AC30))/AVERAGE(Q30,AC30)>50%,AVERAGE(Q30,AC30),AVERAGE(Q30,AC30,AO30)))),0),0) -> 29400 | BV30: =SUM(BP30:BU30) -> 172422
A31: 9 | B31: MANO DE OBRA | C31: ACEITE MOTOR | D31: =B31&"|"&C31 -> MANO DE OBRA|ACEITE MOTOR | E31: SERVICIO | F31: 1 | G31: 22400.144 | H31: =G31*1.19 -> 26656.172 | I31: 22400.144 | J31: =I31*1.19 -> 26656.172 | K31: 0.91392 | L31: =K31*1.19 -> 1.0875648 | M31: 14.6336 | N31: =M31*1.19 -> 17.413984 | O31: 10.88 | P31: =O31*1.19 -> 12.9472 | R31: =Q31*1.19 -> 0 | S31: 25000 | T31: =S31*1.19 -> 29750 | U31: 25000 | V31: =U31*1.19 -> 29750 | W31: 25000 | X31: =W31*1.19 -> 29750 | Y31: 25000 | Z31: =Y31*1.19 -> 29750 | AA31: 25000 | AB31: =AA31*1.19 -> 29750 | AC31: 25000 | AD31: =AC31*1.19 -> 29750 | AE31: 27500 | AF31: =AE31*1.19 -> 32725 | AG31: 27500 | AH31: =AG31*1.19 -> 32725 | AI31: 27500 | AJ31: =AI31*1.19 -> 32725 | AK31: 27500 | AL31: =AK31*1.19 -> 32725 | AM31: 27500 | AN31: =AM31*1.19 -> 32725 | AO31: 27500 | AP31: =AO31*1.19 -> 32725 | AQ31: =AVERAGE(G31,S31,AE31) -> 24966.715 | AR31: =AQ31*1.19 -> 29710.391 | AS31: =AVERAGE(I31,U31,AG31) -> 24966.715 | AT31: =AS31*1.19 -> 29710.391 | AU31: =AVERAGE(K31,W31,AI31) -> 17500.305 | AV31: =AU31*1.19 -> 20825.363 | AW31: =AVERAGE(M31,Y31,AK31) -> 17504.878 | AX31: =AW31*1.19 -> 20830.805 | AY31: =AVERAGE(O31,AA31,AM31) -> 17503.627 | AZ31: =AY31*1.19 -> 20829.316 | BA31: =AVERAGE(AC31,AO31) -> 26250 | BB31: =BA31*1.19 -> 31237.5 | BD31: =IFERROR(ROUND(HARMEAN(G31,S31,AE31),0),0) -> 24792 | BE31: =IFERROR(ROUND(HARMEAN(I31,U31,AG31),0),0) -> 24792 | BF31: =IFERROR(ROUND(HARMEAN(K31,W31,AI31),0),0) -> 3 | BG31: =IFERROR(ROUND(HARMEAN(M31,Y31,AK31),0),0) -> 44 | BH31: =IFERROR(ROUND(HARMEAN(O31,AA31,AM31),0),0) -> 33 | BI31: =IFERROR(ROUND(HARMEAN(Q31,AC31,AO31),0),0) -> 26190 | BJ31: =IFERROR(ROUND(AVERAGE(G31,S31,AE31),0),0) -> 24967 | BK31: =IFERROR(ROUND(AVERAGE(I31,U31,AG31),0),0) -> 24967 | BL31: =IFERROR(ROUND(AVERAGE(K31,W31,AI31),0),0) -> 17500 | BM31: =IFERROR(ROUND(AVERAGE(M31,Y31,AK31),0),0) -> 17505 | BN31: =IFERROR(ROUND(AVERAGE(O31,AA31,AM31),0),0) -> 17504 | BO31: =IFERROR(ROUND(AVERAGE(Q31,AC31,AO31),0),0) -> 26250 | BP31: =IFERROR(ROUND(IF(ABS(G31-AVERAGE(S31,AE31))/AVERAGE(S31,AE31)>50%,AVERAGE(S31,AE31),IF(ABS(S31-AVERAGE(G31,AE31))/AVERAGE(G31,AE31)>50%,AVERAGE(G31,AE31),IF(ABS(AE31-AVERAGE(G31,S31))/AVERAGE(G31,S31)>50%,AVERAGE(G31,S31),AVERAGE(G31,S31,AE31)))),0),0) -> 24967 | BQ31: =IFERROR(ROUND(IF(ABS(I31-AVERAGE(U31,AG31))/AVERAGE(U31,AG31)>50%,AVERAGE(U31,AG31),IF(ABS(U31-AVERAGE(I31,AG31))/AVERAGE(I31,AG31)>50%,AVERAGE(I31,AG31),IF(ABS(AG31-AVERAGE(I31,U31))/AVERAGE(I31,U31)>50%,AVERAGE(I31,U31),AVERAGE(I31,U31,AG31)))),0),0) -> 24967 | BR31: =IFERROR(ROUND(IF(ABS(K31-AVERAGE(W31,AI31))/AVERAGE(W31,AI31)>50%,AVERAGE(W31,AI31),IF(ABS(W31-AVERAGE(K31,AI31))/AVERAGE(K31,AI31)>50%,AVERAGE(K31,AI31),IF(ABS(AI31-AVERAGE(K31,W31))/AVERAGE(K31,W31)>50%,AVERAGE(K31,W31),AVERAGE(K31,W31,AI31)))),0),0) -> 26250 | BS31: =IFERROR(ROUND(IF(ABS(M31-AVERAGE(Y31,AK31))/AVERAGE(Y31,AK31)>50%,AVERAGE(Y31,AK31),IF(ABS(Y31-AVERAGE(M31,AK31))/AVERAGE(M31,AK31)>50%,AVERAGE(M31,AK31),IF(ABS(AK31-AVERAGE(M31,Y31))/AVERAGE(M31,Y31)>50%,AVERAGE(M31,Y31),AVERAGE(M31,Y31,AK31)))),0),0) -> 26250 | BT31: =IFERROR(ROUND(IF(ABS(O31-AVERAGE(AA31,AM31))/AVERAGE(AA31,AM31)>50%,AVERAGE(AA31,AM31),IF(ABS(AA31-AVERAGE(O31,AM31))/AVERAGE(O31,AM31)>50%,AVERAGE(O31,AM31),IF(ABS(AM31-AVERAGE(O31,AA31))/AVERAGE(O31,AA31)>50%,AVERAGE(O31,AA31),AVERAGE(O31,AA31,AM31)))),0),0) -> 26250 | BU31: =IFERROR(ROUND(IF(ABS(Q31-AVERAGE(AC31,AO31))/AVERAGE(AC31,AO31)>50%,AVERAGE(AC31,AO31),IF(ABS(AC31-AVERAGE(Q31,AO31))/AVERAGE(Q31,AO31)>50%,AVERAGE(Q31,AO31),IF(ABS(AO31-AVERAGE(Q31,AC31))/AVERAGE(Q31,AC31)>50%,AVERAGE(Q31,AC31),AVERAGE(Q31,AC31,AO31)))),0),0) -> 26250 | BV31: =SUM(BP31:BU31) -> 154934
A32: 10 | B32: REPUESTOS | C32: ACEITE MOTOR (EXCENTO IVA) | D32: =B32&"|"&C32 -> REPUESTOS|ACEITE MOTOR (EXCENTO IVA) | E32: CUARTO | F32: 1 | G32: 32807.786 | H32: N/A | I32: 32807.786 | J32: N/A | K32: 31513.92 | L32: N/A | M32: 687.53984 | N32: N/A | O32: 363.392 | P32: N/A | R32: =Q32*1.19 -> 0 | S32: 44500 | T32: N/A | U32: 44500 | V32: N/A | W32: 65000 | X32: N/A | Y32: 44500 | Z32: N/A | AA32: 65000 | AB32: N/A | AC32: 50965.2 | AD32: N/A | AE32: 49000 | AF32: N/A | AG32: 49000 | AH32: N/A | AI32: 71500 | AJ32: N/A | AK32: 49000 | AL32: N/A | AM32: 71500 | AN32: N/A | AO32: 56100 | AP32: N/A | AQ32: =AVERAGE(G32,S32,AE32) -> 42102.595 | AR32: =AQ32*1.19 -> 50102.089 | AS32: =AVERAGE(I32,U32,AG32) -> 42102.595 | AT32: =AS32*1.19 -> 50102.089 | AU32: =AVERAGE(K32,W32,AI32) -> 56004.64 | AV32: =AU32*1.19 -> 66645.522 | AW32: =AVERAGE(M32,Y32,AK32) -> 31395.847 | AX32: =AW32*1.19 -> 37361.057 | AY32: =AVERAGE(O32,AA32,AM32) -> 45621.131 | AZ32: =AY32*1.19 -> 54289.145 | BA32: =AVERAGE(AC32,AO32) -> 53532.6 | BB32: =BA32*1.19 -> 63703.794 | BD32: =IFERROR(ROUND(HARMEAN(G32,S32,AE32),0),0) -> 40894 | BE32: =IFERROR(ROUND(HARMEAN(I32,U32,AG32),0),0) -> 40894 | BF32: =IFERROR(ROUND(HARMEAN(K32,W32,AI32),0),0) -> 49098 | BG32: =IFERROR(ROUND(HARMEAN(M32,Y32,AK32),0),0) -> 2004 | BH32: =IFERROR(ROUND(HARMEAN(O32,AA32,AM32),0),0) -> 1079 | BI32: =IFERROR(ROUND(HARMEAN(Q32,AC32,AO32),0),0) -> 53409 | BJ32: =IFERROR(ROUND(AVERAGE(G32,S32,AE32),0),0) -> 42103 | BK32: =IFERROR(ROUND(AVERAGE(I32,U32,AG32),0),0) -> 42103 | BL32: =IFERROR(ROUND(AVERAGE(K32,W32,AI32),0),0) -> 56005 | BM32: =IFERROR(ROUND(AVERAGE(M32,Y32,AK32),0),0) -> 31396 | BN32: =IFERROR(ROUND(AVERAGE(O32,AA32,AM32),0),0) -> 45621 | BO32: =IFERROR(ROUND(AVERAGE(Q32,AC32,AO32),0),0) -> 53533 | BP32: =IFERROR(ROUND(IF(ABS(G32-AVERAGE(S32,AE32))/AVERAGE(S32,AE32)>50%,AVERAGE(S32,AE32),IF(ABS(S32-AVERAGE(G32,AE32))/AVERAGE(G32,AE32)>50%,AVERAGE(G32,AE32),IF(ABS(AE32-AVERAGE(G32,S32))/AVERAGE(G32,S32)>50%,AVERAGE(G32,S32),AVERAGE(G32,S32,AE32)))),0),0) -> 42103 | BQ32: =IFERROR(ROUND(IF(ABS(I32-AVERAGE(U32,AG32))/AVERAGE(U32,AG32)>50%,AVERAGE(U32,AG32),IF(ABS(U32-AVERAGE(I32,AG32))/AVERAGE(I32,AG32)>50%,AVERAGE(I32,AG32),IF(ABS(AG32-AVERAGE(I32,U32))/AVERAGE(I32,U32)>50%,AVERAGE(I32,U32),AVERAGE(I32,U32,AG32)))),0),0) -> 42103 | BR32: =IFERROR(ROUND(IF(ABS(K32-AVERAGE(W32,AI32))/AVERAGE(W32,AI32)>50%,AVERAGE(W32,AI32),IF(ABS(W32-AVERAGE(K32,AI32))/AVERAGE(K32,AI32)>50%,AVERAGE(K32,AI32),IF(ABS(AI32-AVERAGE(K32,W32))/AVERAGE(K32,W32)>50%,AVERAGE(K32,W32),AVERAGE(K32,W32,AI32)))),0),0) -> 68250 | BS32: =IFERROR(ROUND(IF(ABS(M32-AVERAGE(Y32,AK32))/AVERAGE(Y32,AK32)>50%,AVERAGE(Y32,AK32),IF(ABS(Y32-AVERAGE(M32,AK32))/AVERAGE(M32,AK32)>50%,AVERAGE(M32,AK32),IF(ABS(AK32-AVERAGE(M32,Y32))/AVERAGE(M32,Y32)>50%,AVERAGE(M32,Y32),AVERAGE(M32,Y32,AK32)))),0),0) -> 46750 | BT32: =IFERROR(ROUND(IF(ABS(O32-AVERAGE(AA32,AM32))/AVERAGE(AA32,AM32)>50%,AVERAGE(AA32,AM32),IF(ABS(AA32-AVERAGE(O32,AM32))/AVERAGE(O32,AM32)>50%,AVERAGE(O32,AM32),IF(ABS(AM32-AVERAGE(O32,AA32))/AVERAGE(O32,AA32)>50%,AVERAGE(O32,AA32),AVERAGE(O32,AA32,AM32)))),0),0) -> 68250 | BU32: =IFERROR(ROUND(IF(ABS(Q32-AVERAGE(AC32,AO32))/AVERAGE(AC32,AO32)>50%,AVERAGE(AC32,AO32),IF(ABS(AC32-AVERAGE(Q32,AO32))/AVERAGE(Q32,AO32)>50%,AVERAGE(Q32,AO32),IF(ABS(AO32-AVERAGE(Q32,AC32))/AVERAGE(Q32,AC32)>50%,AVERAGE(Q32,AC32),AVERAGE(Q32,AC32,AO32)))),0),0) -> 53533 | BV32: =SUM(BP32:BU32) -> 320989
A33: 11 | B33: MANO DE OBRA | C33: ACEITE MOTOR SINTETICO | D33: =B33&"|"&C33 -> MANO DE OBRA|ACEITE MOTOR SINTETICO | E33: SERVICIO | F33: 1 | G33: 22400.144 | H33: =G33*1.19 -> 26656.172 | I33: 22400.144 | J33: =I33*1.19 -> 26656.172 | K33: 0.91392 | L33: =K33*1.19 -> 1.0875648 | M33: 46811.428 | N33: =M33*1.19 -> 55705.6 | O33: 73142.976 | P33: =O33*1.19 -> 87040.141 | R33: =Q33*1.19 -> 0 | S33: 25000 | T33: =S33*1.19 -> 29750 | U33: 25000 | V33: =U33*1.19 -> 29750 | W33: 25000 | X33: =W33*1.19 -> 29750 | Y33: 25000 | Z33: =Y33*1.19 -> 29750 | AA33: 25000 | AB33: =AA33*1.19 -> 29750 | AC33: 25000 | AD33: =AC33*1.19 -> 29750 | AE33: 27500 | AF33: =AE33*1.19 -> 32725 | AG33: 27500 | AH33: =AG33*1.19 -> 32725 | AI33: 27500 | AJ33: =AI33*1.19 -> 32725 | AK33: 27500 | AL33: =AK33*1.19 -> 32725 | AM33: 27500 | AN33: =AM33*1.19 -> 32725 | AO33: 27500 | AP33: =AO33*1.19 -> 32725 | AQ33: =AVERAGE(G33,S33,AE33) -> 24966.715 | AR33: =AQ33*1.19 -> 29710.391 | AS33: =AVERAGE(I33,U33,AG33) -> 24966.715 | AT33: =AS33*1.19 -> 29710.391 | AU33: =AVERAGE(K33,W33,AI33) -> 17500.305 | AV33: =AU33*1.19 -> 20825.363 | AW33: =AVERAGE(M33,Y33,AK33) -> 33103.809 | AX33: =AW33*1.19 -> 39393.533 | AY33: =AVERAGE(O33,AA33,AM33) -> 41880.992 | AZ33: =AY33*1.19 -> 49838.38 | BA33: =AVERAGE(AC33,AO33) -> 26250 | BB33: =BA33*1.19 -> 31237.5 | BD33: =IFERROR(ROUND(HARMEAN(G33,S33,AE33),0),0) -> 24792 | BE33: =IFERROR(ROUND(HARMEAN(I33,U33,AG33),0),0) -> 24792 | BF33: =IFERROR(ROUND(HARMEAN(K33,W33,AI33),0),0) -> 3 | BG33: =IFERROR(ROUND(HARMEAN(M33,Y33,AK33),0),0) -> 30698 | BH33: =IFERROR(ROUND(HARMEAN(O33,AA33,AM33),0),0) -> 33320 | BI33: =IFERROR(ROUND(HARMEAN(Q33,AC33,AO33),0),0) -> 26190 | BJ33: =IFERROR(ROUND(AVERAGE(G33,S33,AE33),0),0) -> 24967 | BK33: =IFERROR(ROUND(AVERAGE(I33,U33,AG33),0),0) -> 24967 | BL33: =IFERROR(ROUND(AVERAGE(K33,W33,AI33),0),0) -> 17500 | BM33: =IFERROR(ROUND(AVERAGE(M33,Y33,AK33),0),0) -> 33104 | BN33: =IFERROR(ROUND(AVERAGE(O33,AA33,AM33),0),0) -> 41881 | BO33: =IFERROR(ROUND(AVERAGE(Q33,AC33,AO33),0),0) -> 26250 | BP33: =IFERROR(ROUND(IF(ABS(G33-AVERAGE(S33,AE33))/AVERAGE(S33,AE33)>50%,AVERAGE(S33,AE33),IF(ABS(S33-AVERAGE(G33,AE33))/AVERAGE(G33,AE33)>50%,AVERAGE(G33,AE33),IF(ABS(AE33-AVERAGE(G33,S33))/AVERAGE(G33,S33)>50%,AVERAGE(G33,S33),AVERAGE(G33,S33,AE33)))),0),0) -> 24967 | BQ33: =IFERROR(ROUND(IF(ABS(I33-AVERAGE(U33,AG33))/AVERAGE(U33,AG33)>50%,AVERAGE(U33,AG33),IF(ABS(U33-AVERAGE(I33,AG33))/AVERAGE(I33,AG33)>50%,AVERAGE(I33,AG33),IF(ABS(AG33-AVERAGE(I33,U33))/AVERAGE(I33,U33)>50%,AVERAGE(I33,U33),AVERAGE(I33,U33,AG33)))),0),0) -> 24967 | BR33: =IFERROR(ROUND(IF(ABS(K33-AVERAGE(W33,AI33))/AVERAGE(W33,AI33)>50%,AVERAGE(W33,AI33),IF(ABS(W33-AVERAGE(K33,AI33))/AVERAGE(K33,AI33)>50%,AVERAGE(K33,AI33),IF(ABS(AI33-AVERAGE(K33,W33))/AVERAGE(K33,W33)>50%,AVERAGE(K33,W33),AVERAGE(K33,W33,AI33)))),0),0) -> 26250 | BS33: =IFERROR(ROUND(IF(ABS(M33-AVERAGE(Y33,AK33))/AVERAGE(Y33,AK33)>50%,AVERAGE(Y33,AK33),IF(ABS(Y33-AVERAGE(M33,AK33))/AVERAGE(M33,AK33)>50%,AVERAGE(M33,AK33),IF(ABS(AK33-AVERAGE(M33,Y33))/AVERAGE(M33,Y33)>50%,AVERAGE(M33,Y33),AVERAGE(M33,Y33,AK33)))),0),0) -> 26250 | BT33: =IFERROR(ROUND(IF(ABS(O33-AVERAGE(AA33,AM33))/AVERAGE(AA33,AM33)>50%,AVERAGE(AA33,AM33),IF(ABS(AA33-AVERAGE(O33,AM33))/AVERAGE(O33,AM33)>50%,AVERAGE(O33,AM33),IF(ABS(AM33-AVERAGE(O33,AA33))/AVERAGE(O33,AA33)>50%,AVERAGE(O33,AA33),AVERAGE(O33,AA33,AM33)))),0),0) -> 26250 | BU33: =IFERROR(ROUND(IF(ABS(Q33-AVERAGE(AC33,AO33))/AVERAGE(AC33,AO33)>50%,AVERAGE(AC33,AO33),IF(ABS(AC33-AVERAGE(Q33,AO33))/AVERAGE(Q33,AO33)>50%,AVERAGE(Q33,AO33),IF(ABS(AO33-AVERAGE(Q33,AC33))/AVERAGE(Q33,AC33)>50%,AVERAGE(Q33,AC33),AVERAGE(Q33,AC33,AO33)))),0),0) -> 26250 | BV33: =SUM(BP33:BU33) -> 154934
A34: 12 | B34: REPUESTOS | C34: ACEITE MOTOR SINTETICO (EXCENTO IVA) | D34: =B34&"|"&C34 -> REPUESTOS|ACEITE MOTOR SINTETICO (EXCENTO IVA) | E34: CUARTO | F34: 1 | G34: 58585.204 | H34: N/A | I34: 58585.204 | J34: N/A | K34: 51625.6 | L34: N/A | M34: 27154.282 | N34: N/A | O34: 28342.4 | P34: N/A | R34: =Q34*1.19 -> 0 | S34: 48500 | T34: N/A | U34: 48500 | V34: N/A | W34: 85000 | X34: N/A | Y34: 48500 | Z34: N/A | AA34: 48500 | AB34: N/A | AC34: 50965.2 | AD34: N/A | AE34: 53400 | AF34: N/A | AG34: 53400 | AH34: N/A | AI34: 93500 | AJ34: N/A | AK34: 53400 | AL34: N/A | AM34: 53400 | AN34: N/A | AO34: 56100 | AP34: N/A | AQ34: =AVERAGE(G34,S34,AE34) -> 53495.068 | AR34: =AQ34*1.19 -> 63659.131 | AS34: =AVERAGE(I34,U34,AG34) -> 53495.068 | AT34: =AS34*1.19 -> 63659.131 | AU34: =AVERAGE(K34,W34,AI34) -> 76708.533 | AV34: =AU34*1.19 -> 91283.155 | AW34: =AVERAGE(M34,Y34,AK34) -> 43018.094 | AX34: =AW34*1.19 -> 51191.532 | AY34: =AVERAGE(O34,AA34,AM34) -> 43414.133 | AZ34: =AY34*1.19 -> 51662.819 | BA34: =AVERAGE(AC34,AO34) -> 53532.6 | BB34: =BA34*1.19 -> 63703.794 | BD34: =IFERROR(ROUND(HARMEAN(G34,S34,AE34),0),0) -> 53178 | BE34: =IFERROR(ROUND(HARMEAN(I34,U34,AG34),0),0) -> 53178 | BF34: =IFERROR(ROUND(HARMEAN(K34,W34,AI34),0),0) -> 71719 | BG34: =IFERROR(ROUND(HARMEAN(M34,Y34,AK34),0),0) -> 39385 | BH34: =IFERROR(ROUND(HARMEAN(O34,AA34,AM34),0),0) -> 40199 | BI34: =IFERROR(ROUND(HARMEAN(Q34,AC34,AO34),0),0) -> 53409 | BJ34: =IFERROR(ROUND(AVERAGE(G34,S34,AE34),0),0) -> 53495 | BK34: =IFERROR(ROUND(AVERAGE(I34,U34,AG34),0),0) -> 53495 | BL34: =IFERROR(ROUND(AVERAGE(K34,W34,AI34),0),0) -> 76709 | BM34: =IFERROR(ROUND(AVERAGE(M34,Y34,AK34),0),0) -> 43018 | BN34: =IFERROR(ROUND(AVERAGE(O34,AA34,AM34),0),0) -> 43414 | BO34: =IFERROR(ROUND(AVERAGE(Q34,AC34,AO34),0),0) -> 53533 | BP34: =IFERROR(ROUND(IF(ABS(G34-AVERAGE(S34,AE34))/AVERAGE(S34,AE34)>50%,AVERAGE(S34,AE34),IF(ABS(S34-AVERAGE(G34,AE34))/AVERAGE(G34,AE34)>50%,AVERAGE(G34,AE34),IF(ABS(AE34-AVERAGE(G34,S34))/AVERAGE(G34,S34)>50%,AVERAGE(G34,S34),AVERAGE(G34,S34,AE34)))),0),0) -> 53495 | BQ34: =IFERROR(ROUND(IF(ABS(I34-AVERAGE(U34,AG34))/AVERAGE(U34,AG34)>50%,AVERAGE(U34,AG34),IF(ABS(U34-AVERAGE(I34,AG34))/AVERAGE(I34,AG34)>50%,AVERAGE(I34,AG34),IF(ABS(AG34-AVERAGE(I34,U34))/AVERAGE(I34,U34)>50%,AVERAGE(I34,U34),AVERAGE(I34,U34,AG34)))),0),0) -> 53495 | BR34: =IFERROR(ROUND(IF(ABS(K34-AVERAGE(W34,AI34))/AVERAGE(W34,AI34)>50%,AVERAGE(W34,AI34),IF(ABS(W34-AVERAGE(K34,AI34))/AVERAGE(K34,AI34)>50%,AVERAGE(K34,AI34),IF(ABS(AI34-AVERAGE(K34,W34))/AVERAGE(K34,W34)>50%,AVERAGE(K34,W34),AVERAGE(K34,W34,AI34)))),0),0) -> 76709 | BS34: =IFERROR(ROUND(IF(ABS(M34-AVERAGE(Y34,AK34))/AVERAGE(Y34,AK34)>50%,AVERAGE(Y34,AK34),IF(ABS(Y34-AVERAGE(M34,AK34))/AVERAGE(M34,AK34)>50%,AVERAGE(M34,AK34),IF(ABS(AK34-AVERAGE(M34,Y34))/AVERAGE(M34,Y34)>50%,AVERAGE(M34,Y34),AVERAGE(M34,Y34,AK34)))),0),0) -> 43018 | BT34: =IFERROR(ROUND(IF(ABS(O34-AVERAGE(AA34,AM34))/AVERAGE(AA34,AM34)>50%,AVERAGE(AA34,AM34),IF(ABS(AA34-AVERAGE(O34,AM34))/AVERAGE(O34,AM34)>50%,AVERAGE(O34,AM34),IF(ABS(AM34-AVERAGE(O34,AA34))/AVERAGE(O34,AA34)>50%,AVERAGE(O34,AA34),AVERAGE(O34,AA34,AM34)))),0),0) -> 43414 | BU34: =IFERROR(ROUND(IF(ABS(Q34-AVERAGE(AC34,AO34))/AVERAGE(AC34,AO34)>50%,AVERAGE(AC34,AO34),IF(ABS(AC34-AVERAGE(Q34,AO34))/AVERAGE(Q34,AO34)>50%,AVERAGE(Q34,AO34),IF(ABS(AO34-AVERAGE(Q34,AC34))/AVERAGE(Q34,AC34)>50%,AVERAGE(Q34,AC34),AVERAGE(Q34,AC34,AO34)))),0),0) -> 53533 | BV34: =SUM(BP34:BU34) -> 323664
A35: 13 | B35: MANO DE OBRA | C35: ACEITE MOTOR X 1 CUARTO | D35: =B35&"|"&C35 -> MANO DE OBRA|ACEITE MOTOR X 1 CUARTO | E35: SERVICIO | F35: 1 | G35: 22400.144 | H35: =G35*1.19 -> 26656.172 | I35: 22400.144 | J35: =I35*1.19 -> 26656.172 | K35: 0.91392 | L35: =K35*1.19 -> 1.0875648 | M35: 46811.428 | N35: =M35*1.19 -> 55705.6 | O35: 73142.976 | P35: =O35*1.19 -> 87040.141 | R35: =Q35*1.19 -> 0 | S35: 5000 | T35: =S35*1.19 -> 5950 | U35: 5000 | V35: =U35*1.19 -> 5950 | W35: 5000 | X35: =W35*1.19 -> 5950 | Y35: 5000 | Z35: =Y35*1.19 -> 5950 | AA35: 5000 | AB35: =AA35*1.19 -> 5950 | AC35: 5000 | AD35: =AC35*1.19 -> 5950 | AE35: 5500 | AF35: =AE35*1.19 -> 6545 | AG35: 5500 | AH35: =AG35*1.19 -> 6545 | AI35: 5500 | AJ35: =AI35*1.19 -> 6545 | AK35: 5500 | AL35: =AK35*1.19 -> 6545 | AM35: 5500 | AN35: =AM35*1.19 -> 6545 | AO35: 5500 | AP35: =AO35*1.19 -> 6545 | AQ35: =AVERAGE(G35,S35,AE35) -> 10966.715 | AR35: =AQ35*1.19 -> 13050.391 | AS35: =AVERAGE(I35,U35,AG35) -> 10966.715 | AT35: =AS35*1.19 -> 13050.391 | AU35: =AVERAGE(K35,W35,AI35) -> 3500.3046 | AV35: =AU35*1.19 -> 4165.3625 | AW35: =AVERAGE(M35,Y35,AK35) -> 19103.809 | AX35: =AW35*1.19 -> 22733.533 | AY35: =AVERAGE(O35,AA35,AM35) -> 27880.992 | AZ35: =AY35*1.19 -> 33178.38 | BA35: =AVERAGE(AC35,AO35) -> 5250 | BB35: =BA35*1.19 -> 6247.5 | BD35: =IFERROR(ROUND(HARMEAN(G35,S35,AE35),0),0) -> 7035 | BE35: =IFERROR(ROUND(HARMEAN(I35,U35,AG35),0),0) -> 7035 | BF35: =IFERROR(ROUND(HARMEAN(K35,W35,AI35),0),0) -> 3 | BG35: =IFERROR(ROUND(HARMEAN(M35,Y35,AK35),0),0) -> 7441 | BH35: =IFERROR(ROUND(HARMEAN(O35,AA35,AM35),0),0) -> 7586 | BI35: =IFERROR(ROUND(HARMEAN(Q35,AC35,AO35),0),0) -> 5238 | BJ35: =IFERROR(ROUND(AVERAGE(G35,S35,AE35),0),0) -> 10967 | BK35: =IFERROR(ROUND(AVERAGE(I35,U35,AG35),0),0) -> 10967 | BL35: =IFERROR(ROUND(AVERAGE(K35,W35,AI35),0),0) -> 3500 | BM35: =IFERROR(ROUND(AVERAGE(M35,Y35,AK35),0),0) -> 19104 | BN35: =IFERROR(ROUND(AVERAGE(O35,AA35,AM35),0),0) -> 27881 | BO35: =IFERROR(ROUND(AVERAGE(Q35,AC35,AO35),0),0) -> 5250 | BP35: =IFERROR(ROUND(IF(ABS(G35-AVERAGE(S35,AE35))/AVERAGE(S35,AE35)>50%,AVERAGE(S35,AE35),IF(ABS(S35-AVERAGE(G35,AE35))/AVERAGE(G35,AE35)>50%,AVERAGE(G35,AE35),IF(ABS(AE35-AVERAGE(G35,S35))/AVERAGE(G35,S35)>50%,AVERAGE(G35,S35),AVERAGE(G35,S35,AE35)))),0),0) -> 5250 | BQ35: =IFERROR(ROUND(IF(ABS(I35-AVERAGE(U35,AG35))/AVERAGE(U35,AG35)>50%,AVERAGE(U35,AG35),IF(ABS(U35-AVERAGE(I35,AG35))/AVERAGE(I35,AG35)>50%,AVERAGE(I35,AG35),IF(ABS(AG35-AVERAGE(I35,U35))/AVERAGE(I35,U35)>50%,AVERAGE(I35,U35),AVERAGE(I35,U35,AG35)))),0),0) -> 5250 | BR35: =IFERROR(ROUND(IF(ABS(K35-AVERAGE(W35,AI35))/AVERAGE(W35,AI35)>50%,AVERAGE(W35,AI35),IF(ABS(W35-AVERAGE(K35,AI35))/AVERAGE(K35,AI35)>50%,AVERAGE(K35,AI35),IF(ABS(AI35-AVERAGE(K35,W35))/AVERAGE(K35,W35)>50%,AVERAGE(K35,W35),AVERAGE(K35,W35,AI35)))),0),0) -> 5250 | BS35: =IFERROR(ROUND(IF(ABS(M35-AVERAGE(Y35,AK35))/AVERAGE(Y35,AK35)>50%,AVERAGE(Y35,AK35),IF(ABS(Y35-AVERAGE(M35,AK35))/AVERAGE(M35,AK35)>50%,AVERAGE(M35,AK35),IF(ABS(AK35-AVERAGE(M35,Y35))/AVERAGE(M35,Y35)>50%,AVERAGE(M35,Y35),AVERAGE(M35,Y35,AK35)))),0),0) -> 5250 | BT35: =IFERROR(ROUND(IF(ABS(O35-AVERAGE(AA35,AM35))/AVERAGE(AA35,AM35)>50%,AVERAGE(AA35,AM35),IF(ABS(AA35-AVERAGE(O35,AM35))/AVERAGE(O35,AM35)>50%,AVERAGE(O35,AM35),IF(ABS(AM35-AVERAGE(O35,AA35))/AVERAGE(O35,AA35)>50%,AVERAGE(O35,AA35),AVERAGE(O35,AA35,AM35)))),0),0) -> 5250 | BU35: =IFERROR(ROUND(IF(ABS(Q35-AVERAGE(AC35,AO35))/AVERAGE(AC35,AO35)>50%,AVERAGE(AC35,AO35),IF(ABS(AC35-AVERAGE(Q35,AO35))/AVERAGE(Q35,AO35)>50%,AVERAGE(Q35,AO35),IF(ABS(AO35-AVERAGE(Q35,AC35))/AVERAGE(Q35,AC35)>50%,AVERAGE(Q35,AC35),AVERAGE(Q35,AC35,AO35)))),0),0) -> 5250 | BV35: =SUM(BP35:BU35) -> 31500
A36: 14 | B36: REPUESTOS | C36: ACEITE MOTOR X 1 CUARTO (EXCENTO IVA) | D36: =B36&"|"&C36 -> REPUESTOS|ACEITE MOTOR X 1 CUARTO (EXCENTO IVA) | E36: CUARTO | F36: 1 | G36: 32807.786 | H36: N/A | I36: 32807.786 | J36: N/A | K36: 31513.92 | L36: N/A | M36: 22217.145 | N36: N/A | O36: 23771.712 | P36: N/A | R36: =Q36*1.19 -> 0 | S36: 44500 | T36: N/A | U36: 44500 | V36: N/A | W36: 65000 | X36: N/A | Y36: 44500 | Z36: N/A | AA36: 65000 | AB36: N/A | AC36: 50965.2 | AD36: N/A | AE36: 49000 | AF36: N/A | AG36: 49000 | AH36: N/A | AI36: 71500 | AJ36: N/A | AK36: 49000 | AL36: N/A | AM36: 71500 | AN36: N/A | AO36: 56100 | AP36: N/A | AQ36: =AVERAGE(G36,S36,AE36) -> 42102.595 | AR36: =AQ36*1.19 -> 50102.089 | AS36: =AVERAGE(I36,U36,AG36) -> 42102.595 | AT36: =AS36*1.19 -> 50102.089 | AU36: =AVERAGE(K36,W36,AI36) -> 56004.64 | AV36: =AU36*1.19 -> 66645.522 | AW36: =AVERAGE(M36,Y36,AK36) -> 38572.382 | AX36: =AW36*1.19 -> 45901.134 | AY36: =AVERAGE(O36,AA36,AM36) -> 53423.904 | AZ36: =AY36*1.19 -> 63574.446 | BA36: =AVERAGE(AC36,AO36) -> 53532.6 | BB36: =BA36*1.19 -> 63703.794 | BD36: =IFERROR(ROUND(HARMEAN(G36,S36,AE36),0),0) -> 40894 | BE36: =IFERROR(ROUND(HARMEAN(I36,U36,AG36),0),0) -> 40894 | BF36: =IFERROR(ROUND(HARMEAN(K36,W36,AI36),0),0) -> 49098 | BG36: =IFERROR(ROUND(HARMEAN(M36,Y36,AK36),0),0) -> 34133 | BH36: =IFERROR(ROUND(HARMEAN(O36,AA36,AM36),0),0) -> 41995 | BI36: =IFERROR(ROUND(HARMEAN(Q36,AC36,AO36),0),0) -> 53409 | BJ36: =IFERROR(ROUND(AVERAGE(G36,S36,AE36),0),0) -> 42103 | BK36: =IFERROR(ROUND(AVERAGE(I36,U36,AG36),0),0) -> 42103 | BL36: =IFERROR(ROUND(AVERAGE(K36,W36,AI36),0),0) -> 56005 | BM36: =IFERROR(ROUND(AVERAGE(M36,Y36,AK36),0),0) -> 38572 | BN36: =IFERROR(ROUND(AVERAGE(O36,AA36,AM36),0),0) -> 53424 | BO36: =IFERROR(ROUND(AVERAGE(Q36,AC36,AO36),0),0) -> 53533 | BP36: =IFERROR(ROUND(IF(ABS(G36-AVERAGE(S36,AE36))/AVERAGE(S36,AE36)>50%,AVERAGE(S36,AE36),IF(ABS(S36-AVERAGE(G36,AE36))/AVERAGE(G36,AE36)>50%,AVERAGE(G36,AE36),IF(ABS(AE36-AVERAGE(G36,S36))/AVERAGE(G36,S36)>50%,AVERAGE(G36,S36),AVERAGE(G36,S36,AE36)))),0),0) -> 42103 | BQ36: =IFERROR(ROUND(IF(ABS(I36-AVERAGE(U36,AG36))/AVERAGE(U36,AG36)>50%,AVERAGE(U36,AG36),IF(ABS(U36-AVERAGE(I36,AG36))/AVERAGE(I36,AG36)>50%,AVERAGE(I36,AG36),IF(ABS(AG36-AVERAGE(I36,U36))/AVERAGE(I36,U36)>50%,AVERAGE(I36,U36),AVERAGE(I36,U36,AG36)))),0),0) -> 42103 | BR36: =IFERROR(ROUND(IF(ABS(K36-AVERAGE(W36,AI36))/AVERAGE(W36,AI36)>50%,AVERAGE(W36,AI36),IF(ABS(W36-AVERAGE(K36,AI36))/AVERAGE(K36,AI36)>50%,AVERAGE(K36,AI36),IF(ABS(AI36-AVERAGE(K36,W36))/AVERAGE(K36,W36)>50%,AVERAGE(K36,W36),AVERAGE(K36,W36,AI36)))),0),0) -> 68250 | BS36: =IFERROR(ROUND(IF(ABS(M36-AVERAGE(Y36,AK36))/AVERAGE(Y36,AK36)>50%,AVERAGE(Y36,AK36),IF(ABS(Y36-AVERAGE(M36,AK36))/AVERAGE(M36,AK36)>50%,AVERAGE(M36,AK36),IF(ABS(AK36-AVERAGE(M36,Y36))/AVERAGE(M36,Y36)>50%,AVERAGE(M36,Y36),AVERAGE(M36,Y36,AK36)))),0),0) -> 46750 | BT36: =IFERROR(ROUND(IF(ABS(O36-AVERAGE(AA36,AM36))/AVERAGE(AA36,AM36)>50%,AVERAGE(AA36,AM36),IF(ABS(AA36-AVERAGE(O36,AM36))/AVERAGE(O36,AM36)>50%,AVERAGE(O36,AM36),IF(ABS(AM36-AVERAGE(O36,AA36))/AVERAGE(O36,AA36)>50%,AVERAGE(O36,AA36),AVERAGE(O36,AA36,AM36)))),0),0) -> 68250 | BU36: =IFERROR(ROUND(IF(ABS(Q36-AVERAGE(AC36,AO36))/AVERAGE(AC36,AO36)>50%,AVERAGE(AC36,AO36),IF(ABS(AC36-AVERAGE(Q36,AO36))/AVERAGE(Q36,AO36)>50%,AVERAGE(Q36,AO36),IF(ABS(AO36-AVERAGE(Q36,AC36))/AVERAGE(Q36,AC36)>50%,AVERAGE(Q36,AC36),AVERAGE(Q36,AC36,AO36)))),0),0) -> 53533 | BV36: =SUM(BP36:BU36) -> 320989
A37: 15 | B37: MANO DE OBRA | C37: AJUSTADOR BANDAS DE FRENO | D37: =B37&"|"&C37 -> MANO DE OBRA|AJUSTADOR BANDAS DE FRENO | E37: SERVICIO | F37: 1 | G37: 179203.04 | H37: =G37*1.19 -> 213251.61 | I37: 179203.04 | J37: =I37*1.19 -> 213251.61 | K37: 0.91392 | L37: =K37*1.19 -> 1.0875648 | M37: 11201.83 | N37: =M37*1.19 -> 13330.178 | O37: 5676.096 | P37: =O37*1.19 -> 6754.5542 | R37: =Q37*1.19 -> 0 | S37: 44500 | T37: =S37*1.19 -> 52955 | U37: 44500 | V37: =U37*1.19 -> 52955 | W37: 44500 | X37: =W37*1.19 -> 52955 | Y37: 44500 | Z37: =Y37*1.19 -> 52955 | AA37: 44500 | AB37: =AA37*1.19 -> 52955 | AC37: 44500 | AD37: =AC37*1.19 -> 52955 | AE37: 49000 | AF37: =AE37*1.19 -> 58310 | AG37: 49000 | AH37: =AG37*1.19 -> 58310 | AI37: 49000 | AJ37: =AI37*1.19 -> 58310 | AK37: 49000 | AL37: =AK37*1.19 -> 58310 | AM37: 49000 | AN37: =AM37*1.19 -> 58310 | AO37: 49000 | AP37: =AO37*1.19 -> 58310 | AQ37: =AVERAGE(G37,S37,AE37) -> 90901.012 | AR37: =AQ37*1.19 -> 108172.2 | AS37: =AVERAGE(I37,U37,AG37) -> 90901.012 | AT37: =AS37*1.19 -> 108172.2 | AU37: =AVERAGE(K37,W37,AI37) -> 31166.971 | AV37: =AU37*1.19 -> 37088.696 | AW37: =AVERAGE(M37,Y37,AK37) -> 34900.61 | AX37: =AW37*1.19 -> 41531.726 | AY37: =AVERAGE(O37,AA37,AM37) -> 33058.699 | AZ37: =AY37*1.19 -> 39339.851 | BA37: =AVERAGE(AC37,AO37) -> 46750 | BB37: =BA37*1.19 -> 55632.5 | BD37: =IFERROR(ROUND(HARMEAN(G37,S37,AE37),0),0) -> 61906 | BE37: =IFERROR(ROUND(HARMEAN(I37,U37,AG37),0),0) -> 61906 | BF37: =IFERROR(ROUND(HARMEAN(K37,W37,AI37),0),0) -> 3 | BG37: =IFERROR(ROUND(HARMEAN(M37,Y37,AK37),0),0) -> 22701 | BH37: =IFERROR(ROUND(HARMEAN(O37,AA37,AM37),0),0) -> 13695 | BI37: =IFERROR(ROUND(HARMEAN(Q37,AC37,AO37),0),0) -> 46642 | BJ37: =IFERROR(ROUND(AVERAGE(G37,S37,AE37),0),0) -> 90901 | BK37: =IFERROR(ROUND(AVERAGE(I37,U37,AG37),0),0) -> 90901 | BL37: =IFERROR(ROUND(AVERAGE(K37,W37,AI37),0),0) -> 31167 | BM37: =IFERROR(ROUND(AVERAGE(M37,Y37,AK37),0),0) -> 34901 | BN37: =IFERROR(ROUND(AVERAGE(O37,AA37,AM37),0),0) -> 33059 | BO37: =IFERROR(ROUND(AVERAGE(Q37,AC37,AO37),0),0) -> 46750 | BP37: =IFERROR(ROUND(IF(ABS(G37-AVERAGE(S37,AE37))/AVERAGE(S37,AE37)>50%,AVERAGE(S37,AE37),IF(ABS(S37-AVERAGE(G37,AE37))/AVERAGE(G37,AE37)>50%,AVERAGE(G37,AE37),IF(ABS(AE37-AVERAGE(G37,S37))/AVERAGE(G37,S37)>50%,AVERAGE(G37,S37),AVERAGE(G37,S37,AE37)))),0),0) -> 46750 | BQ37: =IFERROR(ROUND(IF(ABS(I37-AVERAGE(U37,AG37))/AVERAGE(U37,AG37)>50%,AVERAGE(U37,AG37),IF(ABS(U37-AVERAGE(I37,AG37))/AVERAGE(I37,AG37)>50%,AVERAGE(I37,AG37),IF(ABS(AG37-AVERAGE(I37,U37))/AVERAGE(I37,U37)>50%,AVERAGE(I37,U37),AVERAGE(I37,U37,AG37)))),0),0) -> 46750 | BR37: =IFERROR(ROUND(IF(ABS(K37-AVERAGE(W37,AI37))/AVERAGE(W37,AI37)>50%,AVERAGE(W37,AI37),IF(ABS(W37-AVERAGE(K37,AI37))/AVERAGE(K37,AI37)>50%,AVERAGE(K37,AI37),IF(ABS(AI37-AVERAGE(K37,W37))/AVERAGE(K37,W37)>50%,AVERAGE(K37,W37),AVERAGE(K37,W37,AI37)))),0),0) -> 46750 | BS37: =IFERROR(ROUND(IF(ABS(M37-AVERAGE(Y37,AK37))/AVERAGE(Y37,AK37)>50%,AVERAGE(Y37,AK37),IF(ABS(Y37-AVERAGE(M37,AK37))/AVERAGE(M37,AK37)>50%,AVERAGE(M37,AK37),IF(ABS(AK37-AVERAGE(M37,Y37))/AVERAGE(M37,Y37)>50%,AVERAGE(M37,Y37),AVERAGE(M37,Y37,AK37)))),0),0) -> 46750 | BT37: =IFERROR(ROUND(IF(ABS(O37-AVERAGE(AA37,AM37))/AVERAGE(AA37,AM37)>50%,AVERAGE(AA37,AM37),IF(ABS(AA37-AVERAGE(O37,AM37))/AVERAGE(O37,AM37)>50%,AVERAGE(O37,AM37),IF(ABS(AM37-AVERAGE(O37,AA37))/AVERAGE(O37,AA37)>50%,AVERAGE(O37,AA37),AVERAGE(O37,AA37,AM37)))),0),0) -> 46750 | BU37: =IFERROR(ROUND(IF(ABS(Q37-AVERAGE(AC37,AO37))/AVERAGE(AC37,AO37)>50%,AVERAGE(AC37,AO37),IF(ABS(AC37-AVERAGE(Q37,AO37))/AVERAGE(Q37,AO37)>50%,AVERAGE(Q37,AO37),IF(ABS(AO37-AVERAGE(Q37,AC37))/AVERAGE(Q37,AC37)>50%,AVERAGE(Q37,AC37),AVERAGE(Q37,AC37,AO37)))),0),0) -> 46750 | BV37: =SUM(BP37:BU37) -> 280500
A38: 16 | B38: REPUESTOS | C38: AJUSTADOR BANDAS DE FRENO | D38: =B38&"|"&C38 -> REPUESTOS|AJUSTADOR BANDAS DE FRENO | E38: UNIDAD | F38: 1 | G38: 57647.226 | H38: =G38*1.19 -> 68600.199 | I38: 57647.226 | J38: =I38*1.19 -> 68600.199 | K38: 17527.767 | L38: =K38*1.19 -> 20858.043 | M38: 17741.711 | N38: =M38*1.19 -> 21112.637 | O38: 8831.296 | P38: =O38*1.19 -> 10509.242 | R38: =Q38*1.19 -> 0 | S38: 185000 | T38: =S38*1.19 -> 220150 | U38: 205000 | V38: =U38*1.19 -> 243950 | W38: 235000 | X38: =W38*1.19 -> 279650 | Y38: 256000 | Z38: =Y38*1.19 -> 304640 | AA38: 198000 | AB38: =AA38*1.19 -> 235620 | AC38: 376586.22 | AD38: =AC38*1.19 -> 448137.6 | AE38: 203500 | AF38: =AE38*1.19 -> 242165 | AG38: 225500 | AH38: =AG38*1.19 -> 268345 | AI38: 258500 | AJ38: =AI38*1.19 -> 307615 | AK38: 281600 | AL38: =AK38*1.19 -> 335104 | AM38: 217800 | AN38: =AM38*1.19 -> 259182 | AO38: 414200 | AP38: =AO38*1.19 -> 492898 | AQ38: =AVERAGE(G38,S38,AE38) -> 148715.74 | AR38: =AQ38*1.19 -> 176971.73 | AS38: =AVERAGE(I38,U38,AG38) -> 162715.74 | AT38: =AS38*1.19 -> 193631.73 | AU38: =AVERAGE(K38,W38,AI38) -> 170342.59 | AV38: =AU38*1.19 -> 202707.68 | AW38: =AVERAGE(M38,Y38,AK38) -> 185113.9 | AX38: =AW38*1.19 -> 220285.55 | AY38: =AVERAGE(O38,AA38,AM38) -> 141543.77 | AZ38: =AY38*1.19 -> 168437.08 | BA38: =AVERAGE(AC38,AO38) -> 395393.11 | BB38: =BA38*1.19 -> 470517.8 | BD38: =IFERROR(ROUND(HARMEAN(G38,S38,AE38),0),0) -> 108435 | BE38: =IFERROR(ROUND(HARMEAN(I38,U38,AG38),0),0) -> 112530 | BF38: =IFERROR(ROUND(HARMEAN(K38,W38,AI38),0),0) -> 46029 | BG38: =IFERROR(ROUND(HARMEAN(M38,Y38,AK38),0),0) -> 47006 | BH38: =IFERROR(ROUND(HARMEAN(O38,AA38,AM38),0),0) -> 24415 | BI38: =IFERROR(ROUND(HARMEAN(Q38,AC38,AO38),0),0) -> 394499 | BJ38: =IFERROR(ROUND(AVERAGE(G38,S38,AE38),0),0) -> 148716 | BK38: =IFERROR(ROUND(AVERAGE(I38,U38,AG38),0),0) -> 162716 | BL38: =IFERROR(ROUND(AVERAGE(K38,W38,AI38),0),0) -> 170343 | BM38: =IFERROR(ROUND(AVERAGE(M38,Y38,AK38),0),0) -> 185114 | BN38: =IFERROR(ROUND(AVERAGE(O38,AA38,AM38),0),0) -> 141544 | BO38: =IFERROR(ROUND(AVERAGE(Q38,AC38,AO38),0),0) -> 395393 | BP38: =IFERROR(ROUND(IF(ABS(G38-AVERAGE(S38,AE38))/AVERAGE(S38,AE38)>50%,AVERAGE(S38,AE38),IF(ABS(S38-AVERAGE(G38,AE38))/AVERAGE(G38,AE38)>50%,AVERAGE(G38,AE38),IF(ABS(AE38-AVERAGE(G38,S38))/AVERAGE(G38,S38)>50%,AVERAGE(G38,S38),AVERAGE(G38,S38,AE38)))),0),0) -> 194250 | BQ38: =IFERROR(ROUND(IF(ABS(I38-AVERAGE(U38,AG38))/AVERAGE(U38,AG38)>50%,AVERAGE(U38,AG38),IF(ABS(U38-AVERAGE(I38,AG38))/AVERAGE(I38,AG38)>50%,AVERAGE(I38,AG38),IF(ABS(AG38-AVERAGE(I38,U38))/AVERAGE(I38,U38)>50%,AVERAGE(I38,U38),AVERAGE(I38,U38,AG38)))),0),0) -> 215250 | BR38: =IFERROR(ROUND(IF(ABS(K38-AVERAGE(W38,AI38))/AVERAGE(W38,AI38)>50%,AVERAGE(W38,AI38),IF(ABS(W38-AVERAGE(K38,AI38))/AVERAGE(K38,AI38)>50%,AVERAGE(K38,AI38),IF(ABS(AI38-AVERAGE(K38,W38))/AVERAGE(K38,W38)>50%,AVERAGE(K38,W38),AVERAGE(K38,W38,AI38)))),0),0) -> 246750 | BS38: =IFERROR(ROUND(IF(ABS(M38-AVERAGE(Y38,AK38))/AVERAGE(Y38,AK38)>50%,AVERAGE(Y38,AK38),IF(ABS(Y38-AVERAGE(M38,AK38))/AVERAGE(M38,AK38)>50%,AVERAGE(M38,AK38),IF(ABS(AK38-AVERAGE(M38,Y38))/AVERAGE(M38,Y38)>50%,AVERAGE(M38,Y38),AVERAGE(M38,Y38,AK38)))),0),0) -> 268800 | BT38: =IFERROR(ROUND(IF(ABS(O38-AVERAGE(AA38,AM38))/AVERAGE(AA38,AM38)>50%,AVERAGE(AA38,AM38),IF(ABS(AA38-AVERAGE(O38,AM38))/AVERAGE(O38,AM38)>50%,AVERAGE(O38,AM38),IF(ABS(AM38-AVERAGE(O38,AA38))/AVERAGE(O38,AA38)>50%,AVERAGE(O38,AA38),AVERAGE(O38,AA38,AM38)))),0),0) -> 207900 | BU38: =IFERROR(ROUND(IF(ABS(Q38-AVERAGE(AC38,AO38))/AVERAGE(AC38,AO38)>50%,AVERAGE(AC38,AO38),IF(ABS(AC38-AVERAGE(Q38,AO38))/AVERAGE(Q38,AO38)>50%,AVERAGE(Q38,AO38),IF(ABS(AO38-AVERAGE(Q38,AC38))/AVERAGE(Q38,AC38)>50%,AVERAGE(Q38,AC38),AVERAGE(Q38,AC38,AO38)))),0),0) -> 395393 | BV38: =SUM(BP38:BU38) -> 1528343
A39: 17 | B39: MANO DE OBRA | C39: ALINEACION DE LLANTAS | D39: =B39&"|"&C39 -> MANO DE OBRA|ALINEACION DE LLANTAS | E39: SERVICIO | F39: 1 | G39: 89601.513 | H39: =G39*1.19 -> 106625.8 | I39: 89601.513 | J39: =I39*1.19 -> 106625.8 | K39: 79579.432 | L39: =K39*1.19 -> 94699.524 | M39: 21226.053 | N39: =M39*1.19 -> 25259.003 | O39: 57230.976 | P39: =O39*1.19 -> 68104.861 | R39: =Q39*1.19 -> 0 | S39: 87500 | T39: =S39*1.19 -> 104125 | U39: 87500 | V39: =U39*1.19 -> 104125 | W39: 87500 | X39: =W39*1.19 -> 104125 | Y39: 87500 | Z39: =Y39*1.19 -> 104125 | AA39: 87500 | AB39: =AA39*1.19 -> 104125 | AC39: 87500 | AD39: =AC39*1.19 -> 104125 | AE39: 96300 | AF39: =AE39*1.19 -> 114597 | AG39: 96300 | AH39: =AG39*1.19 -> 114597 | AI39: 96300 | AJ39: =AI39*1.19 -> 114597 | AK39: 96300 | AL39: =AK39*1.19 -> 114597 | AM39: 96300 | AN39: =AM39*1.19 -> 114597 | AO39: 96300 | AP39: =AO39*1.19 -> 114597 | AQ39: =AVERAGE(G39,S39,AE39) -> 91133.838 | AR39: =AQ39*1.19 -> 108449.27 | AS39: =AVERAGE(I39,U39,AG39) -> 91133.838 | AT39: =AS39*1.19 -> 108449.27 | AU39: =AVERAGE(K39,W39,AI39) -> 87793.144 | AV39: =AU39*1.19 -> 104473.84 | AW39: =AVERAGE(M39,Y39,AK39) -> 68342.018 | AX39: =AW39*1.19 -> 81327.001 | AY39: =AVERAGE(O39,AA39,AM39) -> 80343.659 | AZ39: =AY39*1.19 -> 95608.954 | BA39: =AVERAGE(AC39,AO39) -> 91900 | BB39: =BA39*1.19 -> 109361 | BD39: =IFERROR(ROUND(HARMEAN(G39,S39,AE39),0),0) -> 90983 | BE39: =IFERROR(ROUND(HARMEAN(I39,U39,AG39),0),0) -> 90983 | BF39: =IFERROR(ROUND(HARMEAN(K39,W39,AI39),0),0) -> 87263 | BG39: =IFERROR(ROUND(HARMEAN(M39,Y39,AK39),0),0) -> 43526 | BH39: =IFERROR(ROUND(HARMEAN(O39,AA39,AM39),0),0) -> 76363 | BI39: =IFERROR(ROUND(HARMEAN(Q39,AC39,AO39),0),0) -> 91689 | BJ39: =IFERROR(ROUND(AVERAGE(G39,S39,AE39),0),0) -> 91134 | BK39: =IFERROR(ROUND(AVERAGE(I39,U39,AG39),0),0) -> 91134 | BL39: =IFERROR(ROUND(AVERAGE(K39,W39,AI39),0),0) -> 87793 | BM39: =IFERROR(ROUND(AVERAGE(M39,Y39,AK39),0),0) -> 68342 | BN39: =IFERROR(ROUND(AVERAGE(O39,AA39,AM39),0),0) -> 80344 | BO39: =IFERROR(ROUND(AVERAGE(Q39,AC39,AO39),0),0) -> 91900 | BP39: =IFERROR(ROUND(IF(ABS(G39-AVERAGE(S39,AE39))/AVERAGE(S39,AE39)>50%,AVERAGE(S39,AE39),IF(ABS(S39-AVERAGE(G39,AE39))/AVERAGE(G39,AE39)>50%,AVERAGE(G39,AE39),IF(ABS(AE39-AVERAGE(G39,S39))/AVERAGE(G39,S39)>50%,AVERAGE(G39,S39),AVERAGE(G39,S39,AE39)))),0),0) -> 91134 | BQ39: =IFERROR(ROUND(IF(ABS(I39-AVERAGE(U39,AG39))/AVERAGE(U39,AG39)>50%,AVERAGE(U39,AG39),IF(ABS(U39-AVERAGE(I39,AG39))/AVERAGE(I39,AG39)>50%,AVERAGE(I39,AG39),IF(ABS(AG39-AVERAGE(I39,U39))/AVERAGE(I39,U39)>50%,AVERAGE(I39,U39),AVERAGE(I39,U39,AG39)))),0),0) -> 91134 | BR39: =IFERROR(ROUND(IF(ABS(K39-AVERAGE(W39,AI39))/AVERAGE(W39,AI39)>50%,AVERAGE(W39,AI39),IF(ABS(W39-AVERAGE(K39,AI39))/AVERAGE(K39,AI39)>50%,AVERAGE(K39,AI39),IF(ABS(AI39-AVERAGE(K39,W39))/AVERAGE(K39,W39)>50%,AVERAGE(K39,W39),AVERAGE(K39,W39,AI39)))),0),0) -> 87793 | BS39: =IFERROR(ROUND(IF(ABS(M39-AVERAGE(Y39,AK39))/AVERAGE(Y39,AK39)>50%,AVERAGE(Y39,AK39),IF(ABS(Y39-AVERAGE(M39,AK39))/AVERAGE(M39,AK39)>50%,AVERAGE(M39,AK39),IF(ABS(AK39-AVERAGE(M39,Y39))/AVERAGE(M39,Y39)>50%,AVERAGE(M39,Y39),AVERAGE(M39,Y39,AK39)))),0),0) -> 91900 | BT39: =IFERROR(ROUND(IF(ABS(O39-AVERAGE(AA39,AM39))/AVERAGE(AA39,AM39)>50%,AVERAGE(AA39,AM39),IF(ABS(AA39-AVERAGE(O39,AM39))/AVERAGE(O39,AM39)>50%,AVERAGE(O39,AM39),IF(ABS(AM39-AVERAGE(O39,AA39))/AVERAGE(O39,AA39)>50%,AVERAGE(O39,AA39),AVERAGE(O39,AA39,AM39)))),0),0) -> 80344 | BU39: =IFERROR(ROUND(IF(ABS(Q39-AVERAGE(AC39,AO39))/AVERAGE(AC39,AO39)>50%,AVERAGE(AC39,AO39),IF(ABS(AC39-AVERAGE(Q39,AO39))/AVERAGE(Q39,AO39)>50%,AVERAGE(Q39,AO39),IF(ABS(AO39-AVERAGE(Q39,AC39))/AVERAGE(Q39,AC39)>50%,AVERAGE(Q39,AC39),AVERAGE(Q39,AC39,AO39)))),0),0) -> 91900 | BV39: =SUM(BP39:BU39) -> 534205
A40: 18 | B40: MANO DE OBRA | C40: ALINEACION LUCES | D40: =B40&"|"&C40 -> MANO DE OBRA|ALINEACION LUCES | E40: SERVICIO | F40: 1 | G40: 22400.144 | H40: =G40*1.19 -> 26656.172 | I40: 22400.144 | J40: =I40*1.19 -> 26656.172 | K40: 72557.719 | L40: =K40*1.19 -> 86343.686 | M40: 14150.397 | N40: =M40*1.19 -> 16838.973 | O40: 7171.008 | P40: =O40*1.19 -> 8533.4995 | R40: =Q40*1.19 -> 0 | S40: 44500 | T40: =S40*1.19 -> 52955 | U40: 44500 | V40: =U40*1.19 -> 52955 | W40: 44500 | X40: =W40*1.19 -> 52955 | Y40: 44500 | Z40: =Y40*1.19 -> 52955 | AA40: 44500 | AB40: =AA40*1.19 -> 52955 | AC40: 44500 | AD40: =AC40*1.19 -> 52955 | AE40: 49000 | AF40: =AE40*1.19 -> 58310 | AG40: 49000 | AH40: =AG40*1.19 -> 58310 | AI40: 49000 | AJ40: =AI40*1.19 -> 58310 | AK40: 49000 | AL40: =AK40*1.19 -> 58310 | AM40: 49000 | AN40: =AM40*1.19 -> 58310 | AO40: 49000 | AP40: =AO40*1.19 -> 58310 | AQ40: =AVERAGE(G40,S40,AE40) -> 38633.381 | AR40: =AQ40*1.19 -> 45973.724 | AS40: =AVERAGE(I40,U40,AG40) -> 38633.381 | AT40: =AS40*1.19 -> 45973.724 | AU40: =AVERAGE(K40,W40,AI40) -> 55352.573 | AV40: =AU40*1.19 -> 65869.562 | AW40: =AVERAGE(M40,Y40,AK40) -> 35883.466 | AX40: =AW40*1.19 -> 42701.324 | AY40: =AVERAGE(O40,AA40,AM40) -> 33557.003 | AZ40: =AY40*1.19 -> 39932.833 | BA40: =AVERAGE(AC40,AO40) -> 46750 | BB40: =BA40*1.19 -> 55632.5 | BD40: =IFERROR(ROUND(HARMEAN(G40,S40,AE40),0),0) -> 34277 | BE40: =IFERROR(ROUND(HARMEAN(I40,U40,AG40),0),0) -> 34277 | BF40: =IFERROR(ROUND(HARMEAN(K40,W40,AI40),0),0) -> 52945 | BG40: =IFERROR(ROUND(HARMEAN(M40,Y40,AK40),0),0) -> 26420 | BH40: =IFERROR(ROUND(HARMEAN(O40,AA40,AM40),0),0) -> 16454 | BI40: =IFERROR(ROUND(HARMEAN(Q40,AC40,AO40),0),0) -> 46642 | BJ40: =IFERROR(ROUND(AVERAGE(G40,S40,AE40),0),0) -> 38633 | BK40: =IFERROR(ROUND(AVERAGE(I40,U40,AG40),0),0) -> 38633 | BL40: =IFERROR(ROUND(AVERAGE(K40,W40,AI40),0),0) -> 55353 | BM40: =IFERROR(ROUND(AVERAGE(M40,Y40,AK40),0),0) -> 35883 | BN40: =IFERROR(ROUND(AVERAGE(O40,AA40,AM40),0),0) -> 33557 | BO40: =IFERROR(ROUND(AVERAGE(Q40,AC40,AO40),0),0) -> 46750 | BP40: =IFERROR(ROUND(IF(ABS(G40-AVERAGE(S40,AE40))/AVERAGE(S40,AE40)>50%,AVERAGE(S40,AE40),IF(ABS(S40-AVERAGE(G40,AE40))/AVERAGE(G40,AE40)>50%,AVERAGE(G40,AE40),IF(ABS(AE40-AVERAGE(G40,S40))/AVERAGE(G40,S40)>50%,AVERAGE(G40,S40),AVERAGE(G40,S40,AE40)))),0),0) -> 46750 | BQ40: =IFERROR(ROUND(IF(ABS(I40-AVERAGE(U40,AG40))/AVERAGE(U40,AG40)>50%,AVERAGE(U40,AG40),IF(ABS(U40-AVERAGE(I40,AG40))/AVERAGE(I40,AG40)>50%,AVERAGE(I40,AG40),IF(ABS(AG40-AVERAGE(I40,U40))/AVERAGE(I40,U40)>50%,AVERAGE(I40,U40),AVERAGE(I40,U40,AG40)))),0),0) -> 46750 | BR40: =IFERROR(ROUND(IF(ABS(K40-AVERAGE(W40,AI40))/AVERAGE(W40,AI40)>50%,AVERAGE(W40,AI40),IF(ABS(W40-AVERAGE(K40,AI40))/AVERAGE(K40,AI40)>50%,AVERAGE(K40,AI40),IF(ABS(AI40-AVERAGE(K40,W40))/AVERAGE(K40,W40)>50%,AVERAGE(K40,W40),AVERAGE(K40,W40,AI40)))),0),0) -> 46750 | BS40: =IFERROR(ROUND(IF(ABS(M40-AVERAGE(Y40,AK40))/AVERAGE(Y40,AK40)>50%,AVERAGE(Y40,AK40),IF(ABS(Y40-AVERAGE(M40,AK40))/AVERAGE(M40,AK40)>50%,AVERAGE(M40,AK40),IF(ABS(AK40-AVERAGE(M40,Y40))/AVERAGE(M40,Y40)>50%,AVERAGE(M40,Y40),AVERAGE(M40,Y40,AK40)))),0),0) -> 46750 | BT40: =IFERROR(ROUND(IF(ABS(O40-AVERAGE(AA40,AM40))/AVERAGE(AA40,AM40)>50%,AVERAGE(AA40,AM40),IF(ABS(AA40-AVERAGE(O40,AM40))/AVERAGE(O40,AM40)>50%,AVERAGE(O40,AM40),IF(ABS(AM40-AVERAGE(O40,AA40))/AVERAGE(O40,AA40)>50%,AVERAGE(O40,AA40),AVERAGE(O40,AA40,AM40)))),0),0) -> 46750 | BU40: =IFERROR(ROUND(IF(ABS(Q40-AVERAGE(AC40,AO40))/AVERAGE(AC40,AO40)>50%,AVERAGE(AC40,AO40),IF(ABS(AC40-AVERAGE(Q40,AO40))/AVERAGE(Q40,AO40)>50%,AVERAGE(Q40,AO40),IF(ABS(AO40-AVERAGE(Q40,AC40))/AVERAGE(Q40,AC40)>50%,AVERAGE(Q40,AC40),AVERAGE(Q40,AC40,AO40)))),0),0) -> 46750 | BV40: =SUM(BP40:BU40) -> 280500
A41: 19 | B41: MANO DE OBRA | C41: ALTERNADOR | D41: =B41&"|"&C41 -> MANO DE OBRA|ALTERNADOR | E41: SERVICIO | F41: 1 | G41: 44800.3 | H41: =G41*1.19 -> 53312.357 | I41: 44800.3 | J41: =I41*1.19 -> 53312.357 | K41: 278528 | L41: =K41*1.19 -> 331448.32 | M41: 25603.654 | N41: =M41*1.19 -> 30468.348 | O41: 12976.576 | P41: =O41*1.19 -> 15442.125 | R41: =Q41*1.19 -> 0 | S41: 132000 | T41: =S41*1.19 -> 157080 | U41: 132000 | V41: =U41*1.19 -> 157080 | W41: 132000 | X41: =W41*1.19 -> 157080 | Y41: 132000 | Z41: =Y41*1.19 -> 157080 | AA41: 132000 | AB41: =AA41*1.19 -> 157080 | AC41: 132000 | AD41: =AC41*1.19 -> 157080 | AE41: 145200 | AF41: =AE41*1.19 -> 172788 | AG41: 145200 | AH41: =AG41*1.19 -> 172788 | AI41: 145200 | AJ41: =AI41*1.19 -> 172788 | AK41: 145200 | AL41: =AK41*1.19 -> 172788 | AM41: 145200 | AN41: =AM41*1.19 -> 172788 | AO41: 145200 | AP41: =AO41*1.19 -> 172788 | AQ41: =AVERAGE(G41,S41,AE41) -> 107333.43 | AR41: =AQ41*1.19 -> 127726.79 | AS41: =AVERAGE(I41,U41,AG41) -> 107333.43 | AT41: =AS41*1.19 -> 127726.79 | AU41: =AVERAGE(K41,W41,AI41) -> 185242.67 | AV41: =AU41*1.19 -> 220438.77 | AW41: =AVERAGE(M41,Y41,AK41) -> 100934.55 | AX41: =AW41*1.19 -> 120112.12 | AY41: =AVERAGE(O41,AA41,AM41) -> 96725.525 | AZ41: =AY41*1.19 -> 115103.38 | BA41: =AVERAGE(AC41,AO41) -> 138600 | BB41: =BA41*1.19 -> 164934 | BD41: =IFERROR(ROUND(HARMEAN(G41,S41,AE41),0),0) -> 81557 | BE41: =IFERROR(ROUND(HARMEAN(I41,U41,AG41),0),0) -> 81557 | BF41: =IFERROR(ROUND(HARMEAN(K41,W41,AI41),0),0) -> 166176 | BG41: =IFERROR(ROUND(HARMEAN(M41,Y41,AK41),0),0) -> 56054 | BH41: =IFERROR(ROUND(HARMEAN(O41,AA41,AM41),0),0) -> 32778 | BI41: =IFERROR(ROUND(HARMEAN(Q41,AC41,AO41),0),0) -> 138286 | BJ41: =IFERROR(ROUND(AVERAGE(G41,S41,AE41),0),0) -> 107333 | BK41: =IFERROR(ROUND(AVERAGE(I41,U41,AG41),0),0) -> 107333 | BL41: =IFERROR(ROUND(AVERAGE(K41,W41,AI41),0),0) -> 185243 | BM41: =IFERROR(ROUND(AVERAGE(M41,Y41,AK41),0),0) -> 100935 | BN41: =IFERROR(ROUND(AVERAGE(O41,AA41,AM41),0),0) -> 96726 | BO41: =IFERROR(ROUND(AVERAGE(Q41,AC41,AO41),0),0) -> 138600 | BP41: =IFERROR(ROUND(IF(ABS(G41-AVERAGE(S41,AE41))/AVERAGE(S41,AE41)>50%,AVERAGE(S41,AE41),IF(ABS(S41-AVERAGE(G41,AE41))/AVERAGE(G41,AE41)>50%,AVERAGE(G41,AE41),IF(ABS(AE41-AVERAGE(G41,S41))/AVERAGE(G41,S41)>50%,AVERAGE(G41,S41),AVERAGE(G41,S41,AE41)))),0),0) -> 138600 | BQ41: =IFERROR(ROUND(IF(ABS(I41-AVERAGE(U41,AG41))/AVERAGE(U41,AG41)>50%,AVERAGE(U41,AG41),IF(ABS(U41-AVERAGE(I41,AG41))/AVERAGE(I41,AG41)>50%,AVERAGE(I41,AG41),IF(ABS(AG41-AVERAGE(I41,U41))/AVERAGE(I41,U41)>50%,AVERAGE(I41,U41),AVERAGE(I41,U41,AG41)))),0),0) -> 138600 | BR41: =IFERROR(ROUND(IF(ABS(K41-AVERAGE(W41,AI41))/AVERAGE(W41,AI41)>50%,AVERAGE(W41,AI41),IF(ABS(W41-AVERAGE(K41,AI41))/AVERAGE(K41,AI41)>50%,AVERAGE(K41,AI41),IF(ABS(AI41-AVERAGE(K41,W41))/AVERAGE(K41,W41)>50%,AVERAGE(K41,W41),AVERAGE(K41,W41,AI41)))),0),0) -> 138600 | BS41: =IFERROR(ROUND(IF(ABS(M41-AVERAGE(Y41,AK41))/AVERAGE(Y41,AK41)>50%,AVERAGE(Y41,AK41),IF(ABS(Y41-AVERAGE(M41,AK41))/AVERAGE(M41,AK41)>50%,AVERAGE(M41,AK41),IF(ABS(AK41-AVERAGE(M41,Y41))/AVERAGE(M41,Y41)>50%,AVERAGE(M41,Y41),AVERAGE(M41,Y41,AK41)))),0),0) -> 138600 | BT41: =IFERROR(ROUND(IF(ABS(O41-AVERAGE(AA41,AM41))/AVERAGE(AA41,AM41)>50%,AVERAGE(AA41,AM41),IF(ABS(AA41-AVERAGE(O41,AM41))/AVERAGE(O41,AM41)>50%,AVERAGE(O41,AM41),IF(ABS(AM41-AVERAGE(O41,AA41))/AVERAGE(O41,AA41)>50%,AVERAGE(O41,AA41),AVERAGE(O41,AA41,AM41)))),0),0) -> 138600 | BU41: =IFERROR(ROUND(IF(ABS(Q41-AVERAGE(AC41,AO41))/AVERAGE(AC41,AO41)>50%,AVERAGE(AC41,AO41),IF(ABS(AC41-AVERAGE(Q41,AO41))/AVERAGE(Q41,AO41)>50%,AVERAGE(Q41,AO41),IF(ABS(AO41-AVERAGE(Q41,AC41))/AVERAGE(Q41,AC41)>50%,AVERAGE(Q41,AC41),AVERAGE(Q41,AC41,AO41)))),0),0) -> 138600 | BV41: =SUM(BP41:BU41) -> 831600
A42: 20 | B42: REPUESTOS | C42: ALTERNADOR | D42: =B42&"|"&C42 -> REPUESTOS|ALTERNADOR | E42: UNIDAD | F42: 1 | G42: 417675.36 | H42: =G42*1.19 -> 497033.68 | I42: 621419.9 | J42: =I42*1.19 -> 739489.68 | K42: 3648000 | L42: =K42*1.19 -> 4341120 | M42: 665169.37 | N42: =M42*1.19 -> 791551.56 | O42: 324779.97 | P42: =O42*1.19 -> 386488.16 | R42: =Q42*1.19 -> 0 | S42: 1120000 | T42: =S42*1.19 -> 1332800 | U42: 1200000 | V42: =U42*1.19 -> 1428000 | W42: 1210084 | X42: =W42*1.19 -> 1440000 | Y42: 1500000 | Z42: =Y42*1.19 -> 1785000 | AA42: 929243 | AB42: =AA42*1.19 -> 1105799.2 | AC42: 1602708.9 | AD42: =AC42*1.19 -> 1907223.6 | AE42: 1232000 | AF42: =AE42*1.19 -> 1466080 | AG42: 1320000 | AH42: =AG42*1.19 -> 1570800 | AI42: 1331100 | AJ42: =AI42*1.19 -> 1584009 | AK42: 1650000 | AL42: =AK42*1.19 -> 1963500 | AM42: 1022200 | AN42: =AM42*1.19 -> 1216418 | AO42: 1763000 | AP42: =AO42*1.19 -> 2097970 | AQ42: =AVERAGE(G42,S42,AE42) -> 923225.12 | AR42: =AQ42*1.19 -> 1098637.9 | AS42: =AVERAGE(I42,U42,AG42) -> 1047140 | AT42: =AS42*1.19 -> 1246096.6 | AU42: =AVERAGE(K42,W42,AI42) -> 2063061.3 | AV42: =AU42*1.19 -> 2455043 | AW42: =AVERAGE(M42,Y42,AK42) -> 1271723.1 | AX42: =AW42*1.19 -> 1513350.5 | AY42: =AVERAGE(O42,AA42,AM42) -> 758740.99 | AZ42: =AY42*1.19 -> 902901.78 | BA42: =AVERAGE(AC42,AO42) -> 1682854.5 | BB42: =BA42*1.19 -> 2002596.8 | BD42: =IFERROR(ROUND(HARMEAN(G42,S42,AE42),0),0) -> 731931 | BE42: =IFERROR(ROUND(HARMEAN(I42,U42,AG42),0),0) -> 937463 | BF42: =IFERROR(ROUND(HARMEAN(K42,W42,AI42),0),0) -> 1620072 | BG42: =IFERROR(ROUND(HARMEAN(M42,Y42,AK42),0),0) -> 1080651 | BH42: =IFERROR(ROUND(HARMEAN(O42,AA42,AM42),0),0) -> 584404 | BI42: =IFERROR(ROUND(HARMEAN(Q42,AC42,AO42),0),0) -> 1679038 | BJ42: =IFERROR(ROUND(AVERAGE(G42,S42,AE42),0),0) -> 923225 | BK42: =IFERROR(ROUND(AVERAGE(I42,U42,AG42),0),0) -> 1047140 | BL42: =IFERROR(ROUND(AVERAGE(K42,W42,AI42),0),0) -> 2063061 | BM42: =IFERROR(ROUND(AVERAGE(M42,Y42,AK42),0),0) -> 1271723 | BN42: =IFERROR(ROUND(AVERAGE(O42,AA42,AM42),0),0) -> 758741 | BO42: =IFERROR(ROUND(AVERAGE(Q42,AC42,AO42),0),0) -> 1682854 | BP42: =IFERROR(ROUND(IF(ABS(G42-AVERAGE(S42,AE42))/AVERAGE(S42,AE42)>50%,AVERAGE(S42,AE42),IF(ABS(S42-AVERAGE(G42,AE42))/AVERAGE(G42,AE42)>50%,AVERAGE(G42,AE42),IF(ABS(AE42-AVERAGE(G42,S42))/AVERAGE(G42,S42)>50%,AVERAGE(G42,S42),AVERAGE(G42,S42,AE42)))),0),0) -> 1176000 | BQ42: =IFERROR(ROUND(IF(ABS(I42-AVERAGE(U42,AG42))/AVERAGE(U42,AG42)>50%,AVERAGE(U42,AG42),IF(ABS(U42-AVERAGE(I42,AG42))/AVERAGE(I42,AG42)>50%,AVERAGE(I42,AG42),IF(ABS(AG42-AVERAGE(I42,U42))/AVERAGE(I42,U42)>50%,AVERAGE(I42,U42),AVERAGE(I42,U42,AG42)))),0),0) -> 1260000 | BR42: =IFERROR(ROUND(IF(ABS(K42-AVERAGE(W42,AI42))/AVERAGE(W42,AI42)>50%,AVERAGE(W42,AI42),IF(ABS(W42-AVERAGE(K42,AI42))/AVERAGE(K42,AI42)>50%,AVERAGE(K42,AI42),IF(ABS(AI42-AVERAGE(K42,W42))/AVERAGE(K42,W42)>50%,AVERAGE(K42,W42),AVERAGE(K42,W42,AI42)))),0),0) -> 1270592 | BS42: =IFERROR(ROUND(IF(ABS(M42-AVERAGE(Y42,AK42))/AVERAGE(Y42,AK42)>50%,AVERAGE(Y42,AK42),IF(ABS(Y42-AVERAGE(M42,AK42))/AVERAGE(M42,AK42)>50%,AVERAGE(M42,AK42),IF(ABS(AK42-AVERAGE(M42,Y42))/AVERAGE(M42,Y42)>50%,AVERAGE(M42,Y42),AVERAGE(M42,Y42,AK42)))),0),0) -> 1575000 | BT42: =IFERROR(ROUND(IF(ABS(O42-AVERAGE(AA42,AM42))/AVERAGE(AA42,AM42)>50%,AVERAGE(AA42,AM42),IF(ABS(AA42-AVERAGE(O42,AM42))/AVERAGE(O42,AM42)>50%,AVERAGE(O42,AM42),IF(ABS(AM42-AVERAGE(O42,AA42))/AVERAGE(O42,AA42)>50%,AVERAGE(O42,AA42),AVERAGE(O42,AA42,AM42)))),0),0) -> 975722 | BU42: =IFERROR(ROUND(IF(ABS(Q42-AVERAGE(AC42,AO42))/AVERAGE(AC42,AO42)>50%,AVERAGE(AC42,AO42),IF(ABS(AC42-AVERAGE(Q42,AO42))/AVERAGE(Q42,AO42)>50%,AVERAGE(Q42,AO42),IF(ABS(AO42-AVERAGE(Q42,AC42))/AVERAGE(Q42,AC42)>50%,AVERAGE(Q42,AC42),AVERAGE(Q42,AC42,AO42)))),0),0) -> 1682854 | BV42: =SUM(BP42:BU42) -> 7940168
A43: 21 | B43: MANO DE OBRA | C43: ALTERNADOR AIRE ACONDICIONADO | D43: =B43&"|"&C43 -> MANO DE OBRA|ALTERNADOR AIRE ACONDICIONADO | E43: SERVICIO | F43: 1 | G43: 67201.369 | H43: =G43*1.19 -> 79969.629 | I43: 95163.863 | J43: =I43*1.19 -> 113245 | K43: 0.91392 | L43: =K43*1.19 -> 1.0875648 | M43: 14.6336 | N43: =M43*1.19 -> 17.413984 | O43: 10.88 | P43: =O43*1.19 -> 12.9472 | R43: =Q43*1.19 -> 0 | S43: 175000 | T43: =S43*1.19 -> 208250 | U43: 175000 | V43: =U43*1.19 -> 208250 | W43: 175000 | X43: =W43*1.19 -> 208250 | Y43: 600000 | Z43: =Y43*1.19 -> 714000 | AA43: 175000 | AB43: =AA43*1.19 -> 208250 | AC43: 175000 | AD43: =AC43*1.19 -> 208250 | AE43: 192500 | AF43: =AE43*1.19 -> 229075 | AG43: 192500 | AH43: =AG43*1.19 -> 229075 | AI43: 192500 | AJ43: =AI43*1.19 -> 229075 | AK43: 660000 | AL43: =AK43*1.19 -> 785400 | AM43: 192500 | AN43: =AM43*1.19 -> 229075 | AO43: 192500 | AP43: =AO43*1.19 -> 229075 | AQ43: =AVERAGE(G43,S43,AE43) -> 144900.46 | AR43: =AQ43*1.19 -> 172431.54 | AS43: =AVERAGE(I43,U43,AG43) -> 154221.29 | AT43: =AS43*1.19 -> 183523.33 | AU43: =AVERAGE(K43,W43,AI43) -> 122500.3 | AV43: =AU43*1.19 -> 145775.36 | AW43: =AVERAGE(M43,Y43,AK43) -> 420004.88 | AX43: =AW43*1.19 -> 499805.8 | AY43: =AVERAGE(O43,AA43,AM43) -> 122503.63 | AZ43: =AY43*1.19 -> 145779.32 | BA43: =AVERAGE(AC43,AO43) -> 183750 | BB43: =BA43*1.19 -> 218662.5 | BD43: =IFERROR(ROUND(HARMEAN(G43,S43,AE43),0),0) -> 116325 | BE43: =IFERROR(ROUND(HARMEAN(I43,U43,AG43),0),0) -> 140074 | BF43: =IFERROR(ROUND(HARMEAN(K43,W43,AI43),0),0) -> 3 | BG43: =IFERROR(ROUND(HARMEAN(M43,Y43,AK43),0),0) -> 44 | BH43: =IFERROR(ROUND(HARMEAN(O43,AA43,AM43),0),0) -> 33 | BI43: =IFERROR(ROUND(HARMEAN(Q43,AC43,AO43),0),0) -> 183333 | BJ43: =IFERROR(ROUND(AVERAGE(G43,S43,AE43),0),0) -> 144900 | BK43: =IFERROR(ROUND(AVERAGE(I43,U43,AG43),0),0) -> 154221 | BL43: =IFERROR(ROUND(AVERAGE(K43,W43,AI43),0),0) -> 122500 | BM43: =IFERROR(ROUND(AVERAGE(M43,Y43,AK43),0),0) -> 420005 | BN43: =IFERROR(ROUND(AVERAGE(O43,AA43,AM43),0),0) -> 122504 | BO43: =IFERROR(ROUND(AVERAGE(Q43,AC43,AO43),0),0) -> 183750 | BP43: =IFERROR(ROUND(IF(ABS(G43-AVERAGE(S43,AE43))/AVERAGE(S43,AE43)>50%,AVERAGE(S43,AE43),IF(ABS(S43-AVERAGE(G43,AE43))/AVERAGE(G43,AE43)>50%,AVERAGE(G43,AE43),IF(ABS(AE43-AVERAGE(G43,S43))/AVERAGE(G43,S43)>50%,AVERAGE(G43,S43),AVERAGE(G43,S43,AE43)))),0),0) -> 183750 | BQ43: =IFERROR(ROUND(IF(ABS(I43-AVERAGE(U43,AG43))/AVERAGE(U43,AG43)>50%,AVERAGE(U43,AG43),IF(ABS(U43-AVERAGE(I43,AG43))/AVERAGE(I43,AG43)>50%,AVERAGE(I43,AG43),IF(ABS(AG43-AVERAGE(I43,U43))/AVERAGE(I43,U43)>50%,AVERAGE(I43,U43),AVERAGE(I43,U43,AG43)))),0),0) -> 154221 | BR43: =IFERROR(ROUND(IF(ABS(K43-AVERAGE(W43,AI43))/AVERAGE(W43,AI43)>50%,AVERAGE(W43,AI43),IF(ABS(W43-AVERAGE(K43,AI43))/AVERAGE(K43,AI43)>50%,AVERAGE(K43,AI43),IF(ABS(AI43-AVERAGE(K43,W43))/AVERAGE(K43,W43)>50%,AVERAGE(K43,W43),AVERAGE(K43,W43,AI43)))),0),0) -> 183750 | BS43: =IFERROR(ROUND(IF(ABS(M43-AVERAGE(Y43,AK43))/AVERAGE(Y43,AK43)>50%,AVERAGE(Y43,AK43),IF(ABS(Y43-AVERAGE(M43,AK43))/AVERAGE(M43,AK43)>50%,AVERAGE(M43,AK43),IF(ABS(AK43-AVERAGE(M43,Y43))/AVERAGE(M43,Y43)>50%,AVERAGE(M43,Y43),AVERAGE(M43,Y43,AK43)))),0),0) -> 630000 | BT43: =IFERROR(ROUND(IF(ABS(O43-AVERAGE(AA43,AM43))/AVERAGE(AA43,AM43)>50%,AVERAGE(AA43,AM43),IF(ABS(AA43-AVERAGE(O43,AM43))/AVERAGE(O43,AM43)>50%,AVERAGE(O43,AM43),IF(ABS(AM43-AVERAGE(O43,AA43))/AVERAGE(O43,AA43)>50%,AVERAGE(O43,AA43),AVERAGE(O43,AA43,AM43)))),0),0) -> 183750 | BU43: =IFERROR(ROUND(IF(ABS(Q43-AVERAGE(AC43,AO43))/AVERAGE(AC43,AO43)>50%,AVERAGE(AC43,AO43),IF(ABS(AC43-AVERAGE(Q43,AO43))/AVERAGE(Q43,AO43)>50%,AVERAGE(Q43,AO43),IF(ABS(AO43-AVERAGE(Q43,AC43))/AVERAGE(Q43,AC43)>50%,AVERAGE(Q43,AC43),AVERAGE(Q43,AC43,AO43)))),0),0) -> 183750 | BV43: =SUM(BP43:BU43) -> 1519221
A44: 22 | B44: REPUESTOS | C44: ALTERNADOR AIRE ACONDICIONADO | D44: =B44&"|"&C44 -> REPUESTOS|ALTERNADOR AIRE ACONDICIONADO | E44: UNIDAD | F44: 1 | G44: 1858552.2 | H44: =G44*1.19 -> 2211677.1 | I44: 2378416.6 | J44: =I44*1.19 -> 2830315.8 | K44: 0.91392 | L44: =K44*1.19 -> 1.0875648 | M44: 16.46144 | N44: =M44*1.19 -> 19.589114 | O44: 14.144 | P44: =O44*1.19 -> 16.83136 | R44: =Q44*1.19 -> 0 | S44: 958000 | T44: =S44*1.19 -> 1140020 | U44: 1200000 | V44: =U44*1.19 -> 1428000 | W44: 1201084 | X44: =W44*1.19 -> 1429290 | Y44: 1000000 | Z44: =Y44*1.19 -> 1190000 | AA44: 2400000 | AB44: =AA44*1.19 -> 2856000 | AC44: 4500000 | AD44: =AC44*1.19 -> 5355000 | AE44: 1053800 | AF44: =AE44*1.19 -> 1254022 | AG44: 1320000 | AH44: =AG44*1.19 -> 1570800 | AI44: 1321200 | AJ44: =AI44*1.19 -> 1572228 | AK44: 1100000 | AL44: =AK44*1.19 -> 1309000 | AM44: 2640000 | AN44: =AM44*1.19 -> 3141600 | AO44: 4950000 | AP44: =AO44*1.19 -> 5890500 | AQ44: =AVERAGE(G44,S44,AE44) -> 1290117.4 | AR44: =AQ44*1.19 -> 1535239.7 | AS44: =AVERAGE(I44,U44,AG44) -> 1632805.5 | AT44: =AS44*1.19 -> 1943038.6 | AU44: =AVERAGE(K44,W44,AI44) -> 840761.64 | AV44: =AU44*1.19 -> 1000506.3 | AW44: =AVERAGE(M44,Y44,AK44) -> 700005.49 | AX44: =AW44*1.19 -> 833006.53 | AY44: =AVERAGE(O44,AA44,AM44) -> 1680004.7 | AZ44: =AY44*1.19 -> 1999205.6 | BA44: =AVERAGE(AC44,AO44) -> 4725000 | BB44: =BA44*1.19 -> 5622750 | BD44: =IFERROR(ROUND(HARMEAN(G44,S44,AE44),0),0) -> 1185377 | BE44: =IFERROR(ROUND(HARMEAN(I44,U44,AG44),0),0) -> 1491530 | BF44: =IFERROR(ROUND(HARMEAN(K44,W44,AI44),0),0) -> 3 | BG44: =IFERROR(ROUND(HARMEAN(M44,Y44,AK44),0),0) -> 49 | BH44: =IFERROR(ROUND(HARMEAN(O44,AA44,AM44),0),0) -> 42 | BI44: =IFERROR(ROUND(HARMEAN(Q44,AC44,AO44),0),0) -> 4714286 | BJ44: =IFERROR(ROUND(AVERAGE(G44,S44,AE44),0),0) -> 1290117 | BK44: =IFERROR(ROUND(AVERAGE(I44,U44,AG44),0),0) -> 1632806 | BL44: =IFERROR(ROUND(AVERAGE(K44,W44,AI44),0),0) -> 840762 | BM44: =IFERROR(ROUND(AVERAGE(M44,Y44,AK44),0),0) -> 700005 | BN44: =IFERROR(ROUND(AVERAGE(O44,AA44,AM44),0),0) -> 1680005 | BO44: =IFERROR(ROUND(AVERAGE(Q44,AC44,AO44),0),0) -> 4725000 | BP44: =IFERROR(ROUND(IF(ABS(G44-AVERAGE(S44,AE44))/AVERAGE(S44,AE44)>50%,AVERAGE(S44,AE44),IF(ABS(S44-AVERAGE(G44,AE44))/AVERAGE(G44,AE44)>50%,AVERAGE(G44,AE44),IF(ABS(AE44-AVERAGE(G44,S44))/AVERAGE(G44,S44)>50%,AVERAGE(G44,S44),AVERAGE(G44,S44,AE44)))),0),0) -> 1005900 | BQ44: =IFERROR(ROUND(IF(ABS(I44-AVERAGE(U44,AG44))/AVERAGE(U44,AG44)>50%,AVERAGE(U44,AG44),IF(ABS(U44-AVERAGE(I44,AG44))/AVERAGE(I44,AG44)>50%,AVERAGE(I44,AG44),IF(ABS(AG44-AVERAGE(I44,U44))/AVERAGE(I44,U44)>50%,AVERAGE(I44,U44),AVERAGE(I44,U44,AG44)))),0),0) -> 1260000 | BR44: =IFERROR(ROUND(IF(ABS(K44-AVERAGE(W44,AI44))/AVERAGE(W44,AI44)>50%,AVERAGE(W44,AI44),IF(ABS(W44-AVERAGE(K44,AI44))/AVERAGE(K44,AI44)>50%,AVERAGE(K44,AI44),IF(ABS(AI44-AVERAGE(K44,W44))/AVERAGE(K44,W44)>50%,AVERAGE(K44,W44),AVERAGE(K44,W44,AI44)))),0),0) -> 1261142 | BS44: =IFERROR(ROUND(IF(ABS(M44-AVERAGE(Y44,AK44))/AVERAGE(Y44,AK44)>50%,AVERAGE(Y44,AK44),IF(ABS(Y44-AVERAGE(M44,AK44))/AVERAGE(M44,AK44)>50%,AVERAGE(M44,AK44),IF(ABS(AK44-AVERAGE(M44,Y44))/AVERAGE(M44,Y44)>50%,AVERAGE(M44,Y44),AVERAGE(M44,Y44,AK44)))),0),0) -> 1050000 | BT44: =IFERROR(ROUND(IF(ABS(O44-AVERAGE(AA44,AM44))/AVERAGE(AA44,AM44)>50%,AVERAGE(AA44,AM44),IF(ABS(AA44-AVERAGE(O44,AM44))/AVERAGE(O44,AM44)>50%,AVERAGE(O44,AM44),IF(ABS(AM44-AVERAGE(O44,AA44))/AVERAGE(O44,AA44)>50%,AVERAGE(O44,AA44),AVERAGE(O44,AA44,AM44)))),0),0) -> 2520000 | BU44: =IFERROR(ROUND(IF(ABS(Q44-AVERAGE(AC44,AO44))/AVERAGE(AC44,AO44)>50%,AVERAGE(AC44,AO44),IF(ABS(AC44-AVERAGE(Q44,AO44))/AVERAGE(Q44,AO44)>50%,AVERAGE(Q44,AO44),IF(ABS(AO44-AVERAGE(Q44,AC44))/AVERAGE(Q44,AC44)>50%,AVERAGE(Q44,AC44),AVERAGE(Q44,AC44,AO44)))),0),0) -> 4725000 | BV44: =SUM(BP44:BU44) -> 11822042
A45: 23 | B45: MANO DE OBRA | C45: AMORTIGUADOR CAPOT | D45: =B45&"|"&C45 -> MANO DE OBRA|AMORTIGUADOR CAPOT | E45: SERVICIO | F45: 1 | G45: 89601.513 | H45: =G45*1.19 -> 106625.8 | I45: 89601.513 | J45: =I45*1.19 -> 106625.8 | K45: 0.91392 | L45: =K45*1.19 -> 1.0875648 | M45: 14.6336 | N45: =M45*1.19 -> 17.413984 | O45: 10.88 | P45: =O45*1.19 -> 12.9472 | R45: =Q45*1.19 -> 0 | S45: 44500 | T45: =S45*1.19 -> 52955 | U45: 44500 | V45: =U45*1.19 -> 52955 | W45: 44500 | X45: =W45*1.19 -> 52955 | Y45: 500000 | Z45: =Y45*1.19 -> 595000 | AA45: 44500 | AB45: =AA45*1.19 -> 52955 | AC45: 44500 | AD45: =AC45*1.19 -> 52955 | AE45: 49000 | AF45: =AE45*1.19 -> 58310 | AG45: 49000 | AH45: =AG45*1.19 -> 58310 | AI45: 49000 | AJ45: =AI45*1.19 -> 58310 | AK45: 550000 | AL45: =AK45*1.19 -> 654500 | AM45: 49000 | AN45: =AM45*1.19 -> 58310 | AO45: 49000 | AP45: =AO45*1.19 -> 58310 | AQ45: =AVERAGE(G45,S45,AE45) -> 61033.838 | AR45: =AQ45*1.19 -> 72630.267 | AS45: =AVERAGE(I45,U45,AG45) -> 61033.838 | AT45: =AS45*1.19 -> 72630.267 | AU45: =AVERAGE(K45,W45,AI45) -> 31166.971 | AV45: =AU45*1.19 -> 37088.696 | AW45: =AVERAGE(M45,Y45,AK45) -> 350004.88 | AX45: =AW45*1.19 -> 416505.8 | AY45: =AVERAGE(O45,AA45,AM45) -> 31170.293 | AZ45: =AY45*1.19 -> 37092.649 | BA45: =AVERAGE(AC45,AO45) -> 46750 | BB45: =BA45*1.19 -> 55632.5 | BD45: =IFERROR(ROUND(HARMEAN(G45,S45,AE45),0),0) -> 55514 | BE45: =IFERROR(ROUND(HARMEAN(I45,U45,AG45),0),0) -> 55514 | BF45: =IFERROR(ROUND(HARMEAN(K45,W45,AI45),0),0) -> 3 | BG45: =IFERROR(ROUND(HARMEAN(M45,Y45,AK45),0),0) -> 44 | BH45: =IFERROR(ROUND(HARMEAN(O45,AA45,AM45),0),0) -> 33 | BI45: =IFERROR(ROUND(HARMEAN(Q45,AC45,AO45),0),0) -> 46642 | BJ45: =IFERROR(ROUND(AVERAGE(G45,S45,AE45),0),0) -> 61034 | BK45: =IFERROR(ROUND(AVERAGE(I45,U45,AG45),0),0) -> 61034 | BL45: =IFERROR(ROUND(AVERAGE(K45,W45,AI45),0),0) -> 31167 | BM45: =IFERROR(ROUND(AVERAGE(M45,Y45,AK45),0),0) -> 350005 | BN45: =IFERROR(ROUND(AVERAGE(O45,AA45,AM45),0),0) -> 31170 | BO45: =IFERROR(ROUND(AVERAGE(Q45,AC45,AO45),0),0) -> 46750 | BP45: =IFERROR(ROUND(IF(ABS(G45-AVERAGE(S45,AE45))/AVERAGE(S45,AE45)>50%,AVERAGE(S45,AE45),IF(ABS(S45-AVERAGE(G45,AE45))/AVERAGE(G45,AE45)>50%,AVERAGE(G45,AE45),IF(ABS(AE45-AVERAGE(G45,S45))/AVERAGE(G45,S45)>50%,AVERAGE(G45,S45),AVERAGE(G45,S45,AE45)))),0),0) -> 46750 | BQ45: =IFERROR(ROUND(IF(ABS(I45-AVERAGE(U45,AG45))/AVERAGE(U45,AG45)>50%,AVERAGE(U45,AG45),IF(ABS(U45-AVERAGE(I45,AG45))/AVERAGE(I45,AG45)>50%,AVERAGE(I45,AG45),IF(ABS(AG45-AVERAGE(I45,U45))/AVERAGE(I45,U45)>50%,AVERAGE(I45,U45),AVERAGE(I45,U45,AG45)))),0),0) -> 46750 | BR45: =IFERROR(ROUND(IF(ABS(K45-AVERAGE(W45,AI45))/AVERAGE(W45,AI45)>50%,AVERAGE(W45,AI45),IF(ABS(W45-AVERAGE(K45,AI45))/AVERAGE(K45,AI45)>50%,AVERAGE(K45,AI45),IF(ABS(AI45-AVERAGE(K45,W45))/AVERAGE(K45,W45)>50%,AVERAGE(K45,W45),AVERAGE(K45,W45,AI45)))),0),0) -> 46750 | BS45: =IFERROR(ROUND(IF(ABS(M45-AVERAGE(Y45,AK45))/AVERAGE(Y45,AK45)>50%,AVERAGE(Y45,AK45),IF(ABS(Y45-AVERAGE(M45,AK45))/AVERAGE(M45,AK45)>50%,AVERAGE(M45,AK45),IF(ABS(AK45-AVERAGE(M45,Y45))/AVERAGE(M45,Y45)>50%,AVERAGE(M45,Y45),AVERAGE(M45,Y45,AK45)))),0),0) -> 525000 | BT45: =IFERROR(ROUND(IF(ABS(O45-AVERAGE(AA45,AM45))/AVERAGE(AA45,AM45)>50%,AVERAGE(AA45,AM45),IF(ABS(AA45-AVERAGE(O45,AM45))/AVERAGE(O45,AM45)>50%,AVERAGE(O45,AM45),IF(ABS(AM45-AVERAGE(O45,AA45))/AVERAGE(O45,AA45)>50%,AVERAGE(O45,AA45),AVERAGE(O45,AA45,AM45)))),0),0) -> 46750 | BU45: =IFERROR(ROUND(IF(ABS(Q45-AVERAGE(AC45,AO45))/AVERAGE(AC45,AO45)>50%,AVERAGE(AC45,AO45),IF(ABS(AC45-AVERAGE(Q45,AO45))/AVERAGE(Q45,AO45)>50%,AVERAGE(Q45,AO45),IF(ABS(AO45-AVERAGE(Q45,AC45))/AVERAGE(Q45,AC45)>50%,AVERAGE(Q45,AC45),AVERAGE(Q45,AC45,AO45)))),0),0) -> 46750 | BV45: =SUM(BP45:BU45) -> 758750
A46: 24 | B46: REPUESTOS | C46: AMORTIGUADOR CAPOT | D46: =B46&"|"&C46 -> REPUESTOS|AMORTIGUADOR CAPOT | E46: UNIDAD | F46: 1 | G46: 210124.9 | H46: =G46*1.19 -> 250048.63 | I46: 257828.12 | J46: =I46*1.19 -> 306815.46 | K46: 212114.28 | L46: =K46*1.19 -> 252416 | M46: 17.37536 | N46: =M46*1.19 -> 20.676678 | O46: 14.144 | P46: =O46*1.19 -> 16.83136 | R46: =Q46*1.19 -> 0 | T46: =S46*1.19 -> 0 | V46: =U46*1.19 -> 0 | W46: 642600 | X46: =W46*1.19 -> 764694 | Y46: 350000 | Z46: =Y46*1.19 -> 416500 | AA46: 122047 | AB46: =AA46*1.19 -> 145235.93 | AC46: 79663.866 | AD46: =AC46*1.19 -> 94800 | AF46: =AE46*1.19 -> 0 | AH46: =AG46*1.19 -> 0 | AI46: 706900 | AJ46: =AI46*1.19 -> 841211 | AK46: 385000 | AL46: =AK46*1.19 -> 458150 | AM46: 134300 | AN46: =AM46*1.19 -> 159817 | AO46: 87600 | AP46: =AO46*1.19 -> 104244 | AQ46: =AVERAGE(G46,S46,AE46) -> 210124.9 | AR46: =AQ46*1.19 -> 250048.63 | AS46: =AVERAGE(I46,U46,AG46) -> 257828.12 | AT46: =AS46*1.19 -> 306815.46 | AU46: =AVERAGE(K46,W46,AI46) -> 520538.09 | AV46: =AU46*1.19 -> 619440.33 | AW46: =AVERAGE(M46,Y46,AK46) -> 245005.79 | AX46: =AW46*1.19 -> 291556.89 | AY46: =AVERAGE(O46,AA46,AM46) -> 85453.715 | AZ46: =AY46*1.19 -> 101689.92 | BA46: =AVERAGE(AC46,AO46) -> 83631.933 | BB46: =BA46*1.19 -> 99522 | BD46: =IFERROR(ROUND(HARMEAN(G46,S46,AE46),0),0) -> 210125 | BE46: =IFERROR(ROUND(HARMEAN(I46,U46,AG46),0),0) -> 257828 | BF46: =IFERROR(ROUND(HARMEAN(K46,W46,AI46),0),0) -> 390358 | BG46: =IFERROR(ROUND(HARMEAN(M46,Y46,AK46),0),0) -> 52 | BH46: =IFERROR(ROUND(HARMEAN(O46,AA46,AM46),0),0) -> 42 | BI46: =IFERROR(ROUND(HARMEAN(Q46,AC46,AO46),0),0) -> 83444 | BJ46: =IFERROR(ROUND(AVERAGE(G46,S46,AE46),0),0) -> 210125 | BK46: =IFERROR(ROUND(AVERAGE(I46,U46,AG46),0),0) -> 257828 | BL46: =IFERROR(ROUND(AVERAGE(K46,W46,AI46),0),0) -> 520538 | BM46: =IFERROR(ROUND(AVERAGE(M46,Y46,AK46),0),0) -> 245006 | BN46: =IFERROR(ROUND(AVERAGE(O46,AA46,AM46),0),0) -> 85454 | BO46: =IFERROR(ROUND(AVERAGE(Q46,AC46,AO46),0),0) -> 83632 | BP46: =IFERROR(ROUND(IF(ABS(G46-AVERAGE(S46,AE46))/AVERAGE(S46,AE46)>50%,AVERAGE(S46,AE46),IF(ABS(S46-AVERAGE(G46,AE46))/AVERAGE(G46,AE46)>50%,AVERAGE(G46,AE46),IF(ABS(AE46-AVERAGE(G46,S46))/AVERAGE(G46,S46)>50%,AVERAGE(G46,S46),AVERAGE(G46,S46,AE46)))),0),0) -> 0 | BQ46: =IFERROR(ROUND(IF(ABS(I46-AVERAGE(U46,AG46))/AVERAGE(U46,AG46)>50%,AVERAGE(U46,AG46),IF(ABS(U46-AVERAGE(I46,AG46))/AVERAGE(I46,AG46)>50%,AVERAGE(I46,AG46),IF(ABS(AG46-AVERAGE(I46,U46))/AVERAGE(I46,U46)>50%,AVERAGE(I46,U46),AVERAGE(I46,U46,AG46)))),0),0) -> 0 | BR46: =IFERROR(ROUND(IF(ABS(K46-AVERAGE(W46,AI46))/AVERAGE(W46,AI46)>50%,AVERAGE(W46,AI46),IF(ABS(W46-AVERAGE(K46,AI46))/AVERAGE(K46,AI46)>50%,AVERAGE(K46,AI46),IF(ABS(AI46-AVERAGE(K46,W46))/AVERAGE(K46,W46)>50%,AVERAGE(K46,W46),AVERAGE(K46,W46,AI46)))),0),0) -> 674750 | BS46: =IFERROR(ROUND(IF(ABS(M46-AVERAGE(Y46,AK46))/AVERAGE(Y46,AK46)>50%,AVERAGE(Y46,AK46),IF(ABS(Y46-AVERAGE(M46,AK46))/AVERAGE(M46,AK46)>50%,AVERAGE(M46,AK46),IF(ABS(AK46-AVERAGE(M46,Y46))/AVERAGE(M46,Y46)>50%,AVERAGE(M46,Y46),AVERAGE(M46,Y46,AK46)))),0),0) -> 367500 | BT46: =IFERROR(ROUND(IF(ABS(O46-AVERAGE(AA46,AM46))/AVERAGE(AA46,AM46)>50%,AVERAGE(AA46,AM46),IF(ABS(AA46-AVERAGE(O46,AM46))/AVERAGE(O46,AM46)>50%,AVERAGE(O46,AM46),IF(ABS(AM46-AVERAGE(O46,AA46))/AVERAGE(O46,AA46)>50%,AVERAGE(O46,AA46),AVERAGE(O46,AA46,AM46)))),0),0) -> 128174 | BU46: =IFERROR(ROUND(IF(ABS(Q46-AVERAGE(AC46,AO46))/AVERAGE(AC46,AO46)>50%,AVERAGE(AC46,AO46),IF(ABS(AC46-AVERAGE(Q46,AO46))/AVERAGE(Q46,AO46)>50%,AVERAGE(Q46,AO46),IF(ABS(AO46-AVERAGE(Q46,AC46))/AVERAGE(Q46,AC46)>50%,AVERAGE(Q46,AC46),AVERAGE(Q46,AC46,AO46)))),0),0) -> 83632 | BV46: =SUM(BP46:BU46) -> 1254056
A47: 25 | B47: MANO DE OBRA | C47: AMORTIGUADOR DELANTERO | D47: =B47&"|"&C47 -> MANO DE OBRA|AMORTIGUADOR DELANTERO | E47: SERVICIO | F47: 1 | G47: 44800.3 | H47: =G47*1.19 -> 53312.357 | I47: 44800.3 | J47: =I47*1.19 -> 53312.357 | K47: 139264 | L47: =K47*1.19 -> 165724.16 | M47: 73142.856 | N47: =M47*1.19 -> 87039.999 | O47: 91428.992 | P47: =O47*1.19 -> 108800.5 | R47: =Q47*1.19 -> 0 | S47: 175000 | T47: =S47*1.19 -> 208250 | U47: 175000 | V47: =U47*1.19 -> 208250 | W47: 175000 | X47: =W47*1.19 -> 208250 | Y47: 120000 | Z47: =Y47*1.19 -> 142800 | AA47: 175000 | AB47: =AA47*1.19 -> 208250 | AC47: 175000 | AD47: =AC47*1.19 -> 208250 | AE47: 192500 | AF47: =AE47*1.19 -> 229075 | AG47: 192500 | AH47: =AG47*1.19 -> 229075 | AI47: 192500 | AJ47: =AI47*1.19 -> 229075 | AK47: 132000 | AL47: =AK47*1.19 -> 157080 | AM47: 192500 | AN47: =AM47*1.19 -> 229075 | AO47: 192500 | AP47: =AO47*1.19 -> 229075 | AQ47: =AVERAGE(G47,S47,AE47) -> 137433.43 | AR47: =AQ47*1.19 -> 163545.79 | AS47: =AVERAGE(I47,U47,AG47) -> 137433.43 | AT47: =AS47*1.19 -> 163545.79 | AU47: =AVERAGE(K47,W47,AI47) -> 168921.33 | AV47: =AU47*1.19 -> 201016.39 | AW47: =AVERAGE(M47,Y47,AK47) -> 108380.95 | AX47: =AW47*1.19 -> 128973.33 | AY47: =AVERAGE(O47,AA47,AM47) -> 152976.33 | AZ47: =AY47*1.19 -> 182041.83 | BA47: =AVERAGE(AC47,AO47) -> 183750 | BB47: =BA47*1.19 -> 218662.5 | BD47: =IFERROR(ROUND(HARMEAN(G47,S47,AE47),0),0) -> 90279 | BE47: =IFERROR(ROUND(HARMEAN(I47,U47,AG47),0),0) -> 90279 | BF47: =IFERROR(ROUND(HARMEAN(K47,W47,AI47),0),0) -> 165840 | BG47: =IFERROR(ROUND(HARMEAN(M47,Y47,AK47),0),0) -> 101417 | BH47: =IFERROR(ROUND(HARMEAN(O47,AA47,AM47),0),0) -> 137322 | BI47: =IFERROR(ROUND(HARMEAN(Q47,AC47,AO47),0),0) -> 183333 | BJ47: =IFERROR(ROUND(AVERAGE(G47,S47,AE47),0),0) -> 137433 | BK47: =IFERROR(ROUND(AVERAGE(I47,U47,AG47),0),0) -> 137433 | BL47: =IFERROR(ROUND(AVERAGE(K47,W47,AI47),0),0) -> 168921 | BM47: =IFERROR(ROUND(AVERAGE(M47,Y47,AK47),0),0) -> 108381 | BN47: =IFERROR(ROUND(AVERAGE(O47,AA47,AM47),0),0) -> 152976 | BO47: =IFERROR(ROUND(AVERAGE(Q47,AC47,AO47),0),0) -> 183750 | BP47: =IFERROR(ROUND(IF(ABS(G47-AVERAGE(S47,AE47))/AVERAGE(S47,AE47)>50%,AVERAGE(S47,AE47),IF(ABS(S47-AVERAGE(G47,AE47))/AVERAGE(G47,AE47)>50%,AVERAGE(G47,AE47),IF(ABS(AE47-AVERAGE(G47,S47))/AVERAGE(G47,S47)>50%,AVERAGE(G47,S47),AVERAGE(G47,S47,AE47)))),0),0) -> 183750 | BQ47: =IFERROR(ROUND(IF(ABS(I47-AVERAGE(U47,AG47))/AVERAGE(U47,AG47)>50%,AVERAGE(U47,AG47),IF(ABS(U47-AVERAGE(I47,AG47))/AVERAGE(I47,AG47)>50%,AVERAGE(I47,AG47),IF(ABS(AG47-AVERAGE(I47,U47))/AVERAGE(I47,U47)>50%,AVERAGE(I47,U47),AVERAGE(I47,U47,AG47)))),0),0) -> 183750 | BR47: =IFERROR(ROUND(IF(ABS(K47-AVERAGE(W47,AI47))/AVERAGE(W47,AI47)>50%,AVERAGE(W47,AI47),IF(ABS(W47-AVERAGE(K47,AI47))/AVERAGE(K47,AI47)>50%,AVERAGE(K47,AI47),IF(ABS(AI47-AVERAGE(K47,W47))/AVERAGE(K47,W47)>50%,AVERAGE(K47,W47),AVERAGE(K47,W47,AI47)))),0),0) -> 168921 | BS47: =IFERROR(ROUND(IF(ABS(M47-AVERAGE(Y47,AK47))/AVERAGE(Y47,AK47)>50%,AVERAGE(Y47,AK47),IF(ABS(Y47-AVERAGE(M47,AK47))/AVERAGE(M47,AK47)>50%,AVERAGE(M47,AK47),IF(ABS(AK47-AVERAGE(M47,Y47))/AVERAGE(M47,Y47)>50%,AVERAGE(M47,Y47),AVERAGE(M47,Y47,AK47)))),0),0) -> 108381 | BT47: =IFERROR(ROUND(IF(ABS(O47-AVERAGE(AA47,AM47))/AVERAGE(AA47,AM47)>50%,AVERAGE(AA47,AM47),IF(ABS(AA47-AVERAGE(O47,AM47))/AVERAGE(O47,AM47)>50%,AVERAGE(O47,AM47),IF(ABS(AM47-AVERAGE(O47,AA47))/AVERAGE(O47,AA47)>50%,AVERAGE(O47,AA47),AVERAGE(O47,AA47,AM47)))),0),0) -> 183750 | BU47: =IFERROR(ROUND(IF(ABS(Q47-AVERAGE(AC47,AO47))/AVERAGE(AC47,AO47)>50%,AVERAGE(AC47,AO47),IF(ABS(AC47-AVERAGE(Q47,AO47))/AVERAGE(Q47,AO47)>50%,AVERAGE(Q47,AO47),IF(ABS(AO47-AVERAGE(Q47,AC47))/AVERAGE(Q47,AC47)>50%,AVERAGE(Q47,AC47),AVERAGE(Q47,AC47,AO47)))),0),0) -> 183750 | BV47: =SUM(BP47:BU47) -> 1012302
A48: 26 | B48: REPUESTOS | C48: AMORTIGUADOR DELANTERO | D48: =B48&"|"&C48 -> REPUESTOS|AMORTIGUADOR DELANTERO | E48: JUEGO | F48: 1 | G48: 345215.91 | H48: =G48*1.19 -> 410806.94 | I48: 419842.06 | J48: =I48*1.19 -> 499612.05 | K48: 2516571.4 | L48: =K48*1.19 -> 2994720 | M48: 123428.57 | N48: =M48*1.19 -> 146880 | O48: 127999.94 | P48: =O48*1.19 -> 152319.92 | R48: =Q48*1.19 -> 0 | S48: 476000 | T48: =S48*1.19 -> 566440 | U48: 585000 | V48: =U48*1.19 -> 696150 | W48: 484033 | X48: =W48*1.19 -> 575999.27 | Y48: 1030000 | Z48: =Y48*1.19 -> 1225700 | AA48: 998319 | AB48: =AA48*1.19 -> 1187999.6 | AC48: 722824.54 | AD48: =AC48*1.19 -> 860161.2 | AE48: 523600 | AF48: =AE48*1.19 -> 623084 | AG48: 643500 | AH48: =AG48*1.19 -> 765765 | AI48: 532400 | AJ48: =AI48*1.19 -> 633556 | AK48: 1133000 | AL48: =AK48*1.19 -> 1348270 | AM48: 1098200 | AN48: =AM48*1.19 -> 1306858 | AO48: 795100 | AP48: =AO48*1.19 -> 946169 | AQ48: =AVERAGE(G48,S48,AE48) -> 448271.97 | AR48: =AQ48*1.19 -> 533443.65 | AS48: =AVERAGE(I48,U48,AG48) -> 549447.35 | AT48: =AS48*1.19 -> 653842.35 | AU48: =AVERAGE(K48,W48,AI48) -> 1177668.1 | AV48: =AU48*1.19 -> 1401425.1 | AW48: =AVERAGE(M48,Y48,AK48) -> 762142.86 | AX48: =AW48*1.19 -> 906950 | AY48: =AVERAGE(O48,AA48,AM48) -> 741506.31 | AZ48: =AY48*1.19 -> 882392.51 | BA48: =AVERAGE(AC48,AO48) -> 758962.27 | BB48: =BA48*1.19 -> 903165.1 | BD48: =IFERROR(ROUND(HARMEAN(G48,S48,AE48),0),0) -> 434315 | BE48: =IFERROR(ROUND(HARMEAN(I48,U48,AG48),0),0) -> 531420 | BF48: =IFERROR(ROUND(HARMEAN(K48,W48,AI48),0),0) -> 690985 | BG48: =IFERROR(ROUND(HARMEAN(M48,Y48,AK48),0),0) -> 301346 | BH48: =IFERROR(ROUND(HARMEAN(O48,AA48,AM48),0),0) -> 308491 | BI48: =IFERROR(ROUND(HARMEAN(Q48,AC48,AO48),0),0) -> 757242 | BJ48: =IFERROR(ROUND(AVERAGE(G48,S48,AE48),0),0) -> 448272 | BK48: =IFERROR(ROUND(AVERAGE(I48,U48,AG48),0),0) -> 549447 | BL48: =IFERROR(ROUND(AVERAGE(K48,W48,AI48),0),0) -> 1177668 | BM48: =IFERROR(ROUND(AVERAGE(M48,Y48,AK48),0),0) -> 762143 | BN48: =IFERROR(ROUND(AVERAGE(O48,AA48,AM48),0),0) -> 741506 | BO48: =IFERROR(ROUND(AVERAGE(Q48,AC48,AO48),0),0) -> 758962 | BP48: =IFERROR(ROUND(IF(ABS(G48-AVERAGE(S48,AE48))/AVERAGE(S48,AE48)>50%,AVERAGE(S48,AE48),IF(ABS(S48-AVERAGE(G48,AE48))/AVERAGE(G48,AE48)>50%,AVERAGE(G48,AE48),IF(ABS(AE48-AVERAGE(G48,S48))/AVERAGE(G48,S48)>50%,AVERAGE(G48,S48),AVERAGE(G48,S48,AE48)))),0),0) -> 448272 | BQ48: =IFERROR(ROUND(IF(ABS(I48-AVERAGE(U48,AG48))/AVERAGE(U48,AG48)>50%,AVERAGE(U48,AG48),IF(ABS(U48-AVERAGE(I48,AG48))/AVERAGE(I48,AG48)>50%,AVERAGE(I48,AG48),IF(ABS(AG48-AVERAGE(I48,U48))/AVERAGE(I48,U48)>50%,AVERAGE(I48,U48),AVERAGE(I48,U48,AG48)))),0),0) -> 549447 | BR48: =IFERROR(ROUND(IF(ABS(K48-AVERAGE(W48,AI48))/AVERAGE(W48,AI48)>50%,AVERAGE(W48,AI48),IF(ABS(W48-AVERAGE(K48,AI48))/AVERAGE(K48,AI48)>50%,AVERAGE(K48,AI48),IF(ABS(AI48-AVERAGE(K48,W48))/AVERAGE(K48,W48)>50%,AVERAGE(K48,W48),AVERAGE(K48,W48,AI48)))),0),0) -> 508217 | BS48: =IFERROR(ROUND(IF(ABS(M48-AVERAGE(Y48,AK48))/AVERAGE(Y48,AK48)>50%,AVERAGE(Y48,AK48),IF(ABS(Y48-AVERAGE(M48,AK48))/AVERAGE(M48,AK48)>50%,AVERAGE(M48,AK48),IF(ABS(AK48-AVERAGE(M48,Y48))/AVERAGE(M48,Y48)>50%,AVERAGE(M48,Y48),AVERAGE(M48,Y48,AK48)))),0),0) -> 1081500 | BT48: =IFERROR(ROUND(IF(ABS(O48-AVERAGE(AA48,AM48))/AVERAGE(AA48,AM48)>50%,AVERAGE(AA48,AM48),IF(ABS(AA48-AVERAGE(O48,AM48))/AVERAGE(O48,AM48)>50%,AVERAGE(O48,AM48),IF(ABS(AM48-AVERAGE(O48,AA48))/AVERAGE(O48,AA48)>50%,AVERAGE(O48,AA48),AVERAGE(O48,AA48,AM48)))),0),0) -> 1048260 | BU48: =IFERROR(ROUND(IF(ABS(Q48-AVERAGE(AC48,AO48))/AVERAGE(AC48,AO48)>50%,AVERAGE(AC48,AO48),IF(ABS(AC48-AVERAGE(Q48,AO48))/AVERAGE(Q48,AO48)>50%,AVERAGE(Q48,AO48),IF(ABS(AO48-AVERAGE(Q48,AC48))/AVERAGE(Q48,AC48)>50%,AVERAGE(Q48,AC48),AVERAGE(Q48,AC48,AO48)))),0),0) -> 758962 | BV48: =SUM(BP48:BU48) -> 4394658
A49: 27 | B49: MANO DE OBRA | C49: AMORTIGUADOR DIRECCION | D49: =B49&"|"&C49 -> MANO DE OBRA|AMORTIGUADOR DIRECCION | E49: SERVICIO | F49: 1 | G49: 134401.81 | H49: =G49*1.19 -> 159938.16 | I49: 134401.81 | J49: =I49*1.19 -> 159938.16 | K49: 0.91392 | L49: =K49*1.19 -> 1.0875648 | M49: 14.6336 | N49: =M49*1.19 -> 17.413984 | O49: 10.88 | P49: =O49*1.19 -> 12.9472 | R49: =Q49*1.19 -> 0 | S49: 175000 | T49: =S49*1.19 -> 208250 | U49: 175000 | V49: =U49*1.19 -> 208250 | W49: 175000 | X49: =W49*1.19 -> 208250 | Y49: 350000 | Z49: =Y49*1.19 -> 416500 | AA49: 175000 | AB49: =AA49*1.19 -> 208250 | AC49: 175000 | AD49: =AC49*1.19 -> 208250 | AE49: 192500 | AF49: =AE49*1.19 -> 229075 | AG49: 192500 | AH49: =AG49*1.19 -> 229075 | AI49: 192500 | AJ49: =AI49*1.19 -> 229075 | AK49: 385000 | AL49: =AK49*1.19 -> 458150 | AM49: 192500 | AN49: =AM49*1.19 -> 229075 | AO49: 192500 | AP49: =AO49*1.19 -> 229075 | AQ49: =AVERAGE(G49,S49,AE49) -> 167300.6 | AR49: =AQ49*1.19 -> 199087.72 | AS49: =AVERAGE(I49,U49,AG49) -> 167300.6 | AT49: =AS49*1.19 -> 199087.72 | AU49: =AVERAGE(K49,W49,AI49) -> 122500.3 | AV49: =AU49*1.19 -> 145775.36 | AW49: =AVERAGE(M49,Y49,AK49) -> 245004.88 | AX49: =AW49*1.19 -> 291555.8 | AY49: =AVERAGE(O49,AA49,AM49) -> 122503.63 | AZ49: =AY49*1.19 -> 145779.32 | BA49: =AVERAGE(AC49,AO49) -> 183750 | BB49: =BA49*1.19 -> 218662.5 | BD49: =IFERROR(ROUND(HARMEAN(G49,S49,AE49),0),0) -> 163492 | BE49: =IFERROR(ROUND(HARMEAN(I49,U49,AG49),0),0) -> 163492 | BF49: =IFERROR(ROUND(HARMEAN(K49,W49,AI49),0),0) -> 3 | BG49: =IFERROR(ROUND(HARMEAN(M49,Y49,AK49),0),0) -> 44 | BH49: =IFERROR(ROUND(HARMEAN(O49,AA49,AM49),0),0) -> 33 | BI49: =IFERROR(ROUND(HARMEAN(Q49,AC49,AO49),0),0) -> 183333 | BJ49: =IFERROR(ROUND(AVERAGE(G49,S49,AE49),0),0) -> 167301 | BK49: =IFERROR(ROUND(AVERAGE(I49,U49,AG49),0),0) -> 167301 | BL49: =IFERROR(ROUND(AVERAGE(K49,W49,AI49),0),0) -> 122500 | BM49: =IFERROR(ROUND(AVERAGE(M49,Y49,AK49),0),0) -> 245005 | BN49: =IFERROR(ROUND(AVERAGE(O49,AA49,AM49),0),0) -> 122504 | BO49: =IFERROR(ROUND(AVERAGE(Q49,AC49,AO49),0),0) -> 183750 | BP49: =IFERROR(ROUND(IF(ABS(G49-AVERAGE(S49,AE49))/AVERAGE(S49,AE49)>50%,AVERAGE(S49,AE49),IF(ABS(S49-AVERAGE(G49,AE49))/AVERAGE(G49,AE49)>50%,AVERAGE(G49,AE49),IF(ABS(AE49-AVERAGE(G49,S49))/AVERAGE(G49,S49)>50%,AVERAGE(G49,S49),AVERAGE(G49,S49,AE49)))),0),0) -> 167301 | BQ49: =IFERROR(ROUND(IF(ABS(I49-AVERAGE(U49,AG49))/AVERAGE(U49,AG49)>50%,AVERAGE(U49,AG49),IF(ABS(U49-AVERAGE(I49,AG49))/AVERAGE(I49,AG49)>50%,AVERAGE(I49,AG49),IF(ABS(AG49-AVERAGE(I49,U49))/AVERAGE(I49,U49)>50%,AVERAGE(I49,U49),AVERAGE(I49,U49,AG49)))),0),0) -> 167301 | BR49: =IFERROR(ROUND(IF(ABS(K49-AVERAGE(W49,AI49))/AVERAGE(W49,AI49)>50%,AVERAGE(W49,AI49),IF(ABS(W49-AVERAGE(K49,AI49))/AVERAGE(K49,AI49)>50%,AVERAGE(K49,AI49),IF(ABS(AI49-AVERAGE(K49,W49))/AVERAGE(K49,W49)>50%,AVERAGE(K49,W49),AVERAGE(K49,W49,AI49)))),0),0) -> 183750 | BS49: =IFERROR(ROUND(IF(ABS(M49-AVERAGE(Y49,AK49))/AVERAGE(Y49,AK49)>50%,AVERAGE(Y49,AK49),IF(ABS(Y49-AVERAGE(M49,AK49))/AVERAGE(M49,AK49)>50%,AVERAGE(M49,AK49),IF(ABS(AK49-AVERAGE(M49,Y49))/AVERAGE(M49,Y49)>50%,AVERAGE(M49,Y49),AVERAGE(M49,Y49,AK49)))),0),0) -> 367500 | BT49: =IFERROR(ROUND(IF(ABS(O49-AVERAGE(AA49,AM49))/AVERAGE(AA49,AM49)>50%,AVERAGE(AA49,AM49),IF(ABS(AA49-AVERAGE(O49,AM49))/AVERAGE(O49,AM49)>50%,AVERAGE(O49,AM49),IF(ABS(AM49-AVERAGE(O49,AA49))/AVERAGE(O49,AA49)>50%,AVERAGE(O49,AA49),AVERAGE(O49,AA49,AM49)))),0),0) -> 183750 | BU49: =IFERROR(ROUND(IF(ABS(Q49-AVERAGE(AC49,AO49))/AVERAGE(AC49,AO49)>50%,AVERAGE(AC49,AO49),IF(ABS(AC49-AVERAGE(Q49,AO49))/AVERAGE(Q49,AO49)>50%,AVERAGE(Q49,AO49),IF(ABS(AO49-AVERAGE(Q49,AC49))/AVERAGE(Q49,AC49)>50%,AVERAGE(Q49,AC49),AVERAGE(Q49,AC49,AO49)))),0),0) -> 183750 | BV49: =SUM(BP49:BU49) -> 1253352
A50: 28 | B50: REPUESTOS | C50: AMORTIGUADOR DIRECCION | D50: =B50&"|"&C50 -> REPUESTOS|AMORTIGUADOR DIRECCION | E50: UNIDAD | F50: 1 | G50: 305963.76 | H50: =G50*1.19 -> 364096.87 | I50: 401225.76 | J50: =I50*1.19 -> 477458.65 | L50: =K50*1.19 -> 0 | M50: 18.28928 | N50: =M50*1.19 -> 21.764243 | O50: 14.144 | P50: =O50*1.19 -> 16.83136 | R50: =Q50*1.19 -> 0 | T50: =S50*1.19 -> 0 | V50: =U50*1.19 -> 0 | W50: 484033 | X50: =W50*1.19 -> 575999.27 | Y50: 460000 | Z50: =Y50*1.19 -> 547400 | AB50: =AA50*1.19 -> 0 | AC50: 722824.54 | AD50: =AC50*1.19 -> 860161.2 | AF50: =AE50*1.19 -> 0 | AH50: =AG50*1.19 -> 0 | AI50: 532400 | AJ50: =AI50*1.19 -> 633556 | AK50: 506000 | AL50: =AK50*1.19 -> 602140 | AN50: =AM50*1.19 -> 0 | AO50: 795100 | AP50: =AO50*1.19 -> 946169 | AQ50: =AVERAGE(G50,S50,AE50) -> 305963.76 | AR50: =AQ50*1.19 -> 364096.87 | AS50: =AVERAGE(I50,U50,AG50) -> 401225.76 | AT50: =AS50*1.19 -> 477458.65 | AU50: =AVERAGE(K50,W50,AI50) -> 508216.5 | AV50: =AU50*1.19 -> 604777.64 | AW50: =AVERAGE(M50,Y50,AK50) -> 322006.1 | AX50: =AW50*1.19 -> 383187.25 | AY50: =AVERAGE(O50,AA50,AM50) -> 14.144 | AZ50: =AY50*1.19 -> 16.83136 | BA50: =AVERAGE(AC50,AO50) -> 758962.27 | BB50: =BA50*1.19 -> 903165.1 | BD50: =IFERROR(ROUND(HARMEAN(G50,S50,AE50),0),0) -> 305964 | BE50: =IFERROR(ROUND(HARMEAN(I50,U50,AG50),0),0) -> 401226 | BF50: =IFERROR(ROUND(HARMEAN(K50,W50,AI50),0),0) -> 507066 | BG50: =IFERROR(ROUND(HARMEAN(M50,Y50,AK50),0),0) -> 55 | BH50: =IFERROR(ROUND(HARMEAN(O50,AA50,AM50),0),0) -> 14 | BI50: =IFERROR(ROUND(HARMEAN(Q50,AC50,AO50),0),0) -> 757242 | BJ50: =IFERROR(ROUND(AVERAGE(G50,S50,AE50),0),0) -> 305964 | BK50: =IFERROR(ROUND(AVERAGE(I50,U50,AG50),0),0) -> 401226 | BL50: =IFERROR(ROUND(AVERAGE(K50,W50,AI50),0),0) -> 508217 | BM50: =IFERROR(ROUND(AVERAGE(M50,Y50,AK50),0),0) -> 322006 | BN50: =IFERROR(ROUND(AVERAGE(O50,AA50,AM50),0),0) -> 14 | BO50: =IFERROR(ROUND(AVERAGE(Q50,AC50,AO50),0),0) -> 758962 | BP50: =IFERROR(ROUND(IF(ABS(G50-AVERAGE(S50,AE50))/AVERAGE(S50,AE50)>50%,AVERAGE(S50,AE50),IF(ABS(S50-AVERAGE(G50,AE50))/AVERAGE(G50,AE50)>50%,AVERAGE(G50,AE50),IF(ABS(AE50-AVERAGE(G50,S50))/AVERAGE(G50,S50)>50%,AVERAGE(G50,S50),AVERAGE(G50,S50,AE50)))),0),0) -> 0 | BQ50: =IFERROR(ROUND(IF(ABS(I50-AVERAGE(U50,AG50))/AVERAGE(U50,AG50)>50%,AVERAGE(U50,AG50),IF(ABS(U50-AVERAGE(I50,AG50))/AVERAGE(I50,AG50)>50%,AVERAGE(I50,AG50),IF(ABS(AG50-AVERAGE(I50,U50))/AVERAGE(I50,U50)>50%,AVERAGE(I50,U50),AVERAGE(I50,U50,AG50)))),0),0) -> 0 | BR50: =IFERROR(ROUND(IF(ABS(K50-AVERAGE(W50,AI50))/AVERAGE(W50,AI50)>50%,AVERAGE(W50,AI50),IF(ABS(W50-AVERAGE(K50,AI50))/AVERAGE(K50,AI50)>50%,AVERAGE(K50,AI50),IF(ABS(AI50-AVERAGE(K50,W50))/AVERAGE(K50,W50)>50%,AVERAGE(K50,W50),AVERAGE(K50,W50,AI50)))),0),0) -> 508217 | BS50: =IFERROR(ROUND(IF(ABS(M50-AVERAGE(Y50,AK50))/AVERAGE(Y50,AK50)>50%,AVERAGE(Y50,AK50),IF(ABS(Y50-AVERAGE(M50,AK50))/AVERAGE(M50,AK50)>50%,AVERAGE(M50,AK50),IF(ABS(AK50-AVERAGE(M50,Y50))/AVERAGE(M50,Y50)>50%,AVERAGE(M50,Y50),AVERAGE(M50,Y50,AK50)))),0),0) -> 483000 | BT50: =IFERROR(ROUND(IF(ABS(O50-AVERAGE(AA50,AM50))/AVERAGE(AA50,AM50)>50%,AVERAGE(AA50,AM50),IF(ABS(AA50-AVERAGE(O50,AM50))/AVERAGE(O50,AM50)>50%,AVERAGE(O50,AM50),IF(ABS(AM50-AVERAGE(O50,AA50))/AVERAGE(O50,AA50)>50%,AVERAGE(O50,AA50),AVERAGE(O50,AA50,AM50)))),0),0) -> 0 | BU50: =IFERROR(ROUND(IF(ABS(Q50-AVERAGE(AC50,AO50))/AVERAGE(AC50,AO50)>50%,AVERAGE(AC50,AO50),IF(ABS(AC50-AVERAGE(Q50,AO50))/AVERAGE(Q50,AO50)>50%,AVERAGE(Q50,AO50),IF(ABS(AO50-AVERAGE(Q50,AC50))/AVERAGE(Q50,AC50)>50%,AVERAGE(Q50,AC50),AVERAGE(Q50,AC50,AO50)))),0),0) -> 758962 | BV50: =SUM(BP50:BU50) -> 1750179
A51: 29 | B51: MANO DE OBRA | C51: AMORTIGUADOR SILLAS | D51: =B51&"|"&C51 -> MANO DE OBRA|AMORTIGUADOR SILLAS | E51: SERVICIO | F51: 1 | G51: 89601.513 | H51: =G51*1.19 -> 106625.8 | I51: 89601.513 | J51: =I51*1.19 -> 106625.8 | L51: =K51*1.19 -> 0 | M51: 14.6336 | N51: =M51*1.19 -> 17.413984 | O51: 10.88 | P51: =O51*1.19 -> 12.9472 | R51: =Q51*1.19 -> 0 | S51: 175000 | T51: =S51*1.19 -> 208250 | U51: 175000 | V51: =U51*1.19 -> 208250 | W51: 175000 | X51: =W51*1.19 -> 208250 | Y51: 500000 | Z51: =Y51*1.19 -> 595000 | AA51: 175000 | AB51: =AA51*1.19 -> 208250 | AC51: 175000 | AD51: =AC51*1.19 -> 208250 | AE51: 192500 | AF51: =AE51*1.19 -> 229075 | AG51: 192500 | AH51: =AG51*1.19 -> 229075 | AI51: 192500 | AJ51: =AI51*1.19 -> 229075 | AK51: 550000 | AL51: =AK51*1.19 -> 654500 | AM51: 192500 | AN51: =AM51*1.19 -> 229075 | AO51: 192500 | AP51: =AO51*1.19 -> 229075 | AQ51: =AVERAGE(G51,S51,AE51) -> 152367.17 | AR51: =AQ51*1.19 -> 181316.93 | AS51: =AVERAGE(I51,U51,AG51) -> 152367.17 | AT51: =AS51*1.19 -> 181316.93 | AU51: =AVERAGE(K51,W51,AI51) -> 183750 | AV51: =AU51*1.19 -> 218662.5 | AW51: =AVERAGE(M51,Y51,AK51) -> 350004.88 | AX51: =AW51*1.19 -> 416505.8 | AY51: =AVERAGE(O51,AA51,AM51) -> 122503.63 | AZ51: =AY51*1.19 -> 145779.32 | BA51: =AVERAGE(AC51,AO51) -> 183750 | BB51: =BA51*1.19 -> 218662.5 | BD51: =IFERROR(ROUND(HARMEAN(G51,S51,AE51),0),0) -> 135933 | BE51: =IFERROR(ROUND(HARMEAN(I51,U51,AG51),0),0) -> 135933 | BF51: =IFERROR(ROUND(HARMEAN(K51,W51,AI51),0),0) -> 183333 | BG51: =IFERROR(ROUND(HARMEAN(M51,Y51,AK51),0),0) -> 44 | BH51: =IFERROR(ROUND(HARMEAN(O51,AA51,AM51),0),0) -> 33 | BI51: =IFERROR(ROUND(HARMEAN(Q51,AC51,AO51),0),0) -> 183333 | BJ51: =IFERROR(ROUND(AVERAGE(G51,S51,AE51),0),0) -> 152367 | BK51: =IFERROR(ROUND(AVERAGE(I51,U51,AG51),0),0) -> 152367 | BL51: =IFERROR(ROUND(AVERAGE(K51,W51,AI51),0),0) -> 183750 | BM51: =IFERROR(ROUND(AVERAGE(M51,Y51,AK51),0),0) -> 350005 | BN51: =IFERROR(ROUND(AVERAGE(O51,AA51,AM51),0),0) -> 122504 | BO51: =IFERROR(ROUND(AVERAGE(Q51,AC51,AO51),0),0) -> 183750 | BP51: =IFERROR(ROUND(IF(ABS(G51-AVERAGE(S51,AE51))/AVERAGE(S51,AE51)>50%,AVERAGE(S51,AE51),IF(ABS(S51-AVERAGE(G51,AE51))/AVERAGE(G51,AE51)>50%,AVERAGE(G51,AE51),IF(ABS(AE51-AVERAGE(G51,S51))/AVERAGE(G51,S51)>50%,AVERAGE(G51,S51),AVERAGE(G51,S51,AE51)))),0),0) -> 183750 | BQ51: =IFERROR(ROUND(IF(ABS(I51-AVERAGE(U51,AG51))/AVERAGE(U51,AG51)>50%,AVERAGE(U51,AG51),IF(ABS(U51-AVERAGE(I51,AG51))/AVERAGE(I51,AG51)>50%,AVERAGE(I51,AG51),IF(ABS(AG51-AVERAGE(I51,U51))/AVERAGE(I51,U51)>50%,AVERAGE(I51,U51),AVERAGE(I51,U51,AG51)))),0),0) -> 183750 | BR51: =IFERROR(ROUND(IF(ABS(K51-AVERAGE(W51,AI51))/AVERAGE(W51,AI51)>50%,AVERAGE(W51,AI51),IF(ABS(W51-AVERAGE(K51,AI51))/AVERAGE(K51,AI51)>50%,AVERAGE(K51,AI51),IF(ABS(AI51-AVERAGE(K51,W51))/AVERAGE(K51,W51)>50%,AVERAGE(K51,W51),AVERAGE(K51,W51,AI51)))),0),0) -> 183750 | BS51: =IFERROR(ROUND(IF(ABS(M51-AVERAGE(Y51,AK51))/AVERAGE(Y51,AK51)>50%,AVERAGE(Y51,AK51),IF(ABS(Y51-AVERAGE(M51,AK51))/AVERAGE(M51,AK51)>50%,AVERAGE(M51,AK51),IF(ABS(AK51-AVERAGE(M51,Y51))/AVERAGE(M51,Y51)>50%,AVERAGE(M51,Y51),AVERAGE(M51,Y51,AK51)))),0),0) -> 525000 | BT51: =IFERROR(ROUND(IF(ABS(O51-AVERAGE(AA51,AM51))/AVERAGE(AA51,AM51)>50%,AVERAGE(AA51,AM51),IF(ABS(AA51-AVERAGE(O51,AM51))/AVERAGE(O51,AM51)>50%,AVERAGE(O51,AM51),IF(ABS(AM51-AVERAGE(O51,AA51))/AVERAGE(O51,AA51)>50%,AVERAGE(O51,AA51),AVERAGE(O51,AA51,AM51)))),0),0) -> 183750 | BU51: =IFERROR(ROUND(IF(ABS(Q51-AVERAGE(AC51,AO51))/AVERAGE(AC51,AO51)>50%,AVERAGE(AC51,AO51),IF(ABS(AC51-AVERAGE(Q51,AO51))/AVERAGE(Q51,AO51)>50%,AVERAGE(Q51,AO51),IF(ABS(AO51-AVERAGE(Q51,AC51))/AVERAGE(Q51,AC51)>50%,AVERAGE(Q51,AC51),AVERAGE(Q51,AC51,AO51)))),0),0) -> 183750 | BV51: =SUM(BP51:BU51) -> 1443750
A52: 30 | B52: REPUESTOS | C52: AMORTIGUADOR SILLAS | D52: =B52&"|"&C52 -> REPUESTOS|AMORTIGUADOR SILLAS | E52: UNIDAD | F52: 1 | G52: 210124.9 | H52: =G52*1.19 -> 250048.63 | I52: 257828.12 | J52: =I52*1.19 -> 306815.46 | L52: =K52*1.19 -> 0 | M52: 18.28928 | N52: =M52*1.19 -> 21.764243 | O52: 14.144 | P52: =O52*1.19 -> 16.83136 | R52: =Q52*1.19 -> 0 | T52: =S52*1.19 -> 0 | V52: =U52*1.19 -> 0 | W52: 705882 | X52: =W52*1.19 -> 839999.58 | Y52: 500000 | Z52: =Y52*1.19 -> 595000 | AA52: 900000 | AB52: =AA52*1.19 -> 1071000 | AC52: 22000000 | AD52: =AC52*1.19 -> 26180000 | AF52: =AE52*1.19 -> 0 | AH52: =AG52*1.19 -> 0 | AI52: 776500 | AJ52: =AI52*1.19 -> 924035 | AK52: 550000 | AL52: =AK52*1.19 -> 654500 | AM52: 990000 | AN52: =AM52*1.19 -> 1178100 | AO52: 24200000 | AP52: =AO52*1.19 -> 28798000 | AQ52: =AVERAGE(G52,S52,AE52) -> 210124.9 | AR52: =AQ52*1.19 -> 250048.63 | AS52: =AVERAGE(I52,U52,AG52) -> 257828.12 | AT52: =AS52*1.19 -> 306815.46 | AU52: =AVERAGE(K52,W52,AI52) -> 741191 | AV52: =AU52*1.19 -> 882017.29 | AW52: =AVERAGE(M52,Y52,AK52) -> 350006.1 | AX52: =AW52*1.19 -> 416507.25 | AY52: =AVERAGE(O52,AA52,AM52) -> 630004.71 | AZ52: =AY52*1.19 -> 749705.61 | BA52: =AVERAGE(AC52,AO52) -> 23100000 | BB52: =BA52*1.19 -> 27489000 | BD52: =IFERROR(ROUND(HARMEAN(G52,S52,AE52),0),0) -> 210125 | BE52: =IFERROR(ROUND(HARMEAN(I52,U52,AG52),0),0) -> 257828 | BF52: =IFERROR(ROUND(HARMEAN(K52,W52,AI52),0),0) -> 739509 | BG52: =IFERROR(ROUND(HARMEAN(M52,Y52,AK52),0),0) -> 55 | BH52: =IFERROR(ROUND(HARMEAN(O52,AA52,AM52),0),0) -> 42 | BI52: =IFERROR(ROUND(HARMEAN(Q52,AC52,AO52),0),0) -> 23047619 | BJ52: =IFERROR(ROUND(AVERAGE(G52,S52,AE52),0),0) -> 210125 | BK52: =IFERROR(ROUND(AVERAGE(I52,U52,AG52),0),0) -> 257828 | BL52: =IFERROR(ROUND(AVERAGE(K52,W52,AI52),0),0) -> 741191 | BM52: =IFERROR(ROUND(AVERAGE(M52,Y52,AK52),0),0) -> 350006 | BN52: =IFERROR(ROUND(AVERAGE(O52,AA52,AM52),0),0) -> 630005 | BO52: =IFERROR(ROUND(AVERAGE(Q52,AC52,AO52),0),0) -> 23100000 | BP52: =IFERROR(ROUND(IF(ABS(G52-AVERAGE(S52,AE52))/AVERAGE(S52,AE52)>50%,AVERAGE(S52,AE52),IF(ABS(S52-AVERAGE(G52,AE52))/AVERAGE(G52,AE52)>50%,AVERAGE(G52,AE52),IF(ABS(AE52-AVERAGE(G52,S52))/AVERAGE(G52,S52)>50%,AVERAGE(G52,S52),AVERAGE(G52,S52,AE52)))),0),0) -> 0 | BQ52: =IFERROR(ROUND(IF(ABS(I52-AVERAGE(U52,AG52))/AVERAGE(U52,AG52)>50%,AVERAGE(U52,AG52),IF(ABS(U52-AVERAGE(I52,AG52))/AVERAGE(I52,AG52)>50%,AVERAGE(I52,AG52),IF(ABS(AG52-AVERAGE(I52,U52))/AVERAGE(I52,U52)>50%,AVERAGE(I52,U52),AVERAGE(I52,U52,AG52)))),0),0) -> 0 | BR52: =IFERROR(ROUND(IF(ABS(K52-AVERAGE(W52,AI52))/AVERAGE(W52,AI52)>50%,AVERAGE(W52,AI52),IF(ABS(W52-AVERAGE(K52,AI52))/AVERAGE(K52,AI52)>50%,AVERAGE(K52,AI52),IF(ABS(AI52-AVERAGE(K52,W52))/AVERAGE(K52,W52)>50%,AVERAGE(K52,W52),AVERAGE(K52,W52,AI52)))),0),0) -> 741191 | BS52: =IFERROR(ROUND(IF(ABS(M52-AVERAGE(Y52,AK52))/AVERAGE(Y52,AK52)>50%,AVERAGE(Y52,AK52),IF(ABS(Y52-AVERAGE(M52,AK52))/AVERAGE(M52,AK52)>50%,AVERAGE(M52,AK52),IF(ABS(AK52-AVERAGE(M52,Y52))/AVERAGE(M52,Y52)>50%,AVERAGE(M52,Y52),AVERAGE(M52,Y52,AK52)))),0),0) -> 525000 | BT52: =IFERROR(ROUND(IF(ABS(O52-AVERAGE(AA52,AM52))/AVERAGE(AA52,AM52)>50%,AVERAGE(AA52,AM52),IF(ABS(AA52-AVERAGE(O52,AM52))/AVERAGE(O52,AM52)>50%,AVERAGE(O52,AM52),IF(ABS(AM52-AVERAGE(O52,AA52))/AVERAGE(O52,AA52)>50%,AVERAGE(O52,AA52),AVERAGE(O52,AA52,AM52)))),0),0) -> 945000 | BU52: =IFERROR(ROUND(IF(ABS(Q52-AVERAGE(AC52,AO52))/AVERAGE(AC52,AO52)>50%,AVERAGE(AC52,AO52),IF(ABS(AC52-AVERAGE(Q52,AO52))/AVERAGE(Q52,AO52)>50%,AVERAGE(Q52,AO52),IF(ABS(AO52-AVERAGE(Q52,AC52))/AVERAGE(Q52,AC52)>50%,AVERAGE(Q52,AC52),AVERAGE(Q52,AC52,AO52)))),0),0) -> 23100000 | BV52: =SUM(BP52:BU52) -> 25311191
A53: 31 | B53: MANO DE OBRA | C53: AMORTIGUADOR TRASERO | D53: =B53&"|"&C53 -> MANO DE OBRA|AMORTIGUADOR TRASERO | E53: SERVICIO | F53: 1 | G53: 44800.3 | H53: =G53*1.19 -> 53312.357 | I53: 44800.3 | J53: =I53*1.19 -> 53312.357 | K53: 139264 | L53: =K53*1.19 -> 165724.16 | M53: 73142.856 | N53: =M53*1.19 -> 87039.999 | O53: 91428.992 | P53: =O53*1.19 -> 108800.5 | R53: =Q53*1.19 -> 0 | S53: 175000 | T53: =S53*1.19 -> 208250 | U53: 175000 | V53: =U53*1.19 -> 208250 | W53: 175000 | X53: =W53*1.19 -> 208250 | Y53: 330000 | Z53: =Y53*1.19 -> 392700 | AA53: 175000 | AB53: =AA53*1.19 -> 208250 | AC53: 175000 | AD53: =AC53*1.19 -> 208250 | AE53: 192500 | AF53: =AE53*1.19 -> 229075 | AG53: 192500 | AH53: =AG53*1.19 -> 229075 | AI53: 192500 | AJ53: =AI53*1.19 -> 229075 | AK53: 363000 | AL53: =AK53*1.19 -> 431970 | AM53: 192500 | AN53: =AM53*1.19 -> 229075 | AO53: 192500 | AP53: =AO53*1.19 -> 229075 | AQ53: =AVERAGE(G53,S53,AE53) -> 137433.43 | AR53: =AQ53*1.19 -> 163545.79 | AS53: =AVERAGE(I53,U53,AG53) -> 137433.43 | AT53: =AS53*1.19 -> 163545.79 | AU53: =AVERAGE(K53,W53,AI53) -> 168921.33 | AV53: =AU53*1.19 -> 201016.39 | AW53: =AVERAGE(M53,Y53,AK53) -> 255380.95 | AX53: =AW53*1.19 -> 303903.33 | AY53: =AVERAGE(O53,AA53,AM53) -> 152976.33 | AZ53: =AY53*1.19 -> 182041.83 | BA53: =AVERAGE(AC53,AO53) -> 183750 | BB53: =BA53*1.19 -> 218662.5 | BD53: =IFERROR(ROUND(HARMEAN(G53,S53,AE53),0),0) -> 90279 | BE53: =IFERROR(ROUND(HARMEAN(I53,U53,AG53),0),0) -> 90279 | BF53: =IFERROR(ROUND(HARMEAN(K53,W53,AI53),0),0) -> 165840 | BG53: =IFERROR(ROUND(HARMEAN(M53,Y53,AK53),0),0) -> 154186 | BH53: =IFERROR(ROUND(HARMEAN(O53,AA53,AM53),0),0) -> 137322 | BI53: =IFERROR(ROUND(HARMEAN(Q53,AC53,AO53),0),0) -> 183333 | BJ53: =IFERROR(ROUND(AVERAGE(G53,S53,AE53),0),0) -> 137433 | BK53: =IFERROR(ROUND(AVERAGE(I53,U53,AG53),0),0) -> 137433 | BL53: =IFERROR(ROUND(AVERAGE(K53,W53,AI53),0),0) -> 168921 | BM53: =IFERROR(ROUND(AVERAGE(M53,Y53,AK53),0),0) -> 255381 | BN53: =IFERROR(ROUND(AVERAGE(O53,AA53,AM53),0),0) -> 152976 | BO53: =IFERROR(ROUND(AVERAGE(Q53,AC53,AO53),0),0) -> 183750 | BP53: =IFERROR(ROUND(IF(ABS(G53-AVERAGE(S53,AE53))/AVERAGE(S53,AE53)>50%,AVERAGE(S53,AE53),IF(ABS(S53-AVERAGE(G53,AE53))/AVERAGE(G53,AE53)>50%,AVERAGE(G53,AE53),IF(ABS(AE53-AVERAGE(G53,S53))/AVERAGE(G53,S53)>50%,AVERAGE(G53,S53),AVERAGE(G53,S53,AE53)))),0),0) -> 183750 | BQ53: =IFERROR(ROUND(IF(ABS(I53-AVERAGE(U53,AG53))/AVERAGE(U53,AG53)>50%,AVERAGE(U53,AG53),IF(ABS(U53-AVERAGE(I53,AG53))/AVERAGE(I53,AG53)>50%,AVERAGE(I53,AG53),IF(ABS(AG53-AVERAGE(I53,U53))/AVERAGE(I53,U53)>50%,AVERAGE(I53,U53),AVERAGE(I53,U53,AG53)))),0),0) -> 183750 | BR53: =IFERROR(ROUND(IF(ABS(K53-AVERAGE(W53,AI53))/AVERAGE(W53,AI53)>50%,AVERAGE(W53,AI53),IF(ABS(W53-AVERAGE(K53,AI53))/AVERAGE(K53,AI53)>50%,AVERAGE(K53,AI53),IF(ABS(AI53-AVERAGE(K53,W53))/AVERAGE(K53,W53)>50%,AVERAGE(K53,W53),AVERAGE(K53,W53,AI53)))),0),0) -> 168921 | BS53: =IFERROR(ROUND(IF(ABS(M53-AVERAGE(Y53,AK53))/AVERAGE(Y53,AK53)>50%,AVERAGE(Y53,AK53),IF(ABS(Y53-AVERAGE(M53,AK53))/AVERAGE(M53,AK53)>50%,AVERAGE(M53,AK53),IF(ABS(AK53-AVERAGE(M53,Y53))/AVERAGE(M53,Y53)>50%,AVERAGE(M53,Y53),AVERAGE(M53,Y53,AK53)))),0),0) -> 346500 | BT53: =IFERROR(ROUND(IF(ABS(O53-AVERAGE(AA53,AM53))/AVERAGE(AA53,AM53)>50%,AVERAGE(AA53,AM53),IF(ABS(AA53-AVERAGE(O53,AM53))/AVERAGE(O53,AM53)>50%,AVERAGE(O53,AM53),IF(ABS(AM53-AVERAGE(O53,AA53))/AVERAGE(O53,AA53)>50%,AVERAGE(O53,AA53),AVERAGE(O53,AA53,AM53)))),0),0) -> 183750 | BU53: =IFERROR(ROUND(IF(ABS(Q53-AVERAGE(AC53,AO53))/AVERAGE(AC53,AO53)>50%,AVERAGE(AC53,AO53),IF(ABS(AC53-AVERAGE(Q53,AO53))/AVERAGE(Q53,AO53)>50%,AVERAGE(Q53,AO53),IF(ABS(AO53-AVERAGE(Q53,AC53))/AVERAGE(Q53,AC53)>50%,AVERAGE(Q53,AC53),AVERAGE(Q53,AC53,AO53)))),0),0) -> 183750 | BV53: =SUM(BP53:BU53) -> 1250421
A54: 32 | B54: REPUESTOS | C54: AMORTIGUADOR TRASERO | D54: =B54&"|"&C54 -> REPUESTOS|AMORTIGUADOR TRASERO | E54: JUEGO | F54: 1 | G54: 345215.91 | H54: =G54*1.19 -> 410806.94 | I54: 419842.06 | J54: =I54*1.19 -> 499612.05 | K54: 887954.28 | L54: =K54*1.19 -> 1056665.6 | M54: 123428.57 | N54: =M54*1.19 -> 146880 | O54: 127999.94 | P54: =O54*1.19 -> 152319.92 | R54: =Q54*1.19 -> 0 | S54: 242000 | T54: =S54*1.19 -> 287980 | U54: 480000 | V54: =U54*1.19 -> 571200 | W54: 756302 | X54: =W54*1.19 -> 899999.38 | Y54: 300000 | Z54: =Y54*1.19 -> 357000 | AA54: 171428 | AB54: =AA54*1.19 -> 203999.32 | AC54: 823058.82 | AD54: =AC54*1.19 -> 979440 | AE54: 266200 | AF54: =AE54*1.19 -> 316778 | AG54: 528000 | AH54: =AG54*1.19 -> 628320 | AI54: 831900 | AJ54: =AI54*1.19 -> 989961 | AK54: 330000 | AL54: =AK54*1.19 -> 392700 | AM54: 188600 | AN54: =AM54*1.19 -> 224434 | AO54: 905400 | AP54: =AO54*1.19 -> 1077426 | AQ54: =AVERAGE(G54,S54,AE54) -> 284471.97 | AR54: =AQ54*1.19 -> 338521.65 | AS54: =AVERAGE(I54,U54,AG54) -> 475947.35 | AT54: =AS54*1.19 -> 566377.35 | AU54: =AVERAGE(K54,W54,AI54) -> 825385.43 | AV54: =AU54*1.19 -> 982208.66 | AW54: =AVERAGE(M54,Y54,AK54) -> 251142.86 | AX54: =AW54*1.19 -> 298860 | AY54: =AVERAGE(O54,AA54,AM54) -> 162675.98 | AZ54: =AY54*1.19 -> 193584.41 | BA54: =AVERAGE(AC54,AO54) -> 864229.41 | BB54: =BA54*1.19 -> 1028433 | BD54: =IFERROR(ROUND(HARMEAN(G54,S54,AE54),0),0) -> 278150 | BE54: =IFERROR(ROUND(HARMEAN(I54,U54,AG54),0),0) -> 471763 | BF54: =IFERROR(ROUND(HARMEAN(K54,W54,AI54),0),0) -> 821811 | BG54: =IFERROR(ROUND(HARMEAN(M54,Y54,AK54),0),0) -> 207390 | BH54: =IFERROR(ROUND(HARMEAN(O54,AA54,AM54),0),0) -> 158327 | BI54: =IFERROR(ROUND(HARMEAN(Q54,AC54,AO54),0),0) -> 862268 | BJ54: =IFERROR(ROUND(AVERAGE(G54,S54,AE54),0),0) -> 284472 | BK54: =IFERROR(ROUND(AVERAGE(I54,U54,AG54),0),0) -> 475947 | BL54: =IFERROR(ROUND(AVERAGE(K54,W54,AI54),0),0) -> 825385 | BM54: =IFERROR(ROUND(AVERAGE(M54,Y54,AK54),0),0) -> 251143 | BN54: =IFERROR(ROUND(AVERAGE(O54,AA54,AM54),0),0) -> 162676 | BO54: =IFERROR(ROUND(AVERAGE(Q54,AC54,AO54),0),0) -> 864229 | BP54: =IFERROR(ROUND(IF(ABS(G54-AVERAGE(S54,AE54))/AVERAGE(S54,AE54)>50%,AVERAGE(S54,AE54),IF(ABS(S54-AVERAGE(G54,AE54))/AVERAGE(G54,AE54)>50%,AVERAGE(G54,AE54),IF(ABS(AE54-AVERAGE(G54,S54))/AVERAGE(G54,S54)>50%,AVERAGE(G54,S54),AVERAGE(G54,S54,AE54)))),0),0) -> 284472 | BQ54: =IFERROR(ROUND(IF(ABS(I54-AVERAGE(U54,AG54))/AVERAGE(U54,AG54)>50%,AVERAGE(U54,AG54),IF(ABS(U54-AVERAGE(I54,AG54))/AVERAGE(I54,AG54)>50%,AVERAGE(I54,AG54),IF(ABS(AG54-AVERAGE(I54,U54))/AVERAGE(I54,U54)>50%,AVERAGE(I54,U54),AVERAGE(I54,U54,AG54)))),0),0) -> 475947 | BR54: =IFERROR(ROUND(IF(ABS(K54-AVERAGE(W54,AI54))/AVERAGE(W54,AI54)>50%,AVERAGE(W54,AI54),IF(ABS(W54-AVERAGE(K54,AI54))/AVERAGE(K54,AI54)>50%,AVERAGE(K54,AI54),IF(ABS(AI54-AVERAGE(K54,W54))/AVERAGE(K54,W54)>50%,AVERAGE(K54,W54),AVERAGE(K54,W54,AI54)))),0),0) -> 825385 | BS54: =IFERROR(ROUND(IF(ABS(M54-AVERAGE(Y54,AK54))/AVERAGE(Y54,AK54)>50%,AVERAGE(Y54,AK54),IF(ABS(Y54-AVERAGE(M54,AK54))/AVERAGE(M54,AK54)>50%,AVERAGE(M54,AK54),IF(ABS(AK54-AVERAGE(M54,Y54))/AVERAGE(M54,Y54)>50%,AVERAGE(M54,Y54),AVERAGE(M54,Y54,AK54)))),0),0) -> 315000 | BT54: =IFERROR(ROUND(IF(ABS(O54-AVERAGE(AA54,AM54))/AVERAGE(AA54,AM54)>50%,AVERAGE(AA54,AM54),IF(ABS(AA54-AVERAGE(O54,AM54))/AVERAGE(O54,AM54)>50%,AVERAGE(O54,AM54),IF(ABS(AM54-AVERAGE(O54,AA54))/AVERAGE(O54,AA54)>50%,AVERAGE(O54,AA54),AVERAGE(O54,AA54,AM54)))),0),0) -> 162676 | BU54: =IFERROR(ROUND(IF(ABS(Q54-AVERAGE(AC54,AO54))/AVERAGE(AC54,AO54)>50%,AVERAGE(AC54,AO54),IF(ABS(AC54-AVERAGE(Q54,AO54))/AVERAGE(Q54,AO54)>50%,AVERAGE(Q54,AO54),IF(ABS(AO54-AVERAGE(Q54,AC54))/AVERAGE(Q54,AC54)>50%,AVERAGE(Q54,AC54),AVERAGE(Q54,AC54,AO54)))),0),0) -> 864229 | BV54: =SUM(BP54:BU54) -> 2927709
A55: 33 | B55: MANO DE OBRA | C55: ANILLO SEPARADOR EJE | D55: =B55&"|"&C55 -> MANO DE OBRA|ANILLO SEPARADOR EJE | E55: SERVICIO | F55: 1 | G55: 67201.369 | H55: =G55*1.19 -> 79969.629 | I55: 67201.369 | J55: =I55*1.19 -> 79969.629 | K55: 0.91392 | L55: =K55*1.19 -> 1.0875648 | M55: 14.6336 | N55: =M55*1.19 -> 17.413984 | O55: 10.88 | P55: =O55*1.19 -> 12.9472 | R55: =Q55*1.19 -> 0 | S55: 175000 | T55: =S55*1.19 -> 208250 | U55: 175000 | V55: =U55*1.19 -> 208250 | W55: 175000 | X55: =W55*1.19 -> 208250 | Y55: 3200000 | Z55: =Y55*1.19 -> 3808000 | AA55: 175000 | AB55: =AA55*1.19 -> 208250 | AC55: 175000 | AD55: =AC55*1.19 -> 208250 | AE55: 192500 | AF55: =AE55*1.19 -> 229075 | AG55: 192500 | AH55: =AG55*1.19 -> 229075 | AI55: 192500 | AJ55: =AI55*1.19 -> 229075 | AK55: 3520000 | AL55: =AK55*1.19 -> 4188800 | AM55: 192500 | AN55: =AM55*1.19 -> 229075 | AO55: 192500 | AP55: =AO55*1.19 -> 229075 | AQ55: =AVERAGE(G55,S55,AE55) -> 144900.46 | AR55: =AQ55*1.19 -> 172431.54 | AS55: =AVERAGE(I55,U55,AG55) -> 144900.46 | AT55: =AS55*1.19 -> 172431.54 | AU55: =AVERAGE(K55,W55,AI55) -> 122500.3 | AV55: =AU55*1.19 -> 145775.36 | AW55: =AVERAGE(M55,Y55,AK55) -> 2240004.9 | AX55: =AW55*1.19 -> 2665605.8 | AY55: =AVERAGE(O55,AA55,AM55) -> 122503.63 | AZ55: =AY55*1.19 -> 145779.32 | BA55: =AVERAGE(AC55,AO55) -> 183750 | BB55: =BA55*1.19 -> 218662.5 | BD55: =IFERROR(ROUND(HARMEAN(G55,S55,AE55),0),0) -> 116325 | BE55: =IFERROR(ROUND(HARMEAN(I55,U55,AG55),0),0) -> 116325 | BF55: =IFERROR(ROUND(HARMEAN(K55,W55,AI55),0),0) -> 3 | BG55: =IFERROR(ROUND(HARMEAN(M55,Y55,AK55),0),0) -> 44 | BH55: =IFERROR(ROUND(HARMEAN(O55,AA55,AM55),0),0) -> 33 | BI55: =IFERROR(ROUND(HARMEAN(Q55,AC55,AO55),0),0) -> 183333 | BJ55: =IFERROR(ROUND(AVERAGE(G55,S55,AE55),0),0) -> 144900 | BK55: =IFERROR(ROUND(AVERAGE(I55,U55,AG55),0),0) -> 144900 | BL55: =IFERROR(ROUND(AVERAGE(K55,W55,AI55),0),0) -> 122500 | BM55: =IFERROR(ROUND(AVERAGE(M55,Y55,AK55),0),0) -> 2240005 | BN55: =IFERROR(ROUND(AVERAGE(O55,AA55,AM55),0),0) -> 122504 | BO55: =IFERROR(ROUND(AVERAGE(Q55,AC55,AO55),0),0) -> 183750 | BP55: =IFERROR(ROUND(IF(ABS(G55-AVERAGE(S55,AE55))/AVERAGE(S55,AE55)>50%,AVERAGE(S55,AE55),IF(ABS(S55-AVERAGE(G55,AE55))/AVERAGE(G55,AE55)>50%,AVERAGE(G55,AE55),IF(ABS(AE55-AVERAGE(G55,S55))/AVERAGE(G55,S55)>50%,AVERAGE(G55,S55),AVERAGE(G55,S55,AE55)))),0),0) -> 183750 | BQ55: =IFERROR(ROUND(IF(ABS(I55-AVERAGE(U55,AG55))/AVERAGE(U55,AG55)>50%,AVERAGE(U55,AG55),IF(ABS(U55-AVERAGE(I55,AG55))/AVERAGE(I55,AG55)>50%,AVERAGE(I55,AG55),IF(ABS(AG55-AVERAGE(I55,U55))/AVERAGE(I55,U55)>50%,AVERAGE(I55,U55),AVERAGE(I55,U55,AG55)))),0),0) -> 183750 | BR55: =IFERROR(ROUND(IF(ABS(K55-AVERAGE(W55,AI55))/AVERAGE(W55,AI55)>50%,AVERAGE(W55,AI55),IF(ABS(W55-AVERAGE(K55,AI55))/AVERAGE(K55,AI55)>50%,AVERAGE(K55,AI55),IF(ABS(AI55-AVERAGE(K55,W55))/AVERAGE(K55,W55)>50%,AVERAGE(K55,W55),AVERAGE(K55,W55,AI55)))),0),0) -> 183750 | BS55: =IFERROR(ROUND(IF(ABS(M55-AVERAGE(Y55,AK55))/AVERAGE(Y55,AK55)>50%,AVERAGE(Y55,AK55),IF(ABS(Y55-AVERAGE(M55,AK55))/AVERAGE(M55,AK55)>50%,AVERAGE(M55,AK55),IF(ABS(AK55-AVERAGE(M55,Y55))/AVERAGE(M55,Y55)>50%,AVERAGE(M55,Y55),AVERAGE(M55,Y55,AK55)))),0),0) -> 3360000 | BT55: =IFERROR(ROUND(IF(ABS(O55-AVERAGE(AA55,AM55))/AVERAGE(AA55,AM55)>50%,AVERAGE(AA55,AM55),IF(ABS(AA55-AVERAGE(O55,AM55))/AVERAGE(O55,AM55)>50%,AVERAGE(O55,AM55),IF(ABS(AM55-AVERAGE(O55,AA55))/AVERAGE(O55,AA55)>50%,AVERAGE(O55,AA55),AVERAGE(O55,AA55,AM55)))),0),0) -> 183750 | BU55: =IFERROR(ROUND(IF(ABS(Q55-AVERAGE(AC55,AO55))/AVERAGE(AC55,AO55)>50%,AVERAGE(AC55,AO55),IF(ABS(AC55-AVERAGE(Q55,AO55))/AVERAGE(Q55,AO55)>50%,AVERAGE(Q55,AO55),IF(ABS(AO55-AVERAGE(Q55,AC55))/AVERAGE(Q55,AC55)>50%,AVERAGE(Q55,AC55),AVERAGE(Q55,AC55,AO55)))),0),0) -> 183750 | BV55: =SUM(BP55:BU55) -> 4278750
A56: 34 | B56: REPUESTOS | C56: ANILLO SEPARADOR EJE | D56: =B56&"|"&C56 -> REPUESTOS|ANILLO SEPARADOR EJE | E56: UNIDAD | F56: 1 | G56: 100882.62 | H56: =G56*1.19 -> 120050.32 | I56: 115294.43 | J56: =I56*1.19 -> 137200.37 | K56: 0.91392 | L56: =K56*1.19 -> 1.0875648 | M56: 16.46144 | N56: =M56*1.19 -> 19.589114 | O56: 14.144 | P56: =O56*1.19 -> 16.83136 | R56: =Q56*1.19 -> 0 | S56: 92000 | T56: =S56*1.19 -> 109480 | U56: 135000 | V56: =U56*1.19 -> 160650 | W56: 705882 | X56: =W56*1.19 -> 839999.58 | Y56: 3450000 | Z56: =Y56*1.19 -> 4105500 | AA56: 585996 | AB56: =AA56*1.19 -> 697335.24 | AC56: 951145.21 | AD56: =AC56*1.19 -> 1131862.8 | AE56: 101200 | AF56: =AE56*1.19 -> 120428 | AG56: 148500 | AH56: =AG56*1.19 -> 176715 | AI56: 776500 | AJ56: =AI56*1.19 -> 924035 | AK56: 3795000 | AL56: =AK56*1.19 -> 4516050 | AM56: 644600 | AN56: =AM56*1.19 -> 767074 | AO56: 1046300 | AP56: =AO56*1.19 -> 1245097 | AQ56: =AVERAGE(G56,S56,AE56) -> 98027.539 | AR56: =AQ56*1.19 -> 116652.77 | AS56: =AVERAGE(I56,U56,AG56) -> 132931.48 | AT56: =AS56*1.19 -> 158188.46 | AU56: =AVERAGE(K56,W56,AI56) -> 494127.64 | AV56: =AU56*1.19 -> 588011.89 | AW56: =AVERAGE(M56,Y56,AK56) -> 2415005.5 | AX56: =AW56*1.19 -> 2873856.5 | AY56: =AVERAGE(O56,AA56,AM56) -> 410203.38 | AZ56: =AY56*1.19 -> 488142.02 | BA56: =AVERAGE(AC56,AO56) -> 998722.61 | BB56: =BA56*1.19 -> 1188479.9 | BD56: =IFERROR(ROUND(HARMEAN(G56,S56,AE56),0),0) -> 97836 | BE56: =IFERROR(ROUND(HARMEAN(I56,U56,AG56),0),0) -> 131493 | BF56: =IFERROR(ROUND(HARMEAN(K56,W56,AI56),0),0) -> 3 | BG56: =IFERROR(ROUND(HARMEAN(M56,Y56,AK56),0),0) -> 49 | BH56: =IFERROR(ROUND(HARMEAN(O56,AA56,AM56),0),0) -> 42 | BI56: =IFERROR(ROUND(HARMEAN(Q56,AC56,AO56),0),0) -> 996456 | BJ56: =IFERROR(ROUND(AVERAGE(G56,S56,AE56),0),0) -> 98028 | BK56: =IFERROR(ROUND(AVERAGE(I56,U56,AG56),0),0) -> 132931 | BL56: =IFERROR(ROUND(AVERAGE(K56,W56,AI56),0),0) -> 494128 | BM56: =IFERROR(ROUND(AVERAGE(M56,Y56,AK56),0),0) -> 2415005 | BN56: =IFERROR(ROUND(AVERAGE(O56,AA56,AM56),0),0) -> 410203 | BO56: =IFERROR(ROUND(AVERAGE(Q56,AC56,AO56),0),0) -> 998723 | BP56: =IFERROR(ROUND(IF(ABS(G56-AVERAGE(S56,AE56))/AVERAGE(S56,AE56)>50%,AVERAGE(S56,AE56),IF(ABS(S56-AVERAGE(G56,AE56))/AVERAGE(G56,AE56)>50%,AVERAGE(G56,AE56),IF(ABS(AE56-AVERAGE(G56,S56))/AVERAGE(G56,S56)>50%,AVERAGE(G56,S56),AVERAGE(G56,S56,AE56)))),0),0) -> 98028 | BQ56: =IFERROR(ROUND(IF(ABS(I56-AVERAGE(U56,AG56))/AVERAGE(U56,AG56)>50%,AVERAGE(U56,AG56),IF(ABS(U56-AVERAGE(I56,AG56))/AVERAGE(I56,AG56)>50%,AVERAGE(I56,AG56),IF(ABS(AG56-AVERAGE(I56,U56))/AVERAGE(I56,U56)>50%,AVERAGE(I56,U56),AVERAGE(I56,U56,AG56)))),0),0) -> 132931 | BR56: =IFERROR(ROUND(IF(ABS(K56-AVERAGE(W56,AI56))/AVERAGE(W56,AI56)>50%,AVERAGE(W56,AI56),IF(ABS(W56-AVERAGE(K56,AI56))/AVERAGE(K56,AI56)>50%,AVERAGE(K56,AI56),IF(ABS(AI56-AVERAGE(K56,W56))/AVERAGE(K56,W56)>50%,AVERAGE(K56,W56),AVERAGE(K56,W56,AI56)))),0),0) -> 741191 | BS56: =IFERROR(ROUND(IF(ABS(M56-AVERAGE(Y56,AK56))/AVERAGE(Y56,AK56)>50%,AVERAGE(Y56,AK56),IF(ABS(Y56-AVERAGE(M56,AK56))/AVERAGE(M56,AK56)>50%,AVERAGE(M56,AK56),IF(ABS(AK56-AVERAGE(M56,Y56))/AVERAGE(M56,Y56)>50%,AVERAGE(M56,Y56),AVERAGE(M56,Y56,AK56)))),0),0) -> 3622500 | BT56: =IFERROR(ROUND(IF(ABS(O56-AVERAGE(AA56,AM56))/AVERAGE(AA56,AM56)>50%,AVERAGE(AA56,AM56),IF(ABS(AA56-AVERAGE(O56,AM56))/AVERAGE(O56,AM56)>50%,AVERAGE(O56,AM56),IF(ABS(AM56-AVERAGE(O56,AA56))/AVERAGE(O56,AA56)>50%,AVERAGE(O56,AA56),AVERAGE(O56,AA56,AM56)))),0),0) -> 615298 | BU56: =IFERROR(ROUND(IF(ABS(Q56-AVERAGE(AC56,AO56))/AVERAGE(AC56,AO56)>50%,AVERAGE(AC56,AO56),IF(ABS(AC56-AVERAGE(Q56,AO56))/AVERAGE(Q56,AO56)>50%,AVERAGE(Q56,AO56),IF(ABS(AO56-AVERAGE(Q56,AC56))/AVERAGE(Q56,AC56)>50%,AVERAGE(Q56,AC56),AVERAGE(Q56,AC56,AO56)))),0),0) -> 998723 | BV56: =SUM(BP56:BU56) -> 6208671
A57: 35 | B57: MANO DE OBRA | C57: ANILLO SINCRONIZADOR DE CUARTA | D57: =B57&"|"&C57 -> MANO DE OBRA|ANILLO SINCRONIZADOR DE CUARTA | E57: SERVICIO | F57: 1 | G57: 1120017.6 | H57: =G57*1.19 -> 1332820.9 | I57: 1120017.6 | J57: =I57*1.19 -> 1332820.9 | K57: 0.91392 | L57: =K57*1.19 -> 1.0875648 | M57: 14.6336 | N57: =M57*1.19 -> 17.413984 | O57: 10.88 | P57: =O57*1.19 -> 12.9472 | R57: =Q57*1.19 -> 0 | S57: 525000 | T57: =S57*1.19 -> 624750 | U57: 525000 | V57: =U57*1.19 -> 624750 | W57: 525000 | X57: =W57*1.19 -> 624750 | Y57: 535000 | Z57: =Y57*1.19 -> 636650 | AA57: 525000 | AB57: =AA57*1.19 -> 624750 | AC57: 525000 | AD57: =AC57*1.19 -> 624750 | AE57: 577500 | AF57: =AE57*1.19 -> 687225 | AG57: 577500 | AH57: =AG57*1.19 -> 687225 | AI57: 577500 | AJ57: =AI57*1.19 -> 687225 | AK57: 588500 | AL57: =AK57*1.19 -> 700315 | AM57: 577500 | AN57: =AM57*1.19 -> 687225 | AO57: 577500 | AP57: =AO57*1.19 -> 687225 | AQ57: =AVERAGE(G57,S57,AE57) -> 740839.19 | AR57: =AQ57*1.19 -> 881598.63 | AS57: =AVERAGE(I57,U57,AG57) -> 740839.19 | AT57: =AS57*1.19 -> 881598.63 | AU57: =AVERAGE(K57,W57,AI57) -> 367500.3 | AV57: =AU57*1.19 -> 437325.36 | AW57: =AVERAGE(M57,Y57,AK57) -> 374504.88 | AX57: =AW57*1.19 -> 445660.8 | AY57: =AVERAGE(O57,AA57,AM57) -> 367503.63 | AZ57: =AY57*1.19 -> 437329.32 | BA57: =AVERAGE(AC57,AO57) -> 551250 | BB57: =BA57*1.19 -> 655987.5 | BD57: =IFERROR(ROUND(HARMEAN(G57,S57,AE57),0),0) -> 662368 | BE57: =IFERROR(ROUND(HARMEAN(I57,U57,AG57),0),0) -> 662368 | BF57: =IFERROR(ROUND(HARMEAN(K57,W57,AI57),0),0) -> 3 | BG57: =IFERROR(ROUND(HARMEAN(M57,Y57,AK57),0),0) -> 44 | BH57: =IFERROR(ROUND(HARMEAN(O57,AA57,AM57),0),0) -> 33 | BI57: =IFERROR(ROUND(HARMEAN(Q57,AC57,AO57),0),0) -> 550000 | BJ57: =IFERROR(ROUND(AVERAGE(G57,S57,AE57),0),0) -> 740839 | BK57: =IFERROR(ROUND(AVERAGE(I57,U57,AG57),0),0) -> 740839 | BL57: =IFERROR(ROUND(AVERAGE(K57,W57,AI57),0),0) -> 367500 | BM57: =IFERROR(ROUND(AVERAGE(M57,Y57,AK57),0),0) -> 374505 | BN57: =IFERROR(ROUND(AVERAGE(O57,AA57,AM57),0),0) -> 367504 | BO57: =IFERROR(ROUND(AVERAGE(Q57,AC57,AO57),0),0) -> 551250 | BP57: =IFERROR(ROUND(IF(ABS(G57-AVERAGE(S57,AE57))/AVERAGE(S57,AE57)>50%,AVERAGE(S57,AE57),IF(ABS(S57-AVERAGE(G57,AE57))/AVERAGE(G57,AE57)>50%,AVERAGE(G57,AE57),IF(ABS(AE57-AVERAGE(G57,S57))/AVERAGE(G57,S57)>50%,AVERAGE(G57,S57),AVERAGE(G57,S57,AE57)))),0),0) -> 551250 | BQ57: =IFERROR(ROUND(IF(ABS(I57-AVERAGE(U57,AG57))/AVERAGE(U57,AG57)>50%,AVERAGE(U57,AG57),IF(ABS(U57-AVERAGE(I57,AG57))/AVERAGE(I57,AG57)>50%,AVERAGE(I57,AG57),IF(ABS(AG57-AVERAGE(I57,U57))/AVERAGE(I57,U57)>50%,AVERAGE(I57,U57),AVERAGE(I57,U57,AG57)))),0),0) -> 551250 | BR57: =IFERROR(ROUND(IF(ABS(K57-AVERAGE(W57,AI57))/AVERAGE(W57,AI57)>50%,AVERAGE(W57,AI57),IF(ABS(W57-AVERAGE(K57,AI57))/AVERAGE(K57,AI57)>50%,AVERAGE(K57,AI57),IF(ABS(AI57-AVERAGE(K57,W57))/AVERAGE(K57,W57)>50%,AVERAGE(K57,W57),AVERAGE(K57,W57,AI57)))),0),0) -> 551250 | BS57: =IFERROR(ROUND(IF(ABS(M57-AVERAGE(Y57,AK57))/AVERAGE(Y57,AK57)>50%,AVERAGE(Y57,AK57),IF(ABS(Y57-AVERAGE(M57,AK57))/AVERAGE(M57,AK57)>50%,AVERAGE(M57,AK57),IF(ABS(AK57-AVERAGE(M57,Y57))/AVERAGE(M57,Y57)>50%,AVERAGE(M57,Y57),AVERAGE(M57,Y57,AK57)))),0),0) -> 561750 | BT57: =IFERROR(ROUND(IF(ABS(O57-AVERAGE(AA57,AM57))/AVERAGE(AA57,AM57)>50%,AVERAGE(AA57,AM57),IF(ABS(AA57-AVERAGE(O57,AM57))/AVERAGE(O57,AM57)>50%,AVERAGE(O57,AM57),IF(ABS(AM57-AVERAGE(O57,AA57))/AVERAGE(O57,AA57)>50%,AVERAGE(O57,AA57),AVERAGE(O57,AA57,AM57)))),0),0) -> 551250 | BU57: =IFERROR(ROUND(IF(ABS(Q57-AVERAGE(AC57,AO57))/AVERAGE(AC57,AO57)>50%,AVERAGE(AC57,AO57),IF(ABS(AC57-AVERAGE(Q57,AO57))/AVERAGE(Q57,AO57)>50%,AVERAGE(Q57,AO57),IF(ABS(AO57-AVERAGE(Q57,AC57))/AVERAGE(Q57,AC57)>50%,AVERAGE(Q57,AC57),AVERAGE(Q57,AC57,AO57)))),0),0) -> 551250 | BV57: =SUM(BP57:BU57) -> 3318000
A58: 36 | B58: REPUESTOS | C58: ANILLO SINCRONIZADOR DE CUARTA | D58: =B58&"|"&C58 -> REPUESTOS|ANILLO SINCRONIZADOR DE CUARTA | E58: UNIDAD | F58: 1 | G58: 703154.14 | H58: =G58*1.19 -> 836753.43 | I58: 937940.18 | J58: =I58*1.19 -> 1116148.8 | L58: =K58*1.19 -> 0 | M58: 18.28928 | N58: =M58*1.19 -> 21.764243 | O58: 14.144 | P58: =O58*1.19 -> 16.83136 | R58: =Q58*1.19 -> 0 | S58: 224000 | T58: =S58*1.19 -> 266560 | U58: 145000 | V58: =U58*1.19 -> 172550 | W58: 302521 | X58: =W58*1.19 -> 359999.99 | Y58: 100000 | Z58: =Y58*1.19 -> 119000 | AA58: 976292 | AB58: =AA58*1.19 -> 1161787.5 | AC58: 242016.81 | AD58: =AC58*1.19 -> 288000 | AE58: 246400 | AF58: =AE58*1.19 -> 293216 | AG58: 159500 | AH58: =AG58*1.19 -> 189805 | AI58: 332800 | AJ58: =AI58*1.19 -> 396032 | AK58: 110000 | AL58: =AK58*1.19 -> 130900 | AM58: 1073900 | AN58: =AM58*1.19 -> 1277941 | AO58: 266200 | AP58: =AO58*1.19 -> 316778 | AQ58: =AVERAGE(G58,S58,AE58) -> 391184.71 | AR58: =AQ58*1.19 -> 465509.81 | AS58: =AVERAGE(I58,U58,AG58) -> 414146.73 | AT58: =AS58*1.19 -> 492834.6 | AU58: =AVERAGE(K58,W58,AI58) -> 317660.5 | AV58: =AU58*1.19 -> 378015.99 | AW58: =AVERAGE(M58,Y58,AK58) -> 70006.096 | AX58: =AW58*1.19 -> 83307.255 | AY58: =AVERAGE(O58,AA58,AM58) -> 683402.05 | AZ58: =AY58*1.19 -> 813248.44 | BA58: =AVERAGE(AC58,AO58) -> 254108.4 | BB58: =BA58*1.19 -> 302389 | BD58: =IFERROR(ROUND(HARMEAN(G58,S58,AE58),0),0) -> 301662 | BE58: =IFERROR(ROUND(HARMEAN(I58,U58,AG58),0),0) -> 210788 | BF58: =IFERROR(ROUND(HARMEAN(K58,W58,AI58),0),0) -> 316939 | BG58: =IFERROR(ROUND(HARMEAN(M58,Y58,AK58),0),0) -> 55 | BH58: =IFERROR(ROUND(HARMEAN(O58,AA58,AM58),0),0) -> 42 | BI58: =IFERROR(ROUND(HARMEAN(Q58,AC58,AO58),0),0) -> 253533 | BJ58: =IFERROR(ROUND(AVERAGE(G58,S58,AE58),0),0) -> 391185 | BK58: =IFERROR(ROUND(AVERAGE(I58,U58,AG58),0),0) -> 414147 | BL58: =IFERROR(ROUND(AVERAGE(K58,W58,AI58),0),0) -> 317661 | BM58: =IFERROR(ROUND(AVERAGE(M58,Y58,AK58),0),0) -> 70006 | BN58: =IFERROR(ROUND(AVERAGE(O58,AA58,AM58),0),0) -> 683402 | BO58: =IFERROR(ROUND(AVERAGE(Q58,AC58,AO58),0),0) -> 254108 | BP58: =IFERROR(ROUND(IF(ABS(G58-AVERAGE(S58,AE58))/AVERAGE(S58,AE58)>50%,AVERAGE(S58,AE58),IF(ABS(S58-AVERAGE(G58,AE58))/AVERAGE(G58,AE58)>50%,AVERAGE(G58,AE58),IF(ABS(AE58-AVERAGE(G58,S58))/AVERAGE(G58,S58)>50%,AVERAGE(G58,S58),AVERAGE(G58,S58,AE58)))),0),0) -> 235200 | BQ58: =IFERROR(ROUND(IF(ABS(I58-AVERAGE(U58,AG58))/AVERAGE(U58,AG58)>50%,AVERAGE(U58,AG58),IF(ABS(U58-AVERAGE(I58,AG58))/AVERAGE(I58,AG58)>50%,AVERAGE(I58,AG58),IF(ABS(AG58-AVERAGE(I58,U58))/AVERAGE(I58,U58)>50%,AVERAGE(I58,U58),AVERAGE(I58,U58,AG58)))),0),0) -> 152250 | BR58: =IFERROR(ROUND(IF(ABS(K58-AVERAGE(W58,AI58))/AVERAGE(W58,AI58)>50%,AVERAGE(W58,AI58),IF(ABS(W58-AVERAGE(K58,AI58))/AVERAGE(K58,AI58)>50%,AVERAGE(K58,AI58),IF(ABS(AI58-AVERAGE(K58,W58))/AVERAGE(K58,W58)>50%,AVERAGE(K58,W58),AVERAGE(K58,W58,AI58)))),0),0) -> 317661 | BS58: =IFERROR(ROUND(IF(ABS(M58-AVERAGE(Y58,AK58))/AVERAGE(Y58,AK58)>50%,AVERAGE(Y58,AK58),IF(ABS(Y58-AVERAGE(M58,AK58))/AVERAGE(M58,AK58)>50%,AVERAGE(M58,AK58),IF(ABS(AK58-AVERAGE(M58,Y58))/AVERAGE(M58,Y58)>50%,AVERAGE(M58,Y58),AVERAGE(M58,Y58,AK58)))),0),0) -> 105000 | BT58: =IFERROR(ROUND(IF(ABS(O58-AVERAGE(AA58,AM58))/AVERAGE(AA58,AM58)>50%,AVERAGE(AA58,AM58),IF(ABS(AA58-AVERAGE(O58,AM58))/AVERAGE(O58,AM58)>50%,AVERAGE(O58,AM58),IF(ABS(AM58-AVERAGE(O58,AA58))/AVERAGE(O58,AA58)>50%,AVERAGE(O58,AA58),AVERAGE(O58,AA58,AM58)))),0),0) -> 1025096 | BU58: =IFERROR(ROUND(IF(ABS(Q58-AVERAGE(AC58,AO58))/AVERAGE(AC58,AO58)>50%,AVERAGE(AC58,AO58),IF(ABS(AC58-AVERAGE(Q58,AO58))/AVERAGE(Q58,AO58)>50%,AVERAGE(Q58,AO58),IF(ABS(AO58-AVERAGE(Q58,AC58))/AVERAGE(Q58,AC58)>50%,AVERAGE(Q58,AC58),AVERAGE(Q58,AC58,AO58)))),0),0) -> 254108 | BV58: =SUM(BP58:BU58) -> 2089315
A59: 37 | B59: MANO DE OBRA | C59: ANILLO SINCRONIZADOR DE PRIMERA | D59: =B59&"|"&C59 -> MANO DE OBRA|ANILLO SINCRONIZADOR DE PRIMERA | E59: SERVICIO | F59: 1 | G59: 1120017.6 | H59: =G59*1.19 -> 1332820.9 | I59: 1120017.6 | J59: =I59*1.19 -> 1332820.9 | K59: 0.91392 | L59: =K59*1.19 -> 1.0875648 | M59: 14.6336 | N59: =M59*1.19 -> 17.413984 | O59: 10.88 | P59: =O59*1.19 -> 12.9472 | R59: =Q59*1.19 -> 0 | S59: 525000 | T59: =S59*1.19 -> 624750 | U59: 525000 | V59: =U59*1.19 -> 624750 | W59: 525000 | X59: =W59*1.19 -> 624750 | Y59: 525000 | Z59: =Y59*1.19 -> 624750 | AA59: 525000 | AB59: =AA59*1.19 -> 624750 | AC59: 525000 | AD59: =AC59*1.19 -> 624750 | AE59: 577500 | AF59: =AE59*1.19 -> 687225 | AG59: 577500 | AH59: =AG59*1.19 -> 687225 | AI59: 577500 | AJ59: =AI59*1.19 -> 687225 | AK59: 577500 | AL59: =AK59*1.19 -> 687225 | AM59: 577500 | AN59: =AM59*1.19 -> 687225 | AO59: 577500 | AP59: =AO59*1.19 -> 687225 | AQ59: =AVERAGE(G59,S59,AE59) -> 740839.19 | AR59: =AQ59*1.19 -> 881598.63 | AS59: =AVERAGE(I59,U59,AG59) -> 740839.19 | AT59: =AS59*1.19 -> 881598.63 | AU59: =AVERAGE(K59,W59,AI59) -> 367500.3 | AV59: =AU59*1.19 -> 437325.36 | AW59: =AVERAGE(M59,Y59,AK59) -> 367504.88 | AX59: =AW59*1.19 -> 437330.8 | AY59: =AVERAGE(O59,AA59,AM59) -> 367503.63 | AZ59: =AY59*1.19 -> 437329.32 | BA59: =AVERAGE(AC59,AO59) -> 551250 | BB59: =BA59*1.19 -> 655987.5 | BD59: =IFERROR(ROUND(HARMEAN(G59,S59,AE59),0),0) -> 662368 | BE59: =IFERROR(ROUND(HARMEAN(I59,U59,AG59),0),0) -> 662368 | BF59: =IFERROR(ROUND(HARMEAN(K59,W59,AI59),0),0) -> 3 | BG59: =IFERROR(ROUND(HARMEAN(M59,Y59,AK59),0),0) -> 44 | BH59: =IFERROR(ROUND(HARMEAN(O59,AA59,AM59),0),0) -> 33 | BI59: =IFERROR(ROUND(HARMEAN(Q59,AC59,AO59),0),0) -> 550000 | BJ59: =IFERROR(ROUND(AVERAGE(G59,S59,AE59),0),0) -> 740839 | BK59: =IFERROR(ROUND(AVERAGE(I59,U59,AG59),0),0) -> 740839 | BL59: =IFERROR(ROUND(AVERAGE(K59,W59,AI59),0),0) -> 367500 | BM59: =IFERROR(ROUND(AVERAGE(M59,Y59,AK59),0),0) -> 367505 | BN59: =IFERROR(ROUND(AVERAGE(O59,AA59,AM59),0),0) -> 367504 | BO59: =IFERROR(ROUND(AVERAGE(Q59,AC59,AO59),0),0) -> 551250 | BP59: =IFERROR(ROUND(IF(ABS(G59-AVERAGE(S59,AE59))/AVERAGE(S59,AE59)>50%,AVERAGE(S59,AE59),IF(ABS(S59-AVERAGE(G59,AE59))/AVERAGE(G59,AE59)>50%,AVERAGE(G59,AE59),IF(ABS(AE59-AVERAGE(G59,S59))/AVERAGE(G59,S59)>50%,AVERAGE(G59,S59),AVERAGE(G59,S59,AE59)))),0),0) -> 551250 | BQ59: =IFERROR(ROUND(IF(ABS(I59-AVERAGE(U59,AG59))/AVERAGE(U59,AG59)>50%,AVERAGE(U59,AG59),IF(ABS(U59-AVERAGE(I59,AG59))/AVERAGE(I59,AG59)>50%,AVERAGE(I59,AG59),IF(ABS(AG59-AVERAGE(I59,U59))/AVERAGE(I59,U59)>50%,AVERAGE(I59,U59),AVERAGE(I59,U59,AG59)))),0),0) -> 551250 | BR59: =IFERROR(ROUND(IF(ABS(K59-AVERAGE(W59,AI59))/AVERAGE(W59,AI59)>50%,AVERAGE(W59,AI59),IF(ABS(W59-AVERAGE(K59,AI59))/AVERAGE(K59,AI59)>50%,AVERAGE(K59,AI59),IF(ABS(AI59-AVERAGE(K59,W59))/AVERAGE(K59,W59)>50%,AVERAGE(K59,W59),AVERAGE(K59,W59,AI59)))),0),0) -> 551250 | BS59: =IFERROR(ROUND(IF(ABS(M59-AVERAGE(Y59,AK59))/AVERAGE(Y59,AK59)>50%,AVERAGE(Y59,AK59),IF(ABS(Y59-AVERAGE(M59,AK59))/AVERAGE(M59,AK59)>50%,AVERAGE(M59,AK59),IF(ABS(AK59-AVERAGE(M59,Y59))/AVERAGE(M59,Y59)>50%,AVERAGE(M59,Y59),AVERAGE(M59,Y59,AK59)))),0),0) -> 551250 | BT59: =IFERROR(ROUND(IF(ABS(O59-AVERAGE(AA59,AM59))/AVERAGE(AA59,AM59)>50%,AVERAGE(AA59,AM59),IF(ABS(AA59-AVERAGE(O59,AM59))/AVERAGE(O59,AM59)>50%,AVERAGE(O59,AM59),IF(ABS(AM59-AVERAGE(O59,AA59))/AVERAGE(O59,AA59)>50%,AVERAGE(O59,AA59),AVERAGE(O59,AA59,AM59)))),0),0) -> 551250 | BU59: =IFERROR(ROUND(IF(ABS(Q59-AVERAGE(AC59,AO59))/AVERAGE(AC59,AO59)>50%,AVERAGE(AC59,AO59),IF(ABS(AC59-AVERAGE(Q59,AO59))/AVERAGE(Q59,AO59)>50%,AVERAGE(Q59,AO59),IF(ABS(AO59-AVERAGE(Q59,AC59))/AVERAGE(Q59,AC59)>50%,AVERAGE(Q59,AC59),AVERAGE(Q59,AC59,AO59)))),0),0) -> 551250 | BV59: =SUM(BP59:BU59) -> 3307500
A60: 38 | B60: REPUESTOS | C60: ANILLO SINCRONIZADOR DE PRIMERA | D60: =B60&"|"&C60 -> REPUESTOS|ANILLO SINCRONIZADOR DE PRIMERA | E60: UNIDAD | F60: 1 | G60: 703154.14 | H60: =G60*1.19 -> 836753.43 | I60: 937940.18 | J60: =I60*1.19 -> 1116148.8 | L60: =K60*1.19 -> 0 | M60: 18.28928 | N60: =M60*1.19 -> 21.764243 | O60: 14.144 | P60: =O60*1.19 -> 16.83136 | R60: =Q60*1.19 -> 0 | S60: 223000 | T60: =S60*1.19 -> 265370 | U60: 145000 | V60: =U60*1.19 -> 172550 | W60: 352941 | X60: =W60*1.19 -> 419999.79 | Y60: 240000 | Z60: =Y60*1.19 -> 285600 | AA60: 856426 | AB60: =AA60*1.19 -> 1019146.9 | AC60: 826890.76 | AD60: =AC60*1.19 -> 984000 | AE60: 245300 | AF60: =AE60*1.19 -> 291907 | AG60: 159500 | AH60: =AG60*1.19 -> 189805 | AI60: 388200 | AJ60: =AI60*1.19 -> 461958 | AK60: 264000 | AL60: =AK60*1.19 -> 314160 | AM60: 942100 | AN60: =AM60*1.19 -> 1121099 | AO60: 909600 | AP60: =AO60*1.19 -> 1082424 | AQ60: =AVERAGE(G60,S60,AE60) -> 390484.71 | AR60: =AQ60*1.19 -> 464676.81 | AS60: =AVERAGE(I60,U60,AG60) -> 414146.73 | AT60: =AS60*1.19 -> 492834.6 | AU60: =AVERAGE(K60,W60,AI60) -> 370570.5 | AV60: =AU60*1.19 -> 440978.89 | AW60: =AVERAGE(M60,Y60,AK60) -> 168006.1 | AX60: =AW60*1.19 -> 199927.25 | AY60: =AVERAGE(O60,AA60,AM60) -> 599513.38 | AZ60: =AY60*1.19 -> 713420.92 | BA60: =AVERAGE(AC60,AO60) -> 868245.38 | BB60: =BA60*1.19 -> 1033212 | BD60: =IFERROR(ROUND(HARMEAN(G60,S60,AE60),0),0) -> 300508 | BE60: =IFERROR(ROUND(HARMEAN(I60,U60,AG60),0),0) -> 210788 | BF60: =IFERROR(ROUND(HARMEAN(K60,W60,AI60),0),0) -> 369732 | BG60: =IFERROR(ROUND(HARMEAN(M60,Y60,AK60),0),0) -> 55 | BH60: =IFERROR(ROUND(HARMEAN(O60,AA60,AM60),0),0) -> 42 | BI60: =IFERROR(ROUND(HARMEAN(Q60,AC60,AO60),0),0) -> 866276 | BJ60: =IFERROR(ROUND(AVERAGE(G60,S60,AE60),0),0) -> 390485 | BK60: =IFERROR(ROUND(AVERAGE(I60,U60,AG60),0),0) -> 414147 | BL60: =IFERROR(ROUND(AVERAGE(K60,W60,AI60),0),0) -> 370571 | BM60: =IFERROR(ROUND(AVERAGE(M60,Y60,AK60),0),0) -> 168006 | BN60: =IFERROR(ROUND(AVERAGE(O60,AA60,AM60),0),0) -> 599513 | BO60: =IFERROR(ROUND(AVERAGE(Q60,AC60,AO60),0),0) -> 868245 | BP60: =IFERROR(ROUND(IF(ABS(G60-AVERAGE(S60,AE60))/AVERAGE(S60,AE60)>50%,AVERAGE(S60,AE60),IF(ABS(S60-AVERAGE(G60,AE60))/AVERAGE(G60,AE60)>50%,AVERAGE(G60,AE60),IF(ABS(AE60-AVERAGE(G60,S60))/AVERAGE(G60,S60)>50%,AVERAGE(G60,S60),AVERAGE(G60,S60,AE60)))),0),0) -> 234150 | BQ60: =IFERROR(ROUND(IF(ABS(I60-AVERAGE(U60,AG60))/AVERAGE(U60,AG60)>50%,AVERAGE(U60,AG60),IF(ABS(U60-AVERAGE(I60,AG60))/AVERAGE(I60,AG60)>50%,AVERAGE(I60,AG60),IF(ABS(AG60-AVERAGE(I60,U60))/AVERAGE(I60,U60)>50%,AVERAGE(I60,U60),AVERAGE(I60,U60,AG60)))),0),0) -> 152250 | BR60: =IFERROR(ROUND(IF(ABS(K60-AVERAGE(W60,AI60))/AVERAGE(W60,AI60)>50%,AVERAGE(W60,AI60),IF(ABS(W60-AVERAGE(K60,AI60))/AVERAGE(K60,AI60)>50%,AVERAGE(K60,AI60),IF(ABS(AI60-AVERAGE(K60,W60))/AVERAGE(K60,W60)>50%,AVERAGE(K60,W60),AVERAGE(K60,W60,AI60)))),0),0) -> 370571 | BS60: =IFERROR(ROUND(IF(ABS(M60-AVERAGE(Y60,AK60))/AVERAGE(Y60,AK60)>50%,AVERAGE(Y60,AK60),IF(ABS(Y60-AVERAGE(M60,AK60))/AVERAGE(M60,AK60)>50%,AVERAGE(M60,AK60),IF(ABS(AK60-AVERAGE(M60,Y60))/AVERAGE(M60,Y60)>50%,AVERAGE(M60,Y60),AVERAGE(M60,Y60,AK60)))),0),0) -> 252000 | BT60: =IFERROR(ROUND(IF(ABS(O60-AVERAGE(AA60,AM60))/AVERAGE(AA60,AM60)>50%,AVERAGE(AA60,AM60),IF(ABS(AA60-AVERAGE(O60,AM60))/AVERAGE(O60,AM60)>50%,AVERAGE(O60,AM60),IF(ABS(AM60-AVERAGE(O60,AA60))/AVERAGE(O60,AA60)>50%,AVERAGE(O60,AA60),AVERAGE(O60,AA60,AM60)))),0),0) -> 899263 | BU60: =IFERROR(ROUND(IF(ABS(Q60-AVERAGE(AC60,AO60))/AVERAGE(AC60,AO60)>50%,AVERAGE(AC60,AO60),IF(ABS(AC60-AVERAGE(Q60,AO60))/AVERAGE(Q60,AO60)>50%,AVERAGE(Q60,AO60),IF(ABS(AO60-AVERAGE(Q60,AC60))/AVERAGE(Q60,AC60)>50%,AVERAGE(Q60,AC60),AVERAGE(Q60,AC60,AO60)))),0),0) -> 868245 | BV60: =SUM(BP60:BU60) -> 2776479
A61: 39 | B61: MANO DE OBRA | C61: ANILLO SINCRONIZADOR DE QUINTA | D61: =B61&"|"&C61 -> MANO DE OBRA|ANILLO SINCRONIZADOR DE QUINTA | E61: SERVICIO | F61: 1 | G61: 1120017.6 | H61: =G61*1.19 -> 1332820.9 | I61: 1120017.6 | J61: =I61*1.19 -> 1332820.9 | K61: 0.91392 | L61: =K61*1.19 -> 1.0875648 | M61: 14.6336 | N61: =M61*1.19 -> 17.413984 | O61: 10.88 | P61: =O61*1.19 -> 12.9472 | R61: =Q61*1.19 -> 0 | S61: 525000 | T61: =S61*1.19 -> 624750 | U61: 525000 | V61: =U61*1.19 -> 624750 | W61: 525000 | X61: =W61*1.19 -> 624750 | Y61: 1300000 | Z61: =Y61*1.19 -> 1547000 | AA61: 525000 | AB61: =AA61*1.19 -> 624750 | AC61: 525000 | AD61: =AC61*1.19 -> 624750 | AE61: 577500 | AF61: =AE61*1.19 -> 687225 | AG61: 577500 | AH61: =AG61*1.19 -> 687225 | AI61: 577500 | AJ61: =AI61*1.19 -> 687225 | AK61: 1430000 | AL61: =AK61*1.19 -> 1701700 | AM61: 577500 | AN61: =AM61*1.19 -> 687225 | AO61: 577500 | AP61: =AO61*1.19 -> 687225 | AQ61: =AVERAGE(G61,S61,AE61) -> 740839.19 | AR61: =AQ61*1.19 -> 881598.63 | AS61: =AVERAGE(I61,U61,AG61) -> 740839.19 | AT61: =AS61*1.19 -> 881598.63 | AU61: =AVERAGE(K61,W61,AI61) -> 367500.3 | AV61: =AU61*1.19 -> 437325.36 | AW61: =AVERAGE(M61,Y61,AK61) -> 910004.88 | AX61: =AW61*1.19 -> 1082905.8 | AY61: =AVERAGE(O61,AA61,AM61) -> 367503.63 | AZ61: =AY61*1.19 -> 437329.32 | BA61: =AVERAGE(AC61,AO61) -> 551250 | BB61: =BA61*1.19 -> 655987.5 | BD61: =IFERROR(ROUND(HARMEAN(G61,S61,AE61),0),0) -> 662368 | BE61: =IFERROR(ROUND(HARMEAN(I61,U61,AG61),0),0) -> 662368 | BF61: =IFERROR(ROUND(HARMEAN(K61,W61,AI61),0),0) -> 3 | BG61: =IFERROR(ROUND(HARMEAN(M61,Y61,AK61),0),0) -> 44 | BH61: =IFERROR(ROUND(HARMEAN(O61,AA61,AM61),0),0) -> 33 | BI61: =IFERROR(ROUND(HARMEAN(Q61,AC61,AO61),0),0) -> 550000 | BJ61: =IFERROR(ROUND(AVERAGE(G61,S61,AE61),0),0) -> 740839 | BK61: =IFERROR(ROUND(AVERAGE(I61,U61,AG61),0),0) -> 740839 | BL61: =IFERROR(ROUND(AVERAGE(K61,W61,AI61),0),0) -> 367500 | BM61: =IFERROR(ROUND(AVERAGE(M61,Y61,AK61),0),0) -> 910005 | BN61: =IFERROR(ROUND(AVERAGE(O61,AA61,AM61),0),0) -> 367504 | BO61: =IFERROR(ROUND(AVERAGE(Q61,AC61,AO61),0),0) -> 551250 | BP61: =IFERROR(ROUND(IF(ABS(G61-AVERAGE(S61,AE61))/AVERAGE(S61,AE61)>50%,AVERAGE(S61,AE61),IF(ABS(S61-AVERAGE(G61,AE61))/AVERAGE(G61,AE61)>50%,AVERAGE(G61,AE61),IF(ABS(AE61-AVERAGE(G61,S61))/AVERAGE(G61,S61)>50%,AVERAGE(G61,S61),AVERAGE(G61,S61,AE61)))),0),0) -> 551250 | BQ61: =IFERROR(ROUND(IF(ABS(I61-AVERAGE(U61,AG61))/AVERAGE(U61,AG61)>50%,AVERAGE(U61,AG61),IF(ABS(U61-AVERAGE(I61,AG61))/AVERAGE(I61,AG61)>50%,AVERAGE(I61,AG61),IF(ABS(AG61-AVERAGE(I61,U61))/AVERAGE(I61,U61)>50%,AVERAGE(I61,U61),AVERAGE(I61,U61,AG61)))),0),0) -> 551250 | BR61: =IFERROR(ROUND(IF(ABS(K61-AVERAGE(W61,AI61))/AVERAGE(W61,AI61)>50%,AVERAGE(W61,AI61),IF(ABS(W61-AVERAGE(K61,AI61))/AVERAGE(K61,AI61)>50%,AVERAGE(K61,AI61),IF(ABS(AI61-AVERAGE(K61,W61))/AVERAGE(K61,W61)>50%,AVERAGE(K61,W61),AVERAGE(K61,W61,AI61)))),0),0) -> 551250 | BS61: =IFERROR(ROUND(IF(ABS(M61-AVERAGE(Y61,AK61))/AVERAGE(Y61,AK61)>50%,AVERAGE(Y61,AK61),IF(ABS(Y61-AVERAGE(M61,AK61))/AVERAGE(M61,AK61)>50%,AVERAGE(M61,AK61),IF(ABS(AK61-AVERAGE(M61,Y61))/AVERAGE(M61,Y61)>50%,AVERAGE(M61,Y61),AVERAGE(M61,Y61,AK61)))),0),0) -> 1365000 | BT61: =IFERROR(ROUND(IF(ABS(O61-AVERAGE(AA61,AM61))/AVERAGE(AA61,AM61)>50%,AVERAGE(AA61,AM61),IF(ABS(AA61-AVERAGE(O61,AM61))/AVERAGE(O61,AM61)>50%,AVERAGE(O61,AM61),IF(ABS(AM61-AVERAGE(O61,AA61))/AVERAGE(O61,AA61)>50%,AVERAGE(O61,AA61),AVERAGE(O61,AA61,AM61)))),0),0) -> 551250 | BU61: =IFERROR(ROUND(IF(ABS(Q61-AVERAGE(AC61,AO61))/AVERAGE(AC61,AO61)>50%,AVERAGE(AC61,AO61),IF(ABS(AC61-AVERAGE(Q61,AO61))/AVERAGE(Q61,AO61)>50%,AVERAGE(Q61,AO61),IF(ABS(AO61-AVERAGE(Q61,AC61))/AVERAGE(Q61,AC61)>50%,AVERAGE(Q61,AC61),AVERAGE(Q61,AC61,AO61)))),0),0) -> 551250 | BV61: =SUM(BP61:BU61) -> 4121250
A62: 40 | B62: REPUESTOS | C62: ANILLO SINCRONIZADOR DE QUINTA | D62: =B62&"|"&C62 -> REPUESTOS|ANILLO SINCRONIZADOR DE QUINTA | E62: UNIDAD | F62: 1 | G62: 703154.14 | H62: =G62*1.19 -> 836753.43 | I62: 937940.18 | J62: =I62*1.19 -> 1116148.8 | L62: =K62*1.19 -> 0 | M62: 18.28928 | N62: =M62*1.19 -> 21.764243 | O62: 14.144 | P62: =O62*1.19 -> 16.83136 | R62: =Q62*1.19 -> 0 | S62: 212000 | T62: =S62*1.19 -> 252280 | U62: 145000 | V62: =U62*1.19 -> 172550 | W62: 352941 | X62: =W62*1.19 -> 419999.79 | Y62: 720000 | Z62: =Y62*1.19 -> 856800 | AA62: 856426 | AB62: =AA62*1.19 -> 1019146.9 | AC62: 826890.76 | AD62: =AC62*1.19 -> 984000 | AE62: 233200 | AF62: =AE62*1.19 -> 277508 | AG62: 159500 | AH62: =AG62*1.19 -> 189805 | AI62: 388200 | AJ62: =AI62*1.19 -> 461958 | AK62: 792000 | AL62: =AK62*1.19 -> 942480 | AM62: 942100 | AN62: =AM62*1.19 -> 1121099 | AO62: 909600 | AP62: =AO62*1.19 -> 1082424 | AQ62: =AVERAGE(G62,S62,AE62) -> 382784.71 | AR62: =AQ62*1.19 -> 455513.81 | AS62: =AVERAGE(I62,U62,AG62) -> 414146.73 | AT62: =AS62*1.19 -> 492834.6 | AU62: =AVERAGE(K62,W62,AI62) -> 370570.5 | AV62: =AU62*1.19 -> 440978.89 | AW62: =AVERAGE(M62,Y62,AK62) -> 504006.1 | AX62: =AW62*1.19 -> 599767.25 | AY62: =AVERAGE(O62,AA62,AM62) -> 599513.38 | AZ62: =AY62*1.19 -> 713420.92 | BA62: =AVERAGE(AC62,AO62) -> 868245.38 | BB62: =BA62*1.19 -> 1033212 | BD62: =IFERROR(ROUND(HARMEAN(G62,S62,AE62),0),0) -> 287706 | BE62: =IFERROR(ROUND(HARMEAN(I62,U62,AG62),0),0) -> 210788 | BF62: =IFERROR(ROUND(HARMEAN(K62,W62,AI62),0),0) -> 369732 | BG62: =IFERROR(ROUND(HARMEAN(M62,Y62,AK62),0),0) -> 55 | BH62: =IFERROR(ROUND(HARMEAN(O62,AA62,AM62),0),0) -> 42 | BI62: =IFERROR(ROUND(HARMEAN(Q62,AC62,AO62),0),0) -> 866276 | BJ62: =IFERROR(ROUND(AVERAGE(G62,S62,AE62),0),0) -> 382785 | BK62: =IFERROR(ROUND(AVERAGE(I62,U62,AG62),0),0) -> 414147 | BL62: =IFERROR(ROUND(AVERAGE(K62,W62,AI62),0),0) -> 370571 | BM62: =IFERROR(ROUND(AVERAGE(M62,Y62,AK62),0),0) -> 504006 | BN62: =IFERROR(ROUND(AVERAGE(O62,AA62,AM62),0),0) -> 599513 | BO62: =IFERROR(ROUND(AVERAGE(Q62,AC62,AO62),0),0) -> 868245 | BP62: =IFERROR(ROUND(IF(ABS(G62-AVERAGE(S62,AE62))/AVERAGE(S62,AE62)>50%,AVERAGE(S62,AE62),IF(ABS(S62-AVERAGE(G62,AE62))/AVERAGE(G62,AE62)>50%,AVERAGE(G62,AE62),IF(ABS(AE62-AVERAGE(G62,S62))/AVERAGE(G62,S62)>50%,AVERAGE(G62,S62),AVERAGE(G62,S62,AE62)))),0),0) -> 222600 | BQ62: =IFERROR(ROUND(IF(ABS(I62-AVERAGE(U62,AG62))/AVERAGE(U62,AG62)>50%,AVERAGE(U62,AG62),IF(ABS(U62-AVERAGE(I62,AG62))/AVERAGE(I62,AG62)>50%,AVERAGE(I62,AG62),IF(ABS(AG62-AVERAGE(I62,U62))/AVERAGE(I62,U62)>50%,AVERAGE(I62,U62),AVERAGE(I62,U62,AG62)))),0),0) -> 152250 | BR62: =IFERROR(ROUND(IF(ABS(K62-AVERAGE(W62,AI62))/AVERAGE(W62,AI62)>50%,AVERAGE(W62,AI62),IF(ABS(W62-AVERAGE(K62,AI62))/AVERAGE(K62,AI62)>50%,AVERAGE(K62,AI62),IF(ABS(AI62-AVERAGE(K62,W62))/AVERAGE(K62,W62)>50%,AVERAGE(K62,W62),AVERAGE(K62,W62,AI62)))),0),0) -> 370571 | BS62: =IFERROR(ROUND(IF(ABS(M62-AVERAGE(Y62,AK62))/AVERAGE(Y62,AK62)>50%,AVERAGE(Y62,AK62),IF(ABS(Y62-AVERAGE(M62,AK62))/AVERAGE(M62,AK62)>50%,AVERAGE(M62,AK62),IF(ABS(AK62-AVERAGE(M62,Y62))/AVERAGE(M62,Y62)>50%,AVERAGE(M62,Y62),AVERAGE(M62,Y62,AK62)))),0),0) -> 756000 | BT62: =IFERROR(ROUND(IF(ABS(O62-AVERAGE(AA62,AM62))/AVERAGE(AA62,AM62)>50%,AVERAGE(AA62,AM62),IF(ABS(AA62-AVERAGE(O62,AM62))/AVERAGE(O62,AM62)>50%,AVERAGE(O62,AM62),IF(ABS(AM62-AVERAGE(O62,AA62))/AVERAGE(O62,AA62)>50%,AVERAGE(O62,AA62),AVERAGE(O62,AA62,AM62)))),0),0) -> 899263 | BU62: =IFERROR(ROUND(IF(ABS(Q62-AVERAGE(AC62,AO62))/AVERAGE(AC62,AO62)>50%,AVERAGE(AC62,AO62),IF(ABS(AC62-AVERAGE(Q62,AO62))/AVERAGE(Q62,AO62)>50%,AVERAGE(Q62,AO62),IF(ABS(AO62-AVERAGE(Q62,AC62))/AVERAGE(Q62,AC62)>50%,AVERAGE(Q62,AC62),AVERAGE(Q62,AC62,AO62)))),0),0) -> 868245 | BV62: =SUM(BP62:BU62) -> 3268929
A63: 41 | B63: MANO DE OBRA | C63: ANILLO SINCRONIZADOR DE SEGUNDA | D63: =B63&"|"&C63 -> MANO DE OBRA|ANILLO SINCRONIZADOR DE SEGUNDA | E63: SERVICIO | F63: 1 | G63: 1120017.6 | H63: =G63*1.19 -> 1332820.9 | I63: 1586056.9 | J63: =I63*1.19 -> 1887407.7 | K63: 0.91392 | L63: =K63*1.19 -> 1.0875648 | M63: 14.6336 | N63: =M63*1.19 -> 17.413984 | O63: 10.88 | P63: =O63*1.19 -> 12.9472 | R63: =Q63*1.19 -> 0 | S63: 525000 | T63: =S63*1.19 -> 624750 | U63: 525000 | V63: =U63*1.19 -> 624750 | W63: 525000 | X63: =W63*1.19 -> 624750 | Y63: 525000 | Z63: =Y63*1.19 -> 624750 | AA63: 525000 | AB63: =AA63*1.19 -> 624750 | AC63: 525000 | AD63: =AC63*1.19 -> 624750 | AE63: 577500 | AF63: =AE63*1.19 -> 687225 | AG63: 577500 | AH63: =AG63*1.19 -> 687225 | AI63: 577500 | AJ63: =AI63*1.19 -> 687225 | AK63: 577500 | AL63: =AK63*1.19 -> 687225 | AM63: 577500 | AN63: =AM63*1.19 -> 687225 | AO63: 577500 | AP63: =AO63*1.19 -> 687225 | AQ63: =AVERAGE(G63,S63,AE63) -> 740839.19 | AR63: =AQ63*1.19 -> 881598.63 | AS63: =AVERAGE(I63,U63,AG63) -> 896185.62 | AT63: =AS63*1.19 -> 1066460.9 | AU63: =AVERAGE(K63,W63,AI63) -> 367500.3 | AV63: =AU63*1.19 -> 437325.36 | AW63: =AVERAGE(M63,Y63,AK63) -> 367504.88 | AX63: =AW63*1.19 -> 437330.8 | AY63: =AVERAGE(O63,AA63,AM63) -> 367503.63 | AZ63: =AY63*1.19 -> 437329.32 | BA63: =AVERAGE(AC63,AO63) -> 551250 | BB63: =BA63*1.19 -> 655987.5 | BD63: =IFERROR(ROUND(HARMEAN(G63,S63,AE63),0),0) -> 662368 | BE63: =IFERROR(ROUND(HARMEAN(I63,U63,AG63),0),0) -> 703093 | BF63: =IFERROR(ROUND(HARMEAN(K63,W63,AI63),0),0) -> 3 | BG63: =IFERROR(ROUND(HARMEAN(M63,Y63,AK63),0),0) -> 44 | BH63: =IFERROR(ROUND(HARMEAN(O63,AA63,AM63),0),0) -> 33 | BI63: =IFERROR(ROUND(HARMEAN(Q63,AC63,AO63),0),0) -> 550000 | BJ63: =IFERROR(ROUND(AVERAGE(G63,S63,AE63),0),0) -> 740839 | BK63: =IFERROR(ROUND(AVERAGE(I63,U63,AG63),0),0) -> 896186 | BL63: =IFERROR(ROUND(AVERAGE(K63,W63,AI63),0),0) -> 367500 | BM63: =IFERROR(ROUND(AVERAGE(M63,Y63,AK63),0),0) -> 367505 | BN63: =IFERROR(ROUND(AVERAGE(O63,AA63,AM63),0),0) -> 367504 | BO63: =IFERROR(ROUND(AVERAGE(Q63,AC63,AO63),0),0) -> 551250 | BP63: =IFERROR(ROUND(IF(ABS(G63-AVERAGE(S63,AE63))/AVERAGE(S63,AE63)>50%,AVERAGE(S63,AE63),IF(ABS(S63-AVERAGE(G63,AE63))/AVERAGE(G63,AE63)>50%,AVERAGE(G63,AE63),IF(ABS(AE63-AVERAGE(G63,S63))/AVERAGE(G63,S63)>50%,AVERAGE(G63,S63),AVERAGE(G63,S63,AE63)))),0),0) -> 551250 | BQ63: =IFERROR(ROUND(IF(ABS(I63-AVERAGE(U63,AG63))/AVERAGE(U63,AG63)>50%,AVERAGE(U63,AG63),IF(ABS(U63-AVERAGE(I63,AG63))/AVERAGE(I63,AG63)>50%,AVERAGE(I63,AG63),IF(ABS(AG63-AVERAGE(I63,U63))/AVERAGE(I63,U63)>50%,AVERAGE(I63,U63),AVERAGE(I63,U63,AG63)))),0),0) -> 551250 | BR63: =IFERROR(ROUND(IF(ABS(K63-AVERAGE(W63,AI63))/AVERAGE(W63,AI63)>50%,AVERAGE(W63,AI63),IF(ABS(W63-AVERAGE(K63,AI63))/AVERAGE(K63,AI63)>50%,AVERAGE(K63,AI63),IF(ABS(AI63-AVERAGE(K63,W63))/AVERAGE(K63,W63)>50%,AVERAGE(K63,W63),AVERAGE(K63,W63,AI63)))),0),0) -> 551250 | BS63: =IFERROR(ROUND(IF(ABS(M63-AVERAGE(Y63,AK63))/AVERAGE(Y63,AK63)>50%,AVERAGE(Y63,AK63),IF(ABS(Y63-AVERAGE(M63,AK63))/AVERAGE(M63,AK63)>50%,AVERAGE(M63,AK63),IF(ABS(AK63-AVERAGE(M63,Y63))/AVERAGE(M63,Y63)>50%,AVERAGE(M63,Y63),AVERAGE(M63,Y63,AK63)))),0),0) -> 551250 | BT63: =IFERROR(ROUND(IF(ABS(O63-AVERAGE(AA63,AM63))/AVERAGE(AA63,AM63)>50%,AVERAGE(AA63,AM63),IF(ABS(AA63-AVERAGE(O63,AM63))/AVERAGE(O63,AM63)>50%,AVERAGE(O63,AM63),IF(ABS(AM63-AVERAGE(O63,AA63))/AVERAGE(O63,AA63)>50%,AVERAGE(O63,AA63),AVERAGE(O63,AA63,AM63)))),0),0) -> 551250 | BU63: =IFERROR(ROUND(IF(ABS(Q63-AVERAGE(AC63,AO63))/AVERAGE(AC63,AO63)>50%,AVERAGE(AC63,AO63),IF(ABS(AC63-AVERAGE(Q63,AO63))/AVERAGE(Q63,AO63)>50%,AVERAGE(Q63,AO63),IF(ABS(AO63-AVERAGE(Q63,AC63))/AVERAGE(Q63,AC63)>50%,AVERAGE(Q63,AC63),AVERAGE(Q63,AC63,AO63)))),0),0) -> 551250 | BV63: =SUM(BP63:BU63) -> 3307500
